 Dungeon Crawl Stone Soup version 0.28.0 (webtiles) character file.

Game seed: 4649722183789471755

1634999 browni3141 the Infernalist (level 27, -5/210 HPs)
             Began as an Octopode Venom Mage on Feb 18, 2022.
             Was the Champion of Vehumet.
             Slain by Astoryuf the pandemonium lord (17 damage)
             ... while paralysed by you
             ... on level 8 of a ziggurat on Feb 19, 2022.
             The game lasted 11:34:18 (134605 turns).

browni3141 the Infernalist (Octopode Venom Mage)  Turns: 134605, Time: 11:34:18

Health: -5/210     AC:  0    Str:  8 (9)  XL:     27
Magic:  54/54      EV:  5    Int: 29 (31) God:    Vehumet [******]
Gold:   25039      SH:  0    Dex: 14 (18) Spells: 1/80 levels left

rFire   . . .      SeeInvis .     - Unarmed
rCold   . . .      Faith    .   (shield currently unavailable)
rNeg    . . .      Spirit   .   (helmet currently unavailable)
rPois   .          Reflect  .   (no amulet)
rElec   .          Harm     .   (ring currently unavailable)
rCorr   .          Rampage  .   (ring currently unavailable)
Will    ++...                   (ring currently unavailable)
Stlth   +++++++++.              (ring currently unavailable)
HPRegen 0.45/turn               (ring currently unavailable)
MPRegen 0.34/turn               (ring currently unavailable)
                                (ring currently unavailable)
                                (ring currently unavailable)

@: paralysed, lethally poisoned (-5 -> -45), bat-form, unable to drink, flying,
unable to read, very quick
A: fast, flying, no casting, almost no armour, (amphibious), (8 rings), tiny,
(camouflage 1), (gelatinous body 1), (nimble swimmer 1), (tentacles),
deterioration 1, strong 1, wild magic 1, inability to read while threatened
}: 8/15 runes: barnacled, slimy, silver, abyssal, glowing, magical, fiery,
gossamer
a: Renounce Religion


You were on level 8 of a ziggurat.
You worshipped Vehumet.
Vehumet was exalted by your worship.
You were a bat.
You visited 12 branches of the dungeon, and saw 57 of its levels.
You visited Pandemonium 1 time, and saw 7 of its levels.
You visited the Abyss 2 times.
You visited 9 ziggurats (completing 8), and saw 224 of their levels.
You also visited: Gauntlet, Ice Cave and Desolation.

You collected 28311 gold pieces.
You spent 3272 gold pieces at shops.


Innate Abilities, Weirdness & Mutations

You are a bat.
You are tiny and dextrous.
You move quickly.
You are flying.
Your equipment is almost entirely melded.
You are incapable of wielding weapons or throwing items.
You cannot cast spells.
You cannot wear most types of armour.
((You are amphibious.))
((You can wear up to eight rings at the same time.))
((Your skin changes colour to match your surroundings (Stealth+).))
((Your rubbery body absorbs attacks. (AC +1, EV +1)))
((You are camouflaged when in or above water. (Stealth+)))
((You have tentacles for arms and can constrict up to eight enemies at once.))
Your body sometimes deteriorates upon taking damage.
Your muscles are strong. (Str +2)
Your spells are a little harder to cast, but a little more powerful.
You sometimes lose the ability to read scrolls when taking damage.


   Skills:
 O Level 27 Fighting
 O Level 27 Short Blades
 O Level 27 Long Blades
 O Level 27 Axes
 O Level 27 Maces & Flails
 O Level 27 Polearms
 O Level 27 Staves
 O Level 27 Slings
 O Level 27 Bows
 O Level 27 Crossbows
 O Level 27 Throwing
 O Level 27 Dodging
 O Level 27 Stealth
 O Level 27 Shields
 O Level 27 Unarmed Combat
 O Level 27 Spellcasting
 O Level 27 Conjurations
 O Level 27 Hexes
 O Level 27 Summonings
 O Level 27 Necromancy
 O Level 27 Translocations
 O Level 27 Transmutations
 O Level 27 Fire Magic
 O Level 27 Ice Magic
 O Level 27 Air Magic
 O Level 27 Earth Magic
 O Level 27 Poison Magic
 O Level 27 Invocations
 O Level 27 Evocations


You had one spell level left.
You knew the following spells:

 Your Spells              Type           Power      Damage    Failure   Level
a - Statue Form           Tmut/Erth      86%        N/A       1%          6
e - Necromutation         Tmut/Necr      65%        N/A       1%          8
i - Apportation           Tloc           100%       N/A       1%          1
n - Ignition              Fire           65%        3d17      1%          8
s - Iron Shot             Conj/Erth      65%        9d12      1%          6
t - Fire Storm            Conj/Fire      65%        8d16      1%          9
u - Passage of Golubria   Tloc           100%       N/A       1%          4
E - Death's Door          Necr           65%        N/A       2%          9
I - Blink                 Tloc           100%       N/A       1%          2
O - Borgnjor's Revivific  Necr           65%        N/A       1%          8
P - Polar Vortex          Ice            65%        N/A       1%          9
S - Shatter               Erth           65%        3d48*     1%          9

Your spell library contained the following spells:

 Spells                   Type           Power      Damage    Failure   Level
 Chain Lightning          Conj/Air       65%        3d86      1%          9
 Animate Skeleton         Necr           100%       N/A       1%          1
 Beastly Appendage        Tmut           100%       N/A       1%          1
 Foxfire                  Conj/Fire      100%       2x1d9     1%          1
 Freeze                   Ice            100%       1d11      1%          1
 Magic Dart               Conj           100%       1d8       1%          1
 Pain                     Necr           100%       1d9       1%          1
 Sandblast                Erth           100%       2d20      1%          1
 Shock                    Conj/Air       100%       1d9       1%          1
 Slow                     Hex            100%       N/A       1%          1
 Sting                    Tmut/Pois      100%       1d8       1%          1
 Summon Small Mammal      Summ           100%       N/A       1%          1
 Call Imp                 Summ           100%       N/A       1%          2
 Corpse Rot               Necr/Air       100%       N/A       1%          2
 Ensorcelled Hibernation  Hex/Ice        100%       N/A       1%          2
 Passwall                 Tmut/Erth      100%       N/A       1%          2
 Poisonous Vapours        Pois/Air       100%       N/A       1%          2
 Scorch                   Fire           100%       2d10      1%          2
 Searing Ray              Conj           100%       2d8       1%          2
 Static Discharge         Conj/Air       100%       N/A       1%          2
 Sublimation of Blood     Necr           100%       N/A       1%          2
 Wereblood                Tmut           100%       N/A       1%          2
 Call Canine Familiar     Summ           100%       N/A       1%          3
 Confusing Touch          Hex            100%       N/A       1%          3
 Conjure Flame            Conj/Fire      100%       6-21      1%          3
 Dazzling Flash           Conj/Hex       100%       N/A       1%          3
 Frozen Ramparts          Ice            100%       1d12      1%          3
 Gell's Gravitas          Tloc           100%       N/A       1%          3
 Ignite Poison            Fire/Tmut/Pois 100%       N/A       1%          3
 Inner Flame              Hex/Fire       100%       N/A       1%          3
 Lesser Beckoning         Tloc           100%       N/A       1%          3
 Mephitic Cloud           Conj/Pois/Air  100%       N/A       1%          3
 Ozocubu's Armour         Ice            100%       N/A       1%          3
 Portal Projectile        Hex/Tloc       100%       N/A       1%          3
 Spider Form              Tmut/Pois      100%       N/A       1%          3
 Stone Arrow              Conj/Erth      100%       3d13      1%          3
 Summon Guardian Golem    Hex/Summ       100%       N/A       1%          3
 Swiftness                Air            100%       N/A       1%          3
 Teleport Other           Tloc           100%       N/A       1%          3
 Tukima's Dance           Hex            100%       N/A       1%          3
 Vampiric Draining        Necr           100%       2d13      1%          3
 Airstrike                Air            65%        N/A       1%          4
 Anguish                  Hex/Necr       65%        N/A       1%          4
 Animate Dead             Necr           65%        N/A       1%          4
 Cause Fear               Hex            65%        N/A       1%          4
 Dispel Undead            Necr           100%       3d31      1%          4
 Flame Wave               Conj/Fire      100%       2d17      1%          4
 Fulminant Prism          Conj/Hex       65%        3d28      1%          4
 Hailstorm                Conj/Ice       100%       3d20      1%          4
 Ice Form                 Ice/Tmut       100%       N/A       1%          4
 Iskenderun's Mystic Bla  Conj/Tloc      100%       2d19      1%          4
 Leda's Liquefaction      Hex/Erth       65%        N/A       1%          4
 Olgreb's Toxic Radiance  Pois           100%       N/A       1%          4
 Petrify                  Tmut/Erth      100%       N/A       1%          4
 Sticky Flame             Conj/Fire      100%       2d11      1%          4
 Summon Ice Beast         Ice/Summ       100%       N/A       1%          4
 Summon Lightning Spire   Summ/Air       100%       N/A       1%          4
 Agony                    Necr           100%       N/A       1%          5
 Alistair's Intoxication  Tmut/Pois      86%        N/A       1%          5
 Blade Hands              Tmut           65%        N/A       1%          5
 Borgnjor's Vile Clutch   Necr/Erth      65%        N/A       1%          5
 Excruciating Wounds      Necr           65%        N/A       1%          5
 Fireball                 Conj/Fire      65%        3d25      1%          5
 Freezing Cloud           Conj/Ice/Air   65%        6-21      1%          5
 Irradiate                Conj/Tmut      65%        3d35      1%          5
 Iskenderun's Battlesphe  Conj           100%       2d15      1%          5
 Lee's Rapid Deconstruct  Erth           65%        3d31*     1%          5
 Lightning Bolt           Conj/Air       65%        1d89      1%          5
 Manifold Assault         Tloc           100%       N/A       1%          5
 Metabolic Englaciation   Hex/Ice        65%        N/A       1%          5
 Silence                  Hex/Air        65%        N/A       1%          5
 Summon Forest            Summ/Tloc      65%        N/A       1%          5
 Summon Mana Viper        Hex/Summ       100%       N/A       1%          5
 Yara's Violent Unravell  Hex/Tmut       65%        3d24      1%          5
 Conjure Ball Lightning   Conj/Air       65%        3x3d23    1%          6
 Death Channel            Necr           65%        N/A       1%          6
 Dispersal                Tloc           65%        N/A       1%          6
 Eringya's Noxious Bog    Tmut/Pois      65%        N/A       1%          6
 Simulacrum               Ice/Necr       65%        N/A       1%          6
 Starburst                Conj/Fire      65%        6d17      1%          6
 Summon Cactus Giant      Summ           65%        N/A       1%          6
 Dragon Form              Tmut           65%        N/A       1%          7
 Enfeeble                 Hex            65%        N/A       1%          7
 Haunt                    Necr/Summ      65%        N/A       1%          7
 Malign Gateway           Summ/Tloc      65%        N/A       1%          7
 Monstrous Menagerie      Summ           65%        N/A       1%          7
 Orb of Destruction       Conj           65%        9d15      1%          7
 Ozocubu's Refrigeration  Ice            65%        4d18      1%          7
 Spellforged Servitor     Conj/Summ      65%        N/A       1%          7
 Storm Form               Tmut/Air       65%        N/A       1%          7
 Summon Hydra             Summ           65%        N/A       1%          7
 Discord                  Hex            65%        N/A       1%          8
 Disjunction              Tloc           65%        N/A       1%          8
 Infestation              Necr           65%        N/A       1%          8
 Lehudib's Crystal Spear  Conj/Erth      65%        10d15     1%          8
 Maxwell's Capacitive Co  Air            65%        ∞         1%          8
 Summon Horrible Things   Summ           65%        N/A       1%          8
 Dragon's Call            Summ           65%        N/A       2%          9
 Animate Armour           Summ/Erth      Unusable   N/A       N/A         4

Inventory:

Hand Weapons
 i - the +9 staff of Wucad Mu {*channel, !a}
   (You acquired it on level 13 of a ziggurat)

   It occasionally powers its wielder's spells, but with a chance of causing
   confusion or draining the wielder's intelligence.
   It becomes more likely to activate and less likely to backfire with increased
   Evocations skill.
 v - the +3 Elemental Staff (melded) {rElec rF++ rC++ AC+5}
   (You found it on level 12 of a ziggurat)

   If the wielder is skilled in Evocations, they can discharge powerful blasts
   of elemental energy when striking with it.
   It enhances your fire, ice, earth and air magic.
   AC:        It affects your AC (+5).
   rF:        It greatly protects you from fire.
   rC:        It greatly protects you from cold.
   rElec:     It insulates you from electricity.
 N - the +6 Majin-Bo {vamp, MP+6 Int+6}
   (You found it on level 26 of a ziggurat)

   It occasionally heals its wielder for a portion of the damage dealt when they
   wound a living foe with it or with a spell.
   Its wielder's spells cost health as well as magical power.
   Int:       It affects your intelligence (+6).
   MP:        It affects your magic capacity (+6).
Missiles
 A - 45 silver javelins
 M - 20 throwing nets
Armour
 j - the +9 tower shield of the Arcane (melded) {Will+ Int+3 Dex-4 Slay+3}
   (You acquired it on level 2 of the Spider Nest)

   Int:       It affects your intelligence (+3).
   Dex:       It affects your dexterity (-4).
   Slay:      It affects your accuracy & damage with ranged weapons and melee
   (+3).
   Will:      It increases your willpower.
 G - the +3 crown of Dyrovepreva (melded) {rElec Int+2 SInv}
   (You found it on level 26 of a ziggurat)

   Int:       It affects your intelligence (+2).
   rElec:     It insulates you from electricity.
   SInv:      It lets you see invisible.
Jewellery
 g - the ring "Noweng" (melded) {rN++ Will+ Int+2 Dex+6}
   (You found it on level 7 of a ziggurat)

   [ring of dexterity]

   Int:       It affects your intelligence (+2).
   Dex:       It affects your dexterity (+6).
   rN:        It greatly protects you from negative energy.
   Will:      It increases your willpower.
 q - the ring of the Mage (melded) {Wiz Archmagi}
   (You found it on level 13 of a ziggurat)

   [ring of wizardry]

   It improves your spell success rate.
   Archmagi:  It increases the power of your magical spells.
 s - the ring of Daurgh (melded) {Str+2 Int+6 Dex+4}
   (You found it on level 26 of a ziggurat)

   [ring of intelligence]

   Str:       It affects your strength (+2).
   Int:       It affects your intelligence (+6).
   Dex:       It affects your dexterity (+4).
 E - the ring "Ryqytz" (melded) {rCorr AC+4 Str+2 Int+4 Dex+4}
   (You found it on level 16 of a ziggurat)

   [ring of protection]

   AC:        It affects your AC (+4).
   Str:       It affects your strength (+2).
   Int:       It affects your intelligence (+4).
   Dex:       It affects your dexterity (+4).
   rCorr:     It protects you from acid and corrosion.
 I - the ring of Discord (melded) {Drain rElec Will+ Int+8 Stlth+}
   (You found it on level 27 of a ziggurat)

   [ring of willpower]

   Int:       It affects your intelligence (+8).
   rElec:     It insulates you from electricity.
   Drain:     It drains your maximum health when unequipped.
   Will:      It increases your willpower.
   Stlth:     It makes you more stealthy.
 L - the amulet "Poadan" {Acrobat +Inv rC+ Regen+}
   (You found it in a Gauntlet)

   [amulet of the acrobat]

   It increases your evasion while moving and waiting.
   rC:        It protects you from cold.
   +Inv:      It lets you turn invisible.
   Regen:     It increases your rate of health regeneration.
 O - the ring of Joemivischo (melded) {Drain rF+ Will+ Str+4 Dex+3}
   (You took it off a deep elf elementalist on level 3 of the Elven Halls)

   [ring of willpower]

   Str:       It affects your strength (+4).
   Dex:       It affects your dexterity (+3).
   rF:        It protects you from fire.
   Drain:     It drains your maximum health when unequipped.
   Will:      It increases your willpower.
 Q - the ring "Bagorghigh" (melded) {rPois Str-3 Int+2 Dex+7 SInv, @f3}
   (You found it on level 15 of a ziggurat)

   [ring of poison resistance]

   Str:       It affects your strength (-3).
   Int:       It affects your intelligence (+2).
   Dex:       It affects your dexterity (+7).
   rPois:     It protects you from poison.
   SInv:      It lets you see invisible.
 V - the ring of the Sun {rN+ Int+6 SInv}
   (You found it on level 26 of a ziggurat)

   [ring of intelligence]

   Int:       It affects your intelligence (+6).
   rN:        It protects you from negative energy.
   SInv:      It lets you see invisible.
 Z - the ring "Duusmot" (melded) {rC+ MP+9 SInv}
   (You found it on level 18 of a ziggurat)

   [ring of magical power]

   rC:        It protects you from cold.
   MP:        It affects your magic capacity (+9).
   SInv:      It lets you see invisible.
Wands
 f - a wand of paralysis (3)
 h - a wand of digging (77)
Scrolls
 b - 6 scrolls of magic mapping
 c - 171 scrolls of teleportation {@r4}
 e - 83 scrolls of blinking {@r3}
 m - 3 scrolls of summoning
 o - 53 scrolls of holy word {!r}
 r - 14 scrolls of torment {!r}
 u - 23 scrolls of vulnerability {!r}
 w - 131 scrolls of fog {@r5}
 y - 14 scrolls of immolation {!r}
 z - 19 scrolls of fear
Potions
 a - a potion of flight
 k - 40 potions of curing {@q1}
 l - 29 potions of magic
 p - 22 potions of heal wounds {@q2}
 t - 7 potions of invisibility
 C - 13 potions of resistance
 D - 47 potions of cancellation
 J - 108 potions of mutation {!q}
 K - 26 potions of haste {@q3}
 P - 12 potions of might
 U - 15 potions of brilliance
 Y - 5 potions of ambrosia
Miscellaneous
 n - a box of beasts
 x - a tin of tremorstones (2/2) {@f1}
 B - a phantom mirror
 F - the horn of Geryon
 T - a condenser vane
 W - a phial of floods

Dungeon Overview and Level Annotations

Branches:
Dungeon (15/15)            Temple (0/1) D:7            Lair (6/6) D:8
 Shoals (4/4) Lair:3       Spider (4/4) Lair:3        Slime (5/5) Lair:6
    Orc (2/2) D:11            Elf (3/3) Orc:2        Vaults (5/5) D:13
  Crypt (3/3) Vaults:3       Tomb (0/3) Crypt:3      Depths (4/4) D:15
   Hell (visited)             Dis (0/7) Hell            Geh (0/7) Hell
    Coc (0/7) Hell            Tar (0/7) Hell            Zot (5/5) Depths:4
  IceCv (visited)         Desolation (visited)      Gauntlet (visited)

Altars:
Ashenzari
Cheibriados
Elyvilon
Gozag
Hepliaklqana
Nemelex Xobeh
Okawaru
Qazlal
Ru
Trog
Uskayaw
Vehumet
Wu Jian
Yredelemnul
Beogh
Jiyva
Lugonu

Shops:
D:9 (   D:12 [   D:13 :   D:14 *:((   D:15 (*[((   Orc:1 ?   Orc:2 [*([[
Elf:2 :[   Shoals:1 =   Shoals:4 !(   Depths:4 ([(:(

Portals:
Hell: Depths:1 Depths:2 Depths:3 Depths:4
Abyss: Depths:1 Depths:2 Depths:3
Pandemonium: Depths:2

Annotations:
D:10 exclusion: 2 downstairs
Depths:2 1 runed translucent door

.....¦¦
.4.....¦¦
.p4§....¦
2h.Y....¦¦
°°§§§§§.§¦
...§§§§§§¦
.&.&§p)§t¦¦
.pu&&.bb&.¦
.&.2..&&&¦¦
CR...p§&t¦
.pp..)...¦
.§p.....¦¦
.....p..¦
.......¦¦
.....¦¦


You could see Astoryuf, Beazav Koen (agile, ally target), Jykut (petrified),
Naedas, Nibyn, Qotoyrgh (clouds, ally target), Tyugroned (fast, petrifying),
Watz, Waunestri (fast), Wiurgh, 5 Killer Klowns, a caustic shrike, a green very
ugly thing, a stone giant, an eleionoma, a blizzard demon, 2 friendly Killer
Klowns and 2 friendly apocalypse crabs.


Message History

The klown pie hits you!!!
Raspberry!
You feel weakened.
You feel dopey.
You feel clumsy.
Your necklace shatters, unleashing a wave of protective dreams!
You dream of health, friendship, and clouds.
The caustic shrike claws you.
You are splashed with acid!
The Killer Klown blinks! x2
A Killer Klown comes into view. It is wielding a +11 club.
A stone giant comes into view.
Qotoyrgh sneers, "Get thee hence whilst thou art whole!"
Qotoyrgh gestures at you. The poison arrow hits you!!
You are poisoned.
The Killer Klown blinks!
Astoryuf hits you!!
* * * LOW HITPOINT WARNING * * *
You are more poisoned.
Beazav Koen hits you.
* * * LOW HITPOINT WARNING * * *
A tormentor comes into view.
You are standing in a thunderstorm.
The winds around you calm down.
You feel extremely sick. The caustic shrike claws you!!
* * * LOW HITPOINT WARNING * * *
You are splashed with acid!
* * * LOW HITPOINT WARNING * * *
Tyugroned sneers, "Beg for mercy, thou peeagling miscreant pignut!"
The Killer Klown blinks! x2; Astoryuf hits you!!
* * * LOW HITPOINT WARNING * * *
Astoryuf burns you!
You die...

Skill      XL: |  1  2  3  4  5  6  7  8  9 10 11 12 13 14 15 16 17 18 19 20 21 22 23 24 25 26 27 |
---------------+----------------------------------------------------------------------------------+-----
Fighting       | 1 2 4 5 8 10 12 15 19 20 27 | 27.0
Poison Magic   | 4 5 6 8 10 27 | 27.0
Spellcasting   | 3 4 5 7 8 10 12 13 14 15 18 27 | 27.0
Air Magic      | 1 3 5 27 | 27.0
Conjurations   | 2 3 5 8 10 13 15 16 27 | 27.0
Transmutations | 3 5 8 27 | 27.0
Dodging        | 4 5 6 8 10 12 14 15 17 27 | 27.0
Stealth        | 5 6 10 27 | 27.0
Evocations     | 3 4 5 9 15 27 | 27.0
Fire Magic     | 3 6 7 10 12 14 15 16 18 19 20 27 | 27.0
Shields        | 2 6 9 10 13 15 16 18 27 | 27.0
Earth Magic    | 3 8 10 11 12 27 | 27.0
Staves         | 4 5 27 | 27.0
Ice Magic      | 27 | 27.0
Necromancy     | 27 | 27.0
Throwing       | 27 | 27.0
Translocations | 27 | 27.0
Short Blades   | 27 | 27.0
Bows           | 27 | 27.0
Crossbows      | 27 | 27.0
Unarmed Combat | 27 | 27.0
Long Blades    | 27 | 27.0
Summonings     | 27 | 27.0
Invocations    | 27 | 27.0
Axes           | 27 | 27.0
Hexes          | 27 | 27.0
Maces & Flails | 27 | 27.0
Polearms       | 27 | 27.0
Slings         | 27 | 27.0

Action                   |  1- 3 |  4- 6 |  7- 9 | 10-12 | 13-15 | 16-18 | 19-21 | 22-24 | 25-27 || total
-------------------------+-------+-------+-------+-------+-------+-------+-------+-------+-------++-------
Melee: Unarmed           |    19 |    57 |    46 |       |       |       |       |       |       ||   122
       Tentacles         |     6 |    13 |    51 |    53 |   168 |   266 |   417 |   295 |  1366 ||  2635
       Constrict         |     7 |    14 |    26 |    28 |    72 |    63 |   136 |    73 |   363 ||   782
       Punch             |     1 |     1 |     2 |     3 |    12 |    19 |    30 |    23 |   142 ||   233
       Dagger            |       |       |   102 |   144 |   383 |   115 |       |       |       ||   744
       Staff             |       |       |       |       |       |   555 |   967 |   665 |  1082 ||  3269
       Scimitar          |       |       |       |       |       |       |       |       |  1978 ||  1978
       Kick              |       |       |       |       |       |       |       |       |    53 ||    53
       Quarterstaff      |       |       |       |       |       |       |       |       |     2 ||     2
Throw: Throwing net      |       |       |       |       |       |       |       |     3 |       ||     3
       Javelin           |       |       |       |       |       |       |       |       |    84 ||    84
 Cast: Sting             |    46 |    74 |    25 |    22 |       |       |       |       |       ||   167
       Poisonous Vapours |     1 |     6 |    11 |    32 |    17 |       |       |       |       ||    67
       Mephitic Cloud    |       |     2 |     7 |    20 |     8 |     2 |       |       |       ||    39
       Olgreb's Toxic Ra |       |     6 |    28 |    54 |   174 |   187 |   155 |    15 |     3 ||   622
       Shock             |       |       |     6 |    21 |     5 |       |       |       |       ||    32
       Static Discharge  |       |       |       |    53 |    58 |       |       |       |       ||   111
       Hailstorm         |       |       |       |    13 |    15 |       |       |       |       ||    28
       Ignite Poison     |       |       |       |     7 |   122 |   110 |    71 |    34 |     2 ||   346
       Sticky Flame      |       |       |       |     3 |   101 |    23 |       |       |       ||   127
       Fireball          |       |       |       |       |    56 |   128 |     4 |    40 |     4 ||   232
       Iron Shot         |       |       |       |       |       |    74 |    67 |   329 |   933 ||  1403
       Eringya's Noxious |       |       |       |       |       |     5 |    10 |    12 |       ||    27
       Statue Form       |       |       |       |       |       |    24 |    85 |   110 |   494 ||   713
       Irradiate         |       |       |       |       |       |     6 |    45 |    57 |   217 ||   325
       Inner Flame       |       |       |       |       |       |     1 |       |       |       ||     1
       Fire Storm        |       |       |       |       |       |       |       |     8 |   646 ||   654
       Ignition          |       |       |       |       |       |       |       |       |  2096 ||  2096
       Shatter           |       |       |       |       |       |       |       |       |   918 ||   918
       Polar Vortex      |       |       |       |       |       |       |       |       |   182 ||   182
       Death's Door      |       |       |       |       |       |       |       |       |    22 ||    22
       Necromutation     |       |       |       |       |       |       |       |       |    15 ||    15
       Apportation       |       |       |       |       |       |       |       |       |     3 ||     3
       Borgnjor's Revivi |       |       |       |       |       |       |       |       |     1 ||     1
 Abil: End Transformatio |       |       |       |       |       |       |       |       |     2 ||     2
Evoke: Wand              |       |       |       |     2 |    13 |     9 |     4 |    14 |     7 ||    49
       Phantom mirror    |       |       |       |     1 |     2 |       |     1 |     2 |     2 ||     8
       Box of beasts     |       |       |       |       |       |     2 |       |     1 |       ||     3
       Condenser vane    |       |       |       |       |       |     1 |       |     1 |     6 ||     8
       Phial of floods   |       |       |       |       |       |       |       |       |     4 ||     4
       Tin of tremorston |       |       |       |       |       |       |       |       |    16 ||    16
       Figurine of a zig |       |       |       |       |       |       |       |       |     8 ||     8
       Horn of Geryon    |       |       |       |       |       |       |       |       |     6 ||     6
  Use: Scroll            |       |       |       |    10 |    20 |    19 |     3 |    10 |    74 ||   136
       Potion            |       |       |       |     2 |     8 |     6 |     2 |    14 |   165 ||   197
 Stab: Sleeping          |     1 |     1 |     1 |     8 |    17 |     7 |     7 |     2 |    10 ||    54
       Confused          |       |       |     2 |    12 |       |       |       |       |     1 ||    15
       Petrified         |       |       |       |       |     1 |       |       |       |       ||     1
       Distracted        |       |       |       |       |     4 |       |       |     1 |    19 ||    24
       Held in net/web   |       |       |       |       |       |       |     1 |       |       ||     1
       Invisible         |       |       |       |       |       |       |       |       |     1 ||     1
Armor: Skin              |     1 |     5 |     6 |     4 |    29 |   233 |   679 |   387 |  1261 ||  2605
Dodge: Dodged            |    19 |    57 |   106 |   187 |   715 |   853 |   998 |   806 |  6023 ||  9764
Block: Other             |       |       |       |    22 |       |       |       |       |       ||    22
       Reflection        |       |       |       |     2 |       |    35 |       |       |       ||    37
       Kite shield       |       |       |       |       |   155 |   732 |       |       |       ||   887
       Tower shield      |       |       |       |       |       |   150 |  2486 |  1898 | 10571 || 15105

Levels and vault maps discovered:
D:1:      psy_arrival_statuary, layout_basic, shapermc_ecumenical_altar_pompeii
D:2:      layout_basic
D:3:      layout_loops_corners, portal_sewer_entry_e, serial_undead,
          serial_undead_a, serial_undead_b, serial_undead_c, serial_undead_a,
          serial_undead_f, serial_undead_d, serial_undead_d, minivault_23,
          uniq_robin
D:4:      layout_rooms, grunt_temple_overflow_open
D:5:      layout_layer_cave, mainiacjoe_overflow_cross_hatched,
          gammafunk_ghost_split, uniq_ijyb, uniq_pikel
D:6:      layout_rooms, lemuel_round_altar, st_stairs_6,
          chequers_serial_rivers_small_a
D:7:      layout_rooms, minmay_temple_entry_trees
D:8:      layout_basic, gammafunk_temple_overflow_claw,
          erik_lair_orcish_takeover
D:9:      layout_loops_ring, doesnt_shop_hydraphobe
D:10:     gammafunk_corrupted_shrine, layout_cave_pools, minmay_circle_x
D:11:     dragon1_lemuel, layout_rooms, zombieorc2_lemuel, grunt_ministairs_14,
          uniq_maurice
D:12:     layout_basic, serial_shops, nicolae_diamond_shop, uniq_rupert
D:13:     layout_loops_corners, hangedman_vaults_entry_quadrant_bands,
          serial_shops, shop, nicolae_ru_awakened_eye
D:14:     layout_grid_maze, minmay_misc_feat_hallway, serial_shops, shop, shop,
          nicolae_shop_overgrown_old_shop, nicolae_shop_trees
D:15:     hangedman_depths_entry_civil_slaughter, layout_rooms, serial_shops,
          shop_fountains, shop, nicolae_inconvenience_store, nicolae_shop_stone,
          nicolae_shop_crystal, cheibriados_altar_1, hangedman_decor_opposing,
          nemelex_xobeh_ov_fountains_minmay
Lair:1:   layout_regular_city, serial_bayou_shore_a,
          infiniplex_staircase_pool_2, uniq_nergalle
Lair:2:   layout_hall_layers
Lair:3:   layout_regular_city, elwin_shoals_entry_stream,
          hellmonk_spider_entry_not_the_bees, gauntlet_entry_generic,
          chequers_serial_rivers_micro_a, minivault_19, grunt_megastairs_1
Lair:4:   layout_small_grid
Lair:5:   layout_loops_ring
Lair:6:   gammafunk_lair_ancient_temple, layout_small_grid,
          dpeg_slime_entry_corner, nicolae_lair_yak_garden
Shoals:1: layout_shoals, nicolae_shoals_square_sea_wall,
          minmay_shop_enchanted_jewellery
Shoals:2: layout_shoals, st_cyclops
Shoals:3: layout_shoals, uniq_polyphemus
Shoals:4: shoals_end_hangedman, layout_shoals, serial_shops, shop, shop
Spider:1: layout_spider_delve, gammafunk_ghost_arena, spiders_nest_spider_trap
Spider:2: layout_spider_delve, uniq_arachne, uniq_aizul, uniq_louise
Spider:3: layout_spider_delve
Spider:4: guppyfry_spider_rune, uniq_mara
Slime:1:  layout_caves, basic_altar, nicolae_slime_barrier
Slime:2:  layout_caves, cheibrodos_slime_lost_civilization_4
Slime:3:  layout_caves
Slime:4:  layout_caves
Slime:5
Orc:1:    layout_caves, serial_shops, shop, basic_altar,
          portal_ice_cave_demonic_guard, lightli_church_of_beogh, uniq_erica,
          uniq_josephine
Orc:2:    st_orc_town, layout_diamond_mine, serial_shops, shop, uniq_donald
Elf:1:    nicolae_elf_arrival_aired_out, layout_onion_city, minivault_28,
          elves_outpost_lemuel
Elf:2:    elven_hall_of_blades_hangedman_alternative [nicolae_blade_lattice],
          layout_geoelf_octagon, minmay_shop_star
Elf:3:    grunt_elf_hall_asides, layout_gridlike
Vaults:1: nicolae_vaults_minivaults, grunt_vaults_funnel, v_misc_9, v_misc_14,
          v_misc_30, v_misc_1, grunt_vaults_hallway_short,
          layout_vaults_omnigrid
Vaults:2: portal_desolation_entry_salt, nicolae_vaults_little_squares_5,
          hangedman_vaults_trim, nicolae_vaults_murderbox,
          vaults_mumra_minichess, vaults_mumra_hexcomb, hangedman_vaults_corner,
          v_misc_17, ontoclasm_vaults_tryst, vaults_dpeg_encased_lava,
          layout_vaults_ring
Vaults:3: hangedman_vaults_capsules, ontoclasm_vaults_shout,
          grunt_vaults_hallway_long, vaults_room_boxed,
          nicolae_vaults_three_branches, hangedman_vaults_pinch,
          minmay_crypt_entry_skeletal_spiral, vaults_dpeg_cross,
          nicolae_vaults_little_squares_5, v_misc_32,
          nicolae_vaults_little_squares_5, vaults_standard_mumra_lines,
          layout_vaults_omnicross
Vaults:4: vaults_mumra_bighexcomb, vaults_room_stairs_pillars,
          hangedman_vaults_maws, v_misc_27, grunt_vaults_swirl,
          nicolae_vaults_network_quinsquares
          [nicolae_vaults_network_quincunx_subvault,
          nicolae_vaults_network_quincunx_subvault,
          nicolae_vaults_network_quincunx_subvault,
          nicolae_vaults_network_quincunx_subvault], v_misc_27,
          layout_vaults_big_room
Vaults:5: serial_shops
Crypt:1:  layout_gridlike, st_stairs_11, hex_tiny, uniq_jory
Crypt:2:  layout_basic
Crypt:3:  church_of_pain_bobbens, layout_chaotic_city,
          tomb_entry_simple_bobbens, feat_on_display
Depths:1: layout_honeycomb, hangedman_geh_valley, hangedman_abyss_entry_splay,
          hex_medium, serial_bayou_lagoon_b
Depths:2: minmay_the_grid_triangle_9x9_rhombus_full_mashed
          [minmay_the_grid_triangle_9x9_pentomino_pain,
          minmay_the_grid_triangle_9x9_cache,
          minmay_the_grid_triangle_9x9_warning,
          minmay_the_grid_triangle_9x9_subtriangle,
          minmay_the_grid_triangle_9x9_windchime,
          minmay_the_grid_triangle_9x9_intruding_spiral,
          minmay_the_grid_triangle_9x9_zippers_vertical,
          minmay_the_grid_triangle_9x9_prize_top_heavy], layout_cave_pools,
          enter_ziggurat_a, hell_entry,
          nicolae_gozag_cash_rules_everything_around_me,
          abyss_entry_small_statue_room, pan_entry,
          nicolae_hepliaklqana_hippocampus, infiniplex_staircase_zigzag_4
Depths:3: vault_1, layout_gridlike, hell_entry, minmay_room_of_horrors,
          infiniplex_staircase_star
Depths:4: grunt_zot_entry_tricorne, layout_twisted_cross, minmay_hedge_maze,
          serial_shops, shop, grunt_hell_entry_dis_mu, corexii_corridor_pit,
          minmay_shoptagon
Hell
Zot:1:    layout_twisted_circle
Zot:2:    layout_gridville
Zot:3:    layout_basic, basic_altar
Zot:4:    layout_misc_corridors
Zot:5:    layout_basic
Zig:8:    ziggurat_pillar_abc, ziggurat_pillar_abc, ziggurat_pillar_abc,
          ziggurat_pillar_abc, ziggurat_pillar_abc, ziggurat_pillar_abc,
          ziggurat_pillar_abc, ziggurat_pillar_abc

Notes
Turn   | Place    | Note
-------+----------+-------------------------------------------
     0 | D:1      | browni3141 the Octopode Venom Mage began the quest for the
                  | Orb.
     0 | D:1      | Reached XP level 1. HP: 11/11 MP: 3/3
   112 | D:1      | Reached skill level 1 in Fighting
   175 | D:1      | Reached XP level 2. HP: 17/19 MP: 3/5
   310 | D:1      | Reached skill level 2 in Fighting
   313 | D:1      | Learned a level 2 spell: Poisonous Vapours
   497 | D:1      | Found a faded altar of an unknown god.
   688 | D:1      | Reached XP level 3. HP: 23/24 MP: 4/6
   709 | D:1      | Reached skill level 4 in Poison Magic
  1283 | D:2      | Reached skill level 3 in Spellcasting
  1287 | D:2      | Learned a level 3 spell: Mephitic Cloud
  1326 | D:2      | Reached XP level 4. HP: 29/29 MP: 5/8
  2309 | D:3      | Reached skill level 5 in Poison Magic
  2375 | D:3      | Noticed Robin
  2615 | D:3      | Reached XP level 5. HP: 31/34 MP: 9/9
  2880 | D:3      | Found a glowing drain.
  3267 | D:3      | Killed Robin
  3268 | D:3      | Reached skill level 6 in Poison Magic
  3561 | D:3      | Learned a level 4 spell: Olgreb's Toxic Radiance
  4044 | D:4      | Reached XP level 6. HP: 5/39 MP: 10/10
  4233 | D:4      | Noticed a necrophage
  4268 | D:5      | Entered Level 5 of the Dungeon
  4494 | D:5      | Reached skill level 7 in Poison Magic
  4628 | D:5      | Noticed a sky beast
  4658 | D:5      | Killed a sky beast
  4817 | D:5      | Noticed an ice beast
  4911 | D:4      | Reached skill level 8 in Poison Magic
  4911 | D:4      | Reached skill level 1 in Air Magic
  4911 | D:4      | Reached XP level 7. HP: 43/45 MP: 1/11
  5056 | D:4      | Found a radiant altar of Vehumet.
  5061 | D:4      | Found a snail-covered altar of Cheibriados.
  5062 | D:4      | Found a stormy altar of Qazlal.
  5062 | D:4      | Found a bloodstained altar of Trog.
  5064 | D:4      | Found a hide-covered altar of Uskayaw.
  5065 | D:4      | Found a basalt altar of Yredelemnul.
  5067 | D:4      | Became a worshipper of Vehumet
  5113 | D:4      | Reached skill level 1 in Conjurations
  5179 | D:4      | Reached skill level 2 in Air Magic
  5341 | D:3      | Reached skill level 2 in Transmutations
  5752 | D:4      | Reached skill level 2 in Conjurations
  5752 | D:4      | Reached skill level 3 in Air Magic
  6641 | D:5      | Found an ornate altar of the Wu Jian Council.
  6706 | D:5      | Noticed Pikel
  6759 | D:5      | Noticed Ijyb
  6772 | D:5      | Killed Ijyb
  6867 | D:5      | Noticed croobank's ghost (novice DsFE)
  6872 | D:5      | Found a runed translucent gate.
  6873 | D:5      | Found a runed translucent gate.
  6882 | D:5      | Noticed a shadow
  6885 | D:5      | Found a runed translucent gate.
  7508 | D:6      | Reached skill level 3 in Transmutations
  7508 | D:6      | Reached XP level 8. HP: 50/50 MP: 3/12
  7510 | D:6      | Reached skill level 3 in Conjurations
  8163 | D:6      | Found a sparkling altar of Nemelex Xobeh.
  8185 | D:6      | Reached skill level 3 in Fighting
  8185 | D:6      | Reached skill level 3 in Dodging
  8449 | D:6      | Reached * piety under Vehumet
  8449 | D:6      | Offered knowledge of Shock by Vehumet.
  8450 | D:6      | Reached skill level 4 in Spellcasting
  8452 | D:6      | Learned a level 1 spell: Shock
  8950 | D:6      | Reached skill level 4 in Fighting
  8950 | D:6      | Reached skill level 4 in Dodging
  8950 | D:6      | Reached XP level 9. HP: 58/58 MP: 2/15
  9253 | D:7      | Reached skill level 4 in Air Magic
  9255 | D:7      | Reached skill level 4 in Conjurations
 11478 | D:7      | Reached skill level 5 in Fighting
 11478 | D:7      | Reached skill level 5 in Dodging
 11478 | D:7      | Reached ** piety under Vehumet
 11479 | D:7      | Reached skill level 5 in Air Magic
 11517 | D:7      | Reached skill level 5 in Conjurations
 11583 | D:7      | Found a staircase to the Ecumenical Temple.
 11671 | D:7      | Noticed a two-headed ogre
 11705 | D:7      | Killed a two-headed ogre
 11706 | D:7      | Reached skill level 5 in Stealth
 11706 | D:7      | Reached skill level 3 in Evocations
 11940 | D:8      | Offered knowledge of Static Discharge by Vehumet.
 11941 | D:8      | Reached XP level 10. HP: 66/66 MP: 6/16
 11951 | D:8      | Reached skill level 6 in Fighting
 11951 | D:8      | Reached skill level 5 in Spellcasting
 11965 | D:7      | Learned a level 2 spell: Static Discharge
 12215 | D:8      | Found a hazy altar of Hepliaklqana.
 12215 | D:8      | Found an iron altar of Okawaru.
 12216 | D:8      | Found a white marble altar of Elyvilon.
 13209 | D:8      | Reached skill level 7 in Fighting
 13281 | D:8      | Found a staircase to the Lair.
 13295 | D:8      | Reached skill level 6 in Conjurations
 14032 | D:9      | Reached skill level 8 in Fighting
 14131 | D:9      | Reached skill level 7 in Conjurations
 14520 | D:9      | Identified the +2 leather armour "Nyfedukh" {rF+}
 14660 | D:9      | Offered knowledge of Inner Flame by Vehumet.
 14665 | D:9      | Learned a level 3 spell: Inner Flame
 14697 | D:9      | Found Osuewn's Hydra Hut.
 14698 | D:9      | Noticed a seven-headed hydra
 14967 | D:10     | Entered Level 10 of the Dungeon
 14971 | D:10     | Noticed a kobold demonologist
 15007 | D:10     | Reached skill level 8 in Conjurations
 15009 | D:10     | Reached XP level 11. HP: 71/77 MP: 8/18
 15064 | D:10     | Noticed a two-headed ogre
 15195 | D:10     | Reached *** piety under Vehumet
 15196 | D:10     | Reached skill level 6 in Spellcasting
 15213 | D:10     | Reached skill level 9 in Conjurations
 15765 | D:10     | Killed a two-headed ogre
 15825 | D:10     | Found a transporter.
 15827 | D:10     | Found a corrupted altar of Lugonu.
 15857 | D:10     | Noticed a two-headed ogre
 15868 | D:10     | Killed a two-headed ogre
 15869 | D:10     | Reached skill level 7 in Spellcasting
 16031 | D:10     | Noticed a steelbarb worm
 16033 | D:10     | Found a transporter.
 16349 | Lair:1   | Entered Level 1 of the Lair of Beasts
 16641 | Lair:1   | Learned a level 4 spell: Hailstorm
 16757 | Lair:1   | Reached skill level 1 in Fire Magic
 17343 | Lair:1   | Noticed Nergalle
 17370 | Lair:1   | Killed Nergalle
 17640 | Lair:2   | Reached skill level 10 in Conjurations
 17643 | Lair:2   | Reached skill level 2 in Fire Magic
 17657 | Lair:2   | Offered knowledge of Ignite Poison by Vehumet.
 17662 | Lair:2   | Learned a level 3 spell: Ignite Poison
 17874 | Lair:2   | Reached skill level 6 in Dodging
 17874 | Lair:2   | Reached skill level 3 in Fire Magic
 17874 | Lair:2   | Reached XP level 12. HP: 82/82 MP: 23/23
 18069 | Lair:2   | Reached skill level 8 in Spellcasting
 18564 | Lair:2   | Reached skill level 4 in Fire Magic
 18651 | Lair:2   | Reached skill level 7 in Dodging
 18973 | Lair:3   | Reached skill level 5 in Fire Magic
 19000 | Lair:3   | Found a gate leading to a gauntlet.
 19014 | Gauntlet | Entered a Gauntlet
 19014 | Gauntlet | Found a transporter.
 19014 | Gauntlet | Found a transporter.
 19025 | Gauntlet | Found a transporter.
 19026 | Gauntlet | Found a transporter.
 19037 | Gauntlet | Found a transporter.
 19040 | Gauntlet | Found a transporter.
 19046 | Gauntlet | Noticed a great orb of eyes
 19052 | Gauntlet | Found a transporter.
 19057 | Gauntlet | Found a runed translucent door.
 19064 | Gauntlet | Found a transporter.
 19081 | Gauntlet | Found a transporter.
 19082 | Gauntlet | Found a transporter.
 19084 | Gauntlet | Found a runed translucent door.
 19086 | Gauntlet | Found a runed translucent door.
 19092 | Gauntlet | Found a transporter.
 19096 | Gauntlet | Found a transporter.
 19236 | Gauntlet | Reached skill level 8 in Dodging
 19410 | Gauntlet | Reached **** piety under Vehumet
 19411 | Gauntlet | Reached skill level 6 in Fire Magic
 19417 | Gauntlet | Offered knowledge of Sticky Flame by Vehumet.
 19423 | Gauntlet | Learned a level 4 spell: Sticky Flame
 19433 | Gauntlet | Identified the amulet "Poadan" {Acrobat +Inv rC+ Regen+}
 19508 | Gauntlet | Noticed a minotaur
 19542 | Gauntlet | Killed a minotaur
 19553 | Gauntlet | Got the Guide on the Flamy Snowflakes
 19793 | Lair:3   | Reached skill level 4 in Evocations
 19835 | Lair:3   | Found a hole to the Spider Nest.
 19855 | Lair:3   | Noticed a death yak
 19918 | Lair:3   | Killed a death yak
 20035 | Lair:3   | Reached XP level 13. HP: 90/90 MP: 25/25
 20209 | Lair:3   | Found a staircase to the Shoals.
 20218 | Lair:3   | Reached skill level 5 in Evocations
 20365 | Lair:3   | Reached skill level 9 in Fighting
 20365 | Lair:3   | Reached skill level 9 in Dodging
 21177 | Lair:4   | Reached skill level 9 in Spellcasting
 22141 | Lair:5   | Reached ***** piety under Vehumet
 22141 | Lair:5   | Offered knowledge of Flame Wave by Vehumet.
 22472 | Lair:6   | Entered Level 6 of the Lair of Beasts
 22843 | Lair:6   | Reached skill level 10 in Dodging
 22857 | Lair:6   | Reached skill level 10 in Fighting
 22985 | Lair:6   | Reached skill level 10 in Spellcasting
 23808 | Lair:6   | Reached skill level 7 in Fire Magic
 23927 | Lair:6   | Found a staircase to the Slime Pits.
 24577 | D:5      | Killed Pikel
 24650 | D:4      | Reached XP level 14. HP: 99/99 MP: 28/28
 24891 | D:5      | Killed croobank's ghost
 25196 | D:11     | Noticed Maurice
 25199 | D:11     | Killed Maurice
 25200 | D:11     | Reached skill level 11 in Spellcasting
 25362 | D:11     | Reached skill level 8 in Fire Magic
 25782 | D:11     | Identified the +10 hand axe of Psychosis {drain, rF- rCorr
                  | MP+9 Str+3}
 25910 | D:11     | Found a staircase to the Orcish Mines.
 26669 | Orc:1    | Entered Level 1 of the Orcish Mines
 26669 | Orc:1    | Noticed Josephine
 26672 | Orc:1    | Killed Josephine
 26705 | Orc:1    | Found Wew Zise's Magic Scroll Emporium.
 26725 | Orc:1    | Offered knowledge of Lightning Bolt by Vehumet.
 26733 | Orc:1    | Reached skill level 9 in Fire Magic
 26753 | Orc:1    | Learned a level 5 spell: Fireball
 26841 | Orc:1    | Bought a scroll of identify for 26 gold pieces
 26841 | Orc:1    | Bought a scroll of identify for 26 gold pieces
 26841 | Orc:1    | Bought a scroll of identify for 26 gold pieces
 26969 | Orc:1    | Noticed Erica
 26977 | Orc:1    | Killed Erica
 27054 | Orc:1    | Found a frozen archway.
 27119 | IceCv    | Entered an ice cave
 27588 | IceCv    | Reached skill level 12 in Spellcasting
 27742 | IceCv    | Identified a scroll of acquirement
 28226 | IceCv    | Reached skill level 10 in Fire Magic
 28473 | IceCv    | Found an ancient bone altar of Kikubaaqudgha.
 28781 | IceCv    | Got the Incunabulum of the Snowflakes and Black Rituals
 28820 | IceCv    | Acquired the +0 kite shield of Fanaticism {rPois}
 29116 | Orc:1    | Found a runed translucent door.
 29347 | Orc:1    | Reached skill level 1 in Shields
 29469 | Orc:2    | Entered Level 2 of the Orcish Mines
 29469 | Orc:2    | Noticed Donald
 29469 | Orc:2    | Found a staircase to the Elven Halls.
 29484 | Orc:1    | Killed Donald
 29886 | Orc:2    | Found Liluuvuh's Antique Armour Emporium.
 29889 | Orc:2    | Identified a +2 robe of the Archmagi
 29893 | Orc:2    | Reached skill level 6 in Stealth
 29893 | Orc:2    | Reached skill level 2 in Shields
 30074 | Orc:2    | Reached XP level 15. HP: 103/103 MP: 20/31
 30310 | Orc:2    | Reached ****** piety under Vehumet
 30337 | Orc:2    | Offered knowledge of Lee's Rapid Deconstruction by Vehumet.
 30452 | Orc:2    | Found Caittoq's Antique Armour Boutique.
 30452 | Orc:2    | Found Migeilumn's Antique Weapon Shoppe.
 30483 | Orc:2    | Reached skill level 3 in Shields
 30493 | Orc:2    | Reached skill level 7 in Stealth
 30537 | Orc:2    | Found Agaan's General Store.
 30537 | Orc:2    | Found Winwio's Armour Shoppe.
 31427 | Spider:1 | Entered Level 1 of the Spider Nest
 31656 | Spider:1 | Reached skill level 11 in Fire Magic
 31700 | Spider:1 | Reached skill level 4 in Shields
 31743 | Spider:1 | Reached skill level 13 in Spellcasting
 31790 | Spider:1 | Found the +3 sling "Punk" {acid, rCorr}
 31792 | Spider:1 | Noticed a ghost moth
 31827 | Spider:1 | Reached skill level 8 in Stealth
 32077 | Spider:1 | You fall into a shaft and drop 1 floor!
 32077 | Spider:2 | Noticed Aizul
 32095 | Spider:2 | Noticed Arachne
 32612 | Spider:1 | Found a transporter.
 32614 | Spider:1 | Noticed a ghost moth
 32619 | Spider:1 | Found a transporter.
 32619 | Spider:1 | Noticed PerfectTommy's ghost (journeyman MiBe)
 32692 | Spider:1 | Gained mutation: You possess an exceptional clarity of
                  | mind. [potion of mutation]
 32697 | Spider:1 | Offered knowledge of Iron Shot by Vehumet.
 32698 | Spider:1 | Reached skill level 5 in Shields
 32706 | Spider:1 | Learned a level 6 spell: Iron Shot
 32727 | Spider:1 | Reached skill level 9 in Stealth
 32791 | Spider:1 | Reached skill level 1 in Earth Magic
 32864 | Spider:1 | Identified the +0 cloak "Diogiomm" {+Inv rPois rF- Int-2}
 33590 | D:12     | Reached skill level 2 in Earth Magic
 33845 | D:12     | Found Ceic's Antique Armour Shoppe.
 33943 | D:12     | Noticed Rupert
 33944 | D:12     | Paralysed by Rupert for 5 turns
 33961 | D:12     | Killed Rupert
 34301 | D:13     | Reached skill level 10 in Stealth
 34357 | D:13     | Reached skill level 3 in Earth Magic
 34535 | D:13     | Reached skill level 6 in Shields
 34914 | D:13     | Reached skill level 12 in Fire Magic
 35112 | D:13     | Reached XP level 16. HP: 109/109 MP: 21/33
 35210 | D:12     | Reached skill level 4 in Earth Magic
 35398 | D:13     | Found a gate to the Vaults.
 35416 | D:13     | Found Qan Tyebi's Book Boutique.
 35801 | D:13     | Found a sacrificial altar of Ru.
 35819 | D:12     | Reached skill level 7 in Shields
 36079 | D:12     | Reached skill level 5 in Earth Magic
 36331 | D:13     | Identified the ring "Noku" {*Slow rPois rN+ Dex+6 SInv}
 36939 | D:14     | Found Fehog Egh's Book Shoppe.
 36947 | D:14     | Bought Great Wizards, Vol. II for 494 gold pieces
 36947 | D:14     | Bought a book of the Earth for 468 gold pieces
 36955 | D:14     | Learned a level 6 spell: Eringya's Noxious Bog
 37161 | D:14     | Found Ircheroe's Assorted Antiques.
 37212 | D:14     | Bought a scroll of identify for 56 gold pieces
 37212 | D:14     | Bought a scroll of identify for 56 gold pieces
 37212 | D:14     | Bought a scroll of teleportation for 84 gold pieces
 37212 | D:14     | Bought a potion of curing for 84 gold pieces
 37213 | D:14     | Identified 2 potions of resistance
 37214 | D:14     | Bought a puce potion for 25 gold pieces
 37214 | D:14     | Bought a sapphire potion for 25 gold pieces
 37262 | D:14     | Found Poygrank's Antique Weapon Boutique.
 37290 | D:14     | Found Botrale's Antique Weapon Shop.
 37626 | D:14     | Bought a polished dagger for 238 gold pieces
 37626 | D:14     | Identified the +11 dagger "Puinat Mupt" {flame, Str+4} (You
                  | bought it in a shop on level 14 of the Dungeon)
 37671 | D:15     | Entered Level 15 of the Dungeon
 37671 | D:15     | Found a snail-covered altar of Cheibriados.
 37671 | D:15     | Found a sparkling altar of Nemelex Xobeh.
 37683 | D:15     | Found Maack's Weapon Shop.
 37885 | D:15     | Reached skill level 6 in Earth Magic
 37890 | D:15     | Reached skill level 8 in Shields
 38080 | D:15     | Reached skill level 4 in Transmutations
 38301 | D:15     | Found Bedi's Weapon Emporium.
 38498 | D:15     | Found a staircase to the Depths.
 38511 | D:15     | Found Wupnuaba's Assorted Antiques.
 38520 | D:15     | Bought a potion of resistance for 240 gold pieces
 38520 | D:15     | Bought a puce potion for 21 gold pieces
 38520 | D:15     | Bought a scroll of fog for 48 gold pieces
 38543 | D:15     | Found Dadgh's Armour Boutique.
 38556 | D:15     | Found Ipsetiur's Weapon Emporium.
 38948 | Elf:1    | Entered Level 1 of the Elven Halls
 38950 | Elf:1    | Paralysed by an air elemental for 1 turns
 38953 | Elf:1    | Reached skill level 9 in Poison Magic
 39123 | Elf:1    | Paralysed by an air elemental for 1 turns
 39245 | Elf:1    | Reached skill level 5 in Transmutations
 39329 | Elf:1    | Got Omuer's Compendium of Earthen Flight
 39499 | Elf:1    | Reached skill level 7 in Earth Magic
 39750 | Elf:1    | Reached skill level 9 in Shields
 40082 | Elf:1    | Reached skill level 10 in Poison Magic
 40090 | Elf:1    | Paralysed by an air elemental for 1 turns
 40684 | Elf:1    | Reached skill level 8 in Earth Magic
 40684 | Elf:1    | Reached XP level 17. HP: 115/115 MP: 27/34
 40780 | Elf:1    | Offered knowledge of Irradiate by Vehumet.
 41177 | Elf:2    | Reached skill level 10 in Shields
 41204 | Elf:2    | Found Tih Hanarikk's Armour Boutique.
 41275 | Elf:2    | Found Qoried's Book Boutique.
 41390 | Elf:2    | Found a huge runed translucent gate.
 41391 | Elf:2    | Found a huge runed translucent gate.
 41392 | Elf:2    | Found a huge runed translucent gate.
 41393 | Elf:2    | Found a huge runed translucent gate.
 41394 | Elf:2    | Found a huge runed translucent gate.
 41737 | Elf:2    | Reached skill level 14 in Spellcasting
 41991 | Shoals:1 | Entered Level 1 of the Shoals
 42187 | Orc:1    | Bought a scroll of fear for 45 gold pieces
 42187 | Orc:1    | Bought 3 scrolls of amnesia for 136 gold pieces
 42187 | Orc:1    | Bought a scroll of torment for 97 gold pieces
 42187 | Orc:1    | Bought a scroll of immolation for 45 gold pieces
 42187 | Orc:1    | Bought a scroll of vulnerability for 97 gold pieces
 42194 | Orc:1    | Learned a level 5 spell: Irradiate
 43330 | Shoals:1 | Found Vuyduch's Jewellery Boutique.
 43338 | Shoals:1 | Bought a ring of the Octopus King {Wiz AC+1 EV+1 Str+1
                  | Int+1 Dex+1} for 827 gold pieces
 43338 | Shoals:1 | Found the ring of the Octopus King {Wiz AC+1 EV+1 Str+1
                  | Int+1 Dex+1}
 43436 | Shoals:1 | Noticed a kraken
 43474 | Shoals:1 | Killed a kraken
 43606 | Shoals:2 | Reached skill level 6 in Transmutations
 43633 | Shoals:1 | Offered knowledge of Conjure Ball Lightning by Vehumet.
 43794 | Shoals:2 | Reached skill level 9 in Earth Magic
 44248 | Shoals:2 | Reached skill level 7 in Transmutations
 45087 | Shoals:2 | Reached skill level 10 in Earth Magic
 45094 | Shoals:2 | Reached skill level 8 in Transmutations
 45237 | Shoals:2 | Reached XP level 18. HP: 120/120 MP: 31/36
 45867 | Shoals:2 | Reached skill level 11 in Conjurations
 46264 | Shoals:2 | Learned a level 6 spell: Statue Form
 46538 | Shoals:3 | Noticed Polyphemus
 46553 | Shoals:3 | Killed Polyphemus
 46567 | Shoals:3 | Reached skill level 12 in Conjurations
 47334 | Shoals:4 | Entered Level 4 of the Shoals
 47441 | Shoals:4 | Identified the ring of Day {rElec Will+ Str-4 Int+2}
 47971 | Shoals:4 | Found Wezxi's Antique Weapon Boutique.
 48030 | Shoals:4 | Offered knowledge of Ignition by Vehumet.
 48419 | Shoals:4 | Reached skill level 13 in Conjurations
 48419 | Shoals:4 | Reached skill level 11 in Earth Magic
 48462 | Shoals:4 | Found Qaexzaig's Distillery.
 48573 | Shoals:4 | Got a barnacled rune of Zot
 48780 | Spider:2 | Noticed Louise
 48785 | Spider:2 | Killed Louise
 48798 | Spider:1 | Killed Aizul
 48915 | Spider:2 | Killed Arachne
 49023 | Spider:2 | Acquired the +9 tower shield of the Arcane {Will+ Int+3
                  | Dex-4 Slay+3}
 49494 | Spider:3 | Reached XP level 19. HP: 126/126 MP: 37/37
 50102 | Spider:4 | Entered Level 4 of the Spider Nest
 50360 | Spider:4 | Reached skill level 15 in Spellcasting
 50376 | Spider:4 | Reached skill level 12 in Earth Magic
 50378 | Spider:4 | Noticed Mara
 50387 | Spider:4 | Noticed browni3141's illusion
 50387 | Spider:4 | Killed Mara
 50388 | Spider:4 | Reached skill level 14 in Conjurations
 50393 | Spider:4 | Reached skill level 11 in Shields
 50622 | Spider:4 | Offered knowledge of Shatter by Vehumet.
 50622 | Spider:4 | Offered knowledge of Chain Lightning by Vehumet.
 50622 | Spider:4 | Offered knowledge of Polar Vortex by Vehumet.
 51489 | Spider:4 | Got a gossamer rune of Zot
 52260 | Vaults:1 | Entered Level 1 of the Vaults
 52318 | Vaults:1 | Reached skill level 12 in Shields
 52460 | Vaults:1 | Reached skill level 15 in Conjurations
 52765 | Vaults:1 | Reached skill level 13 in Shields
 53009 | Vaults:1 | Acquired 440 gold pieces
 53063 | Vaults:1 | Reached XP level 20. HP: 132/132 MP: 27/39
 53258 | Vaults:1 | Reached skill level 14 in Shields
 53847 | Vaults:2 | Found a crumbling gateway.
 53886 | Desolati | Entered the Desolation of Salt
 53949 | Desolati | HP: 7/132 [saltling (8)]
 53949 | Desolati | HP: 1/132 [saltling (6)]
 54239 | Desolati | Reached skill level 15 in Shields
 54263 | Desolati | Reached skill level 13 in Fire Magic
 54280 | Desolati | Got Qeqekker's Handbook of Hurtful Cold
 54366 | Desolati | Identified the ring of Abber {*Corrode rPois Will+ Str+8
                  | Int-5}
 54370 | Desolati | Identified the +6 shortbow of Siasiova {venom, rElec}
 54370 | Desolati | Gained mutation: You have a pair of small antennae on your
                  | head. [mutagenic glow]
 54383 | Desolati | Gained mutation: Potions are less effective at restoring
                  | your health. [mutagenic glow]
 54486 | Desolati | Got Sif Muna's Incunabulum of the Virous Glacier
 54807 | Desolati | Got the Volume of Anarchy
 55081 | Vaults:2 | Identified a +1 buckler of resistance
 55689 | Vaults:2 | Reached skill level 14 in Fire Magic
 56065 | Vaults:3 | Reached XP level 21. HP: 137/137 MP: 40/40
 56080 | Vaults:3 | Reached skill level 16 in Shields
 56379 | Vaults:3 | Reached skill level 11 in Dodging
 56387 | Vaults:3 | Reached skill level 11 in Fighting
 57069 | Vaults:3 | Reached skill level 1 in Staves
 57316 | Vaults:3 | Reached skill level 15 in Fire Magic
 57412 | Vaults:3 | Reached skill level 2 in Staves
 57446 | Vaults:3 | Found a staircase to the Crypt.
 57769 | Vaults:4 | Reached skill level 3 in Staves
 58120 | Vaults:4 | Reached skill level 12 in Dodging
 58120 | Vaults:4 | Identified the +1 robe of the Several Mouths {rF- Will+++
                  | Int+4}
 58253 | Vaults:4 | Reached skill level 12 in Fighting
 58519 | Vaults:4 | Reached skill level 4 in Staves
 58819 | Vaults:4 | Reached XP level 22. HP: 149/149 MP: 35/41
 59461 | Spider:1 | Lost strength.
 59721 | Spider:1 | Killed PerfectTommy's ghost
 59843 | Spider:1 | Got Ody Gest's Volume of Quantum Hexes
 59864 | Spider:1 | Learned a level 9 spell: Fire Storm
 59998 | Slime:1  | Entered Level 1 of the Pits of Slime
 59998 | Slime:1  | You fall into a shaft and drop 1 floor!
 60182 | Slime:2  | Reached skill level 5 in Staves
 60349 | Slime:2  | Gained mutation: You sometimes lose the ability to read
                  | scrolls when taking damage. [a shining eye]
 60350 | Slime:2  | Gained mutation: Your body sometimes deteriorates upon
                  | taking damage. [a shining eye]
 60363 | Slime:2  | Lost mutation: You possess an exceptional clarity of mind.
                  | [a shining eye]
 60676 | Slime:1  | Reached skill level 13 in Fighting
 61080 | Slime:1  | Found a viscous altar of Jiyva.
 61208 | Slime:4  | Reached skill level 16 in Fire Magic
 61350 | Slime:4  | Reached skill level 13 in Dodging
 61691 | Slime:3  | Reached skill level 14 in Fighting
 62013 | Slime:5  | Entered Level 5 of the Pits of Slime
 62106 | Slime:5  | Gained mutation: You are frail. (-10% HP) [a shining eye]
 62166 | Slime:5  | Noticed the Royal Jelly
 62570 | Slime:5  | Found a viscous altar of Jiyva.
 62641 | Slime:5  | Gained mutation: You are very frail. (-20% HP) [a shining
                  | eye]
 62699 | Slime:5  | Gained mutation: You do not regenerate when monsters are
                  | visible. [a shining eye]
 62769 | Slime:4  | Lost mutation: Your body sometimes deteriorates upon taking
                  | damage. [potion of mutation]
 62769 | Slime:4  | Lost mutation: Potions are less effective at restoring your
                  | health. [potion of mutation]
 62769 | Slime:4  | Lost mutation: You have a pair of small antennae on your
                  | head. [potion of mutation]
 62769 | Slime:4  | Gained mutation: Your spells are a little easier to cast,
                  | but a little less powerful. [potion of mutation]
 62770 | Slime:4  | Lost mutation: You sometimes lose the ability to read
                  | scrolls when taking damage. [potion of mutation]
 62770 | Slime:4  | Lost mutation: You do not regenerate when monsters are
                  | visible. [potion of mutation]
 62770 | Slime:4  | Lost mutation: You are very frail. (-20% HP) [potion of
                  | mutation]
 62770 | Slime:4  | Gained mutation: You are partially covered in large bone
                  | plates. (SH +4) [potion of mutation]
 62770 | Slime:4  | Gained mutation: You sometimes lose the ability to read
                  | scrolls when taking damage. [potion of mutation]
 62770 | Slime:4  | Gained mutation: Your spells are easier to cast, but less
                  | powerful. [potion of mutation]
 62770 | Slime:4  | Gained mutation: You are agile. (Dex +2) [potion of
                  | mutation]
 62784 | Slime:4  | Lost mutation: You are partially covered in large bone
                  | plates. (SH +4) [potion of mutation]
 62784 | Slime:4  | Lost mutation: You are agile. (Dex +2) [potion of mutation]
 62784 | Slime:4  | Gained mutation: You are partially covered in iridescent
                  | scales. (AC +2) [potion of mutation]
 62784 | Slime:4  | Gained mutation: You have an increased reservoir of magic.
                  | (+10% MP) [potion of mutation]
 62785 | Slime:4  | Lost mutation: You are frail. (-10% HP) [potion of
                  | mutation]
 62785 | Slime:4  | Lost mutation: You are partially covered in iridescent
                  | scales. (AC +2) [potion of mutation]
 62785 | Slime:4  | Gained mutation: You are dopey. (Int -2) [potion of
                  | mutation]
 62785 | Slime:4  | Gained mutation: Your body sometimes deteriorates upon
                  | taking damage. [potion of mutation]
 62785 | Slime:4  | Gained mutation: You are partially covered in iridescent
                  | scales. (AC +2) [potion of mutation]
 62786 | Slime:4  | Lost mutation: Your spells are easier to cast, but less
                  | powerful. [potion of mutation]
 62786 | Slime:4  | Lost mutation: You sometimes lose the ability to read
                  | scrolls when taking damage. [potion of mutation]
 62786 | Slime:4  | Lost mutation: You have an increased reservoir of magic.
                  | (+10% MP) [potion of mutation]
 62786 | Slime:4  | Gained mutation: You are agile. (Dex +2) [potion of
                  | mutation]
 62786 | Slime:4  | Gained mutation: Your body often deteriorates upon taking
                  | damage. [potion of mutation]
 62787 | Slime:4  | Lost mutation: Your body often deteriorates upon taking
                  | damage. [potion of mutation]
 62787 | Slime:4  | Lost mutation: You are partially covered in iridescent
                  | scales. (AC +2) [potion of mutation]
 62787 | Slime:4  | Gained mutation: You are weak. (Str -2) [potion of
                  | mutation]
 62787 | Slime:4  | Gained mutation: You are covered in fur. (AC +1) [potion of
                  | mutation]
 62899 | Slime:5  | Killed the Royal Jelly
 62900 | Slime:5  | Reached skill level 15 in Fighting
 62906 | Slime:5  | Gained mutation: Your magical capacity is low. (-10% MP)
                  | [mutagenic glow]
 63320 | Slime:5  | Identified the +10 scythe of Cemusk {vorpal, Fragile rPois
                  | Int+7 Dex+2}
 63337 | Slime:5  | Got a slimy rune of Zot
 63695 | Slime:5  | Identified the +0 ring mail of the Hall of Blades {rF-
                  | Str+9 Dex+4 Stlth-}
 64242 | Elf:2    | Reached skill level 14 in Dodging
 64552 | Elf:2    | Reached XP level 23. HP: 155/162 MP: 2/37
 64802 | Elf:2    | Reached skill level 17 in Fire Magic
 64912 | Elf:3    | Entered Level 3 of the Elven Halls
 65448 | Elf:3    | Identified the +8 short sword of Blood {vorpal, +Blink Fly
                  | rPois}
 66087 | Elf:3    | Identified the +4 spear of the Saving Owl {drain, Drain
                  | Will+ rCorr Int+4}
 66092 | Elf:3    | Reached skill level 16 in Fighting
 66096 | Elf:3    | Identified the +6 great sword of Gapilul {vorpal, Will+}
 66096 | Elf:3    | Identified the ring of Joemivischo {Drain rF+ Will+ Str+4
                  | Dex+3}
 66170 | Elf:3    | Identified the amulet of Xom's Indignation {RegenMP
                  | *Corrode rPois rN+ Stlth+}
 66357 | Elf:3    | Identified the +7 whip "Vidoqed" {drain, rF++}
 66357 | Elf:3    | Identified the ring "Xedutz Notz" {Fly rN+}
 66826 | Elf:3    | Got the Grimoire of Torrid Changing
 66835 | Elf:3    | Identified the +6 hand crossbow "Ramext" {elec, rCorr}
 67232 | Vaults:5 | Entered Level 5 of the Vaults
 67232 | Vaults:5 | Noticed an ancient lich
 67233 | Vaults:5 | Noticed a golden dragon
 67237 | Vaults:5 | Reached skill level 17 in Fighting
 67237 | Vaults:5 | Reached skill level 15 in Dodging
 67237 | Vaults:5 | Noticed a dread lich
 67252 | Vaults:5 | Noticed a golden dragon
 67259 | Vaults:5 | Killed a golden dragon
 67260 | Vaults:5 | Killed an ancient lich
 67274 | Vaults:5 | Reached skill level 18 in Fire Magic
 67283 | Vaults:5 | Gained mutation: You are occasionally teleported next to
                  | monsters. [mutagenic glow]
 67284 | Vaults:5 | Reached skill level 18 in Fighting
 67294 | Vaults:5 | Identified the +8 great sword of the Devouring Augurer
                  | {vorpal, rElec rPois rN+++ Dex+4 Stlth-}
 67511 | Vaults:5 | Identified +0 pearl dragon scales
 67573 | Vaults:5 | Identified the +9 flail of Disintegration {flame, *Rage
                  | Str+4 Dex+4}
 67682 | Vaults:5 | Reached skill level 19 in Fighting
 67779 | Vaults:5 | Identified the +10 hand axe of Waifiyj {flame, Str+2 Dex+4}
 67784 | Vaults:5 | Reached XP level 24. HP: 180/180 MP: 11/37
 67947 | Vaults:5 | Gained mutation: You are very dopey. (Int -4) [mutagenic
                  | glow]
 67955 | Vaults:5 | Gained mutation: You are frail. (-10% HP) [mutagenic glow]
 68011 | Vaults:5 | Noticed a juggernaut
 68269 | Vaults:5 | Reached skill level 20 in Fighting
 68302 | Vaults:5 | Noticed a dread lich
 68310 | Vaults:5 | Killed a dread lich
 68661 | Vaults:5 | Noticed a dread lich
 68666 | Vaults:5 | Killed a dread lich
 68820 | Vaults:5 | Killed a dread lich
 68865 | Vaults:5 | Got a silver rune of Zot
 69067 | Vaults:5 | Got Asmodeus's Disquisition on Summoning
 69824 | Crypt:1  | Entered Level 1 of the Crypt
 69866 | Crypt:1  | Noticed Jory
 69957 | Vaults:3 | Killed Jory
 69959 | Vaults:3 | Lost mutation: Your spells are a little easier to cast, but
                  | a little less powerful. [potion of mutation]
 69959 | Vaults:3 | Lost mutation: You are weak. (Str -2) [potion of mutation]
 69959 | Vaults:3 | Lost mutation: You are very dopey. (Int -4) [potion of
                  | mutation]
 69959 | Vaults:3 | Gained mutation: You are weak. (Str -2) [potion of
                  | mutation]
 69959 | Vaults:3 | Lost mutation: You are weak. (Str -2) [potion of mutation]
 69959 | Vaults:3 | Gained mutation: Your spells are a little harder to cast,
                  | but a little more powerful. [potion of mutation]
 70777 | Crypt:1  | Reached skill level 16 in Conjurations
 70958 | Crypt:1  | Noticed a curse skull
 70963 | Crypt:1  | Killed a curse skull
 71805 | Crypt:2  | Reached skill level 19 in Fire Magic
 73078 | Crypt:3  | Entered Level 3 of the Crypt
 73355 | Crypt:3  | Reached XP level 25. HP: 167/167 MP: 18/38
 73376 | Crypt:3  | Reached skill level 16 in Spellcasting
 73614 | Crypt:3  | Found a staircase to the Tomb.
 73789 | Crypt:3  | Reached skill level 20 in Fire Magic
 74004 | Crypt:3  | Found a basalt altar of Yredelemnul.
 74177 | Crypt:3  | Noticed a curse skull
 74385 | Crypt:3  | Killed a curse skull
 74729 | Crypt:3  | Got the Almanac of Dark Secrets
 74781 | Crypt:3  | Reached skill level 17 in Spellcasting
 75249 | Crypt:3  | Learned a level 8 spell: Ignition
 75588 | Depths:1 | Entered Level 1 of the Depths
 75820 | Depths:1 | Found a one-way gate to the infinite horrors of the Abyss.
 76359 | Depths:1 | Found a gateway to Hell.
 76894 | Depths:2 | Reached skill level 6 in Evocations
 76896 | Depths:2 | Noticed a juggernaut
 76896 | Depths:2 | Found the +5 scythe "Finisher" {speed, eviscerate}
 76909 | Depths:2 | Killed a juggernaut
 76925 | Depths:2 | Reached skill level 18 in Spellcasting
 76928 | Depths:2 | Reached skill level 7 in Evocations
 76983 | Depths:2 | Noticed a juggernaut
 77049 | Depths:2 | Reached skill level 8 in Evocations
 77163 | Depths:2 | Identified the +4 triple crossbow "Keazyabb" {elec, rPois
                  | rF++}
 77362 | Depths:2 | Found a one-way gateway to a ziggurat.
 77428 | Depths:2 | Found a one-way gate leading to the halls of Pandemonium.
 77468 | Depths:2 | Found a hazy altar of Hepliaklqana.
 77522 | Depths:2 | Found an opulent altar of Gozag.
 77579 | Depths:2 | Found a runed translucent door.
 77950 | Depths:3 | Noticed a juggernaut
 77953 | Depths:3 | Reached skill level 9 in Evocations
 77955 | Depths:3 | Reached XP level 26. HP: 141/176 MP: 21/40
 77955 | Depths:3 | Killed a juggernaut
 78540 | Depths:3 | Reached skill level 10 in Evocations
 78561 | Depths:3 | Noticed a caustic shrike
 78561 | Depths:3 | Noticed a caustic shrike
 78563 | Depths:3 | Noticed a caustic shrike
 78564 | Depths:3 | Noticed a caustic shrike
 78565 | Depths:3 | Killed a caustic shrike
 78565 | Depths:3 | Killed a caustic shrike
 78565 | Depths:3 | Noticed a caustic shrike
 78567 | Depths:3 | Killed a caustic shrike
 78568 | Depths:3 | Reached skill level 16 in Dodging
 78569 | Depths:3 | Killed a caustic shrike
 78707 | Depths:3 | Reached skill level 17 in Shields
 78716 | Depths:3 | Reached skill level 11 in Evocations
 79517 | Depths:4 | Entered Level 4 of the Depths
 79711 | Depths:4 | Reached skill level 12 in Evocations
 79934 | Depths:4 | Killed a caustic shrike
 80050 | Depths:4 | Found Tiamahu's Book Emporium.
 80053 | Depths:4 | Found Foasuimn's Antique Weapon Emporium.
 80053 | Depths:4 | Found Mausch's Antique Armour Shoppe.
 80096 | Depths:4 | Found Dagadist's Weapon Shoppe.
 80127 | Depths:4 | Found Metuod's Antique Weapon Shoppe.
 80562 | Depths:4 | Found a gate to the Realm of Zot.
 80584 | Depths:4 | Identified the +8 war axe of Optimality {vamp, Int+5 Dex-2}
 80589 | Depths:4 | Reached skill level 13 in Evocations
 81040 | Zot:1    | Entered Level 1 of the Realm of Zot
 81427 | Zot:1    | Reached skill level 17 in Dodging
 81522 | Zot:1    | Identified the +9 scimitar of Tension {speed, Int+7 Dex+7}
 81525 | Zot:1    | Reached skill level 14 in Evocations
 81840 | Zot:1    | Reached skill level 18 in Shields
 82423 | Zot:2    | Noticed a curse toe
 82428 | Zot:2    | Killed a curse toe
 82494 | Zot:2    | Noticed an orb of fire
 82501 | Zot:2    | Killed an orb of fire
 82538 | Zot:2    | Reached skill level 15 in Evocations
 82778 | Zot:2    | Reached XP level 27. HP: 180/180 MP: 31/40
 83740 | Zot:3    | Found a broken altar of Ashenzari.
 83744 | Zot:3    | Reached skill level 18 in Dodging
 84270 | Zot:3    | Reached skill level 19 in Shields
 85705 | Depths:3 | Voluntarily entered the Abyss.
 85743 | Abyss:1  | Learned a level 1 spell: Apportation
 86456 | Abyss:2  | Found a corrupted altar of Lugonu.
 86506 | Abyss:2  | Noticed a dread lich
 86513 | Abyss:2  | Killed a dread lich
 86782 | Abyss:4  | Found a corrupted altar of Lugonu.
 86864 | Abyss:4  | Gained mutation: You sometimes lose the ability to read
                  | scrolls when taking damage. [a neqoxec]
 86865 | Abyss:4  | Gained mutation: Your body often deteriorates upon taking
                  | damage. [a neqoxec]
 86962 | Abyss:4  | Found a corrupted altar of Lugonu.
 87335 | Abyss:4  | Found a corrupted altar of Lugonu.
 87387 | Abyss:5  | Entered Level 5 of the Abyss
 87391 | Abyss:5  | Found a corrupted altar of Lugonu.
 87800 | Abyss:5  | Paralysed by accursed screaming for 1 turns
 87828 | Abyss:5  | Found a corrupted altar of Lugonu.
 87930 | Abyss:5  | Found a corrupted altar of Lugonu.
 88045 | Abyss:5  | Paralysed by accursed screaming for 2 turns
 88105 | Abyss:5  | Reached skill level 19 in Dodging
 88105 | Abyss:5  | Reached skill level 20 in Shields
 88105 | Abyss:5  | Got an abyssal rune of Zot
 88113 | Depths:3 | You pass through the gate.
 88113 | Depths:3 | Escaped the Abyss
 88191 | Depths:3 | Lost mutation: You are occasionally teleported next to
                  | monsters. [potion of mutation]
 88191 | Depths:3 | Lost mutation: You are covered in fur. (AC +1) [potion of
                  | mutation]
 88191 | Depths:3 | Lost mutation: You are extremely frail. (-30% HP) [potion
                  | of mutation]
 88302 | Zot:5    | Entered Level 5 of the Realm of Zot
 88367 | Zot:5    | Noticed a curse toe
 88373 | Zot:5    | Killed a curse toe
 88829 | Zot:5    | Reached skill level 20 in Dodging
 88909 | Zot:5    | Noticed a dread lich
 89104 | Zot:5    | Killed a dread lich
 89333 | Zot:5    | Noticed an ancient lich
 89338 | Zot:5    | Killed an ancient lich
 89348 | Zot:5    | Identified the +3 leather armour of Deiditz {Contam rF+
                  | Regen+ Stlth+}
 89484 | Zot:5    | Noticed an ancient lich
 89489 | Zot:5    | Killed an ancient lich
 89506 | Zot:5    | Noticed an orb of fire
 89509 | Zot:5    | Noticed an orb of fire
 89514 | Zot:5    | Gained mutation: You are frail. (-10% HP) [an orb of fire]
 89515 | Zot:5    | Killed an orb of fire
 89515 | Zot:5    | Gained mutation: You are very frail. (-20% HP) [mutagenic
                  | glow]
 89516 | Zot:5    | Gained mutation: You are weak. (Str -2) [an orb of fire]
 89517 | Zot:5    | Killed an orb of fire
 89584 | Zot:5    | Noticed an electric golem
 89600 | Zot:5    | Killed an electric golem
 89774 | Zot:5    | Noticed a curse toe
 89778 | Zot:5    | Killed a curse toe
 90075 | Zot:5    | Noticed an electric golem
 90080 | Zot:5    | Noticed an ancient lich
 90086 | Zot:5    | Killed an ancient lich
 90101 | Zot:5    | Killed an electric golem
 90525 | Hell     | Entered the Vestibule of Hell
 90525 | Hell     | Noticed Geryon
 90531 | Hell     | Reached skill level 21 in Fire Magic
 90679 | Depths:4 | Reached skill level 11 in Stealth
 90837 | Hell     | Killed Geryon
 91159 | Hell     | Reached skill level 12 in Stealth
 91304 | Hell     | Found a gateway to the decaying netherworld of Tartarus.
 91466 | Hell     | Found a gateway to the ashen valley of Gehenna.
 91758 | Hell     | Found a gateway to the Iron City of Dis.
 91936 | Hell     | Found a gateway to the freezing wastes of Cocytus.
 92238 | Pan      | Entered Pandemonium
 92263 | Pan      | Reached skill level 21 in Shields
 92448 | Pan      | Noticed Vingilaxt the pandemonium lord
 92454 | Pan      | Killed Vingilaxt the pandemonium lord
 92455 | Pan      | Reached skill level 13 in Stealth
 93337 | Pan      | Lost mutation: You are weak. (Str -2) [a cacodemon]
 93435 | Pan      | Lost mutation: Your magical capacity is low. (-10% MP)
                  | [potion of mutation]
 93435 | Pan      | Lost mutation: You are dopey. (Int -2) [potion of mutation]
 93435 | Pan      | Gained mutation: You are very agile. (Dex +4) [potion of
                  | mutation]
 93435 | Pan      | Gained mutation: You are partially covered in iridescent
                  | scales. (AC +2) [potion of mutation]
 93621 | Pan      | Gained mutation: You are extremely frail. (-30% HP) [a
                  | cacodemon]
 93625 | Pan      | Gained mutation: Potions are less effective at restoring
                  | your health. [a cacodemon]
 93628 | Pan      | Gained mutation: You are dopey. (Int -2) [a cacodemon]
 93629 | Pan      | Gained mutation: You have hidden genetic defects. [a
                  | cacodemon]
 93632 | Pan      | Gained mutation: Your magical capacity is low. (-10% MP) [a
                  | cacodemon]
 93654 | Pan      | Reached skill level 21 in Dodging
 93654 | Pan      | Reached skill level 14 in Stealth
 93661 | Pan      | Lost mutation: Your body often deteriorates upon taking
                  | damage. [potion of mutation]
 93661 | Pan      | Lost mutation: You are extremely frail. (-30% HP) [potion
                  | of mutation]
 93661 | Pan      | Lost mutation: You are dopey. (Int -2) [potion of mutation]
 93661 | Pan      | Lost mutation: You are very agile. (Dex +4) [potion of
                  | mutation]
 93661 | Pan      | Lost mutation: Your body sometimes deteriorates upon taking
                  | damage. [potion of mutation]
 93661 | Pan      | Lost mutation: You have hidden genetic defects. [potion of
                  | mutation]
 93662 | Pan      | Lost mutation: You are partially covered in iridescent
                  | scales. (AC +2) [potion of mutation]
 93662 | Pan      | Lost mutation: You sometimes lose the ability to read
                  | scrolls when taking damage. [potion of mutation]
 93662 | Pan      | Gained mutation: You sometimes lose the ability to read
                  | scrolls when taking damage. [potion of mutation]
 93662 | Pan      | Gained mutation: You passively dampen the noise of your
                  | surroundings. [potion of mutation]
 93689 | Pan      | Found an exit through the horrors of the Abyss.
 93774 | Pan      | Reached skill level 21 in Fighting
 94052 | Pan      | Noticed Foyxtupt the pandemonium lord
 94062 | Pan      | Killed Foyxtupt the pandemonium lord
 94063 | Pan      | Reached skill level 22 in Fire Magic
 94552 | Pan      | Reached skill level 15 in Stealth
 94632 | Pan      | Noticed Awiten the pandemonium lord
 94635 | Pan      | Killed Awiten the pandemonium lord
 94747 | Pan      | Entered the realm of Lom Lobon.
 95537 | Pan      | Reached skill level 16 in Stealth
 95830 | Pan      | Noticed Lom Lobon
 95841 | Pan      | HP: 20/213 [Lom Lobon/great icy blast (16)]
 95847 | Pan      | Got a magical rune of Zot
 95925 | Pan      | Identified the ring "Tugoosohei" {Fly rF- Int+5 Dex+6}
 96320 | Pan      | Gained mutation: Your body sometimes deteriorates upon
                  | taking damage. [a cacodemon]
 97069 | Pan      | Identified the +0 ring mail of Proximity {Rampage rF+
                  | Str-4}
 97228 | Pan      | Identified a +2 robe of the Archmagi
 97239 | Pan      | Reached skill level 17 in Stealth
 97514 | Pan      | Gained mutation: You occasionally shout uncontrollably at
                  | your foes. [a neqoxec]
 97751 | Pan      | Noticed Miwait the pandemonium lord
 97766 | Pan      | Killed Miwait the pandemonium lord
 97944 | Pan      | Entered the realm of Cerebov.
 97993 | Pan      | Reached skill level 23 in Fire Magic
 98135 | Pan      | Found the +6 sword of Cerebov {flame}
 98135 | Pan      | Noticed Cerebov
 98429 | Pan      | Reached skill level 18 in Stealth
 99381 | Pan      | Identified the +6 battleaxe of Offence {spect, Dex+3}
 99422 | Pan      | Identified the +8 dagger "Beluiprao" {holy, rF+}
 99674 | Pan      | Identified the ring "Fuppuowk" {AC+4 Int+5}
 99680 | Pan      | Reached skill level 22 in Shields
 99751 | Pan      | Got a fiery rune of Zot
 99779 | Pan      | Identified the +1 hand axe of Reapportionment {vorpal,
                  | Fragile Will+ Int+3 Stlth+}
 99816 | Pan      | Got the Grimoire of Evil and Snow
 99848 | Pan      | Entered the realm of Mnoleg.
100035 | Pan      | Found the +6 sword of Cerebov {flame}
100035 | Pan      | Noticed Cerebov
100043 | Pan      | Found an exit through the horrors of the Abyss.
100072 | Pan      | Lost mutation: You are agile. (Dex +2) [a cacodemon]
100079 | Pan      | Reached skill level 19 in Stealth
100233 | Pan      | Noticed Mnoleg
100278 | Pan      | Gained mutation: You are weak. (Str -2) [a neqoxec]
100335 | Pan      | Got a glowing rune of Zot
100358 | Pan      | Took an exit into the Abyss.
100358 | Abyss:1  | You pass through the gate.
100358 | Abyss:1  | Escaped into the Abyss
100436 | Depths:2 | You pass through the gate.
100436 | Depths:2 | Escaped the Abyss
100484 | Depths:2 | Killed a juggernaut
101003 | Vaults:5 | Learned a level 4 spell: Passage of Golubria
101006 | Vaults:5 | Learned a level 2 spell: Blink
101592 | Zig:1    | Entered Level 1 of a ziggurat
101607 | Zig:2    | Entered Level 2 of a ziggurat
101608 | Zig:2    | Found the +8 frozen axe "Frostbite" {freezing cloud, *Noise
                  | Fly rC+}
101660 | Zig:3    | Entered Level 3 of a ziggurat
101704 | Zig:4    | Entered Level 4 of a ziggurat
101706 | Zig:4    | Identified a potion of experience
101720 | Zig:4    | Identified the +5 rapier of Ruagguw {antimagic, *Noise rF++
                  | rN+++}
101725 | Zig:4    | Reached skill level 22 in Fighting
101741 | Zig:5    | Entered Level 5 of a ziggurat
101762 | Zig:5    | Reached skill level 22 in Dodging
101784 | Zig:5    | Acquired 1010 gold pieces
101786 | Zig:5    | Acquired a +2 hat of stealth
101808 | Zig:6    | Entered Level 6 of a ziggurat
101839 | Zig:6    | Reached skill level 23 in Fighting
101841 | Zig:6    | Reached skill level 24 in Fire Magic
101859 | Zig:7    | Entered Level 7 of a ziggurat
101865 | Zig:7    | Noticed an ancient lich
101869 | Zig:7    | Killed an ancient lich
101876 | Zig:7    | Identified the amulet "Zijagg" {Rampage Regen+}
101877 | Zig:7    | Identified the ring "Noweng" {rN++ Will+ Int+2 Dex+6}
101944 | Zig:7    | Learned a level 9 spell: Shatter
101949 | Zig:8    | Entered Level 8 of a ziggurat
101959 | Zig:8    | Reached skill level 20 in Stealth
101994 | Zig:8    | Identified the ring "Pixtukk" {rC+ Dex+7 Stlth-}
102014 | Zig:9    | Entered Level 9 of a ziggurat
102024 | Zig:9    | Noticed a dread lich
102027 | Zig:9    | Killed a dread lich
102028 | Zig:9    | Reached skill level 13 in Earth Magic
102054 | Zig:9    | Got the Compendium of the Lethal Entourage
102077 | Zig:10   | Entered Level 10 of a ziggurat
102114 | Zig:10   | Identified the +10 glaive "Pendulum" {drain, *Noise Str+4
                  | Int+3}
102120 | Zig:10   | Identified the +8 great mace of the Unseen Realm {speed,
                  | Dex+5}
102125 | Zig:10   | Identified the +7 quarterstaff "Gomidgh" {protect, rPois
                  | SInv}
102150 | Zig:11   | Entered Level 11 of a ziggurat
102163 | Zig:11   | Reached skill level 14 in Earth Magic
102184 | Zig:11   | Identified the ring "Cypsason" {Wiz Fly rC+++ rN+ Will-}
102185 | Zig:11   | Identified the ring of Fitoirr {rElec rF- rC+ rCorr Dex+4}
102198 | Zig:11   | Identified the ring "Opeelud" {AC+4 Str+2 Stlth+}
102226 | Zig:12   | Entered Level 12 of a ziggurat
102236 | Zig:12   | Found the +3 Elemental Staff {rElec rF++ rC++ AC+5}
102236 | Zig:12   | Found the +14 obsidian axe {vorpal, Mesm Drain Fly SInv}
102241 | Zig:12   | Reached skill level 15 in Earth Magic
102257 | Zig:12   | Identified the +3 quick blade "Arcanum" {spect, rF+ Stlth+}
102268 | Zig:12   | Identified the +5 scale mail of Xyexirph {+Blink Stlth+}
102344 | Zig:13   | Entered Level 13 of a ziggurat
102358 | Zig:13   | Noticed a dread lich
102362 | Zig:13   | Killed a dread lich
102365 | Zig:13   | Noticed a dread lich
102367 | Zig:13   | Killed a dread lich
102404 | Zig:13   | Got Vecaqatu's Catalogue of Unstable Enchantment
102407 | Zig:13   | Identified the +4 long sword "Newtbane" {holy, *Noise rF+
                  | Will+ Dex+8}
102413 | Zig:13   | Identified the amulet "Suytewag" {Reflect rPois Int+4 SH+5}
102428 | Zig:13   | Identified the +1 arbalest of the Endless Expanse {venom,
                  | rPois Will+++ SInv Stlth+}
102432 | Zig:13   | Identified the +0 mace of Midwinter {flame, rN+ Str+2}
102436 | Zig:13   | Identified the +3 longbow "Zafis" {freeze, MP+9 Int+2
                  | Stlth+}
102438 | Zig:13   | Identified the +2 robe of Inwycuet {Dex+3}
102463 | Zig:14   | Entered Level 14 of a ziggurat
102475 | Zig:14   | Reached skill level 25 in Fire Magic
102655 | Zig:14   | Identified the amulet "Zeynla" {Faith Slay+6}
102656 | Zig:14   | Identified the +6 long sword of Dismemberment {speed,
                  | Int+3}
102696 | Zig:15   | Entered Level 15 of a ziggurat
102741 | Zig:15   | Noticed a curse skull
102742 | Zig:15   | Killed a curse skull
102742 | Zig:15   | Noticed a curse skull
102744 | Zig:15   | Killed a curse skull
102826 | Zig:15   | Identified the +7 hand crossbow "Hylu Zant" {flame, rF+}
102830 | Zig:15   | Identified the +9 falchion "Foluck" {venom, *Slow rPois
                  | Will+}
102855 | Zig:16   | Entered Level 16 of a ziggurat
102874 | Zig:16   | Reached skill level 26 in Fire Magic
102895 | Zig:16   | Identified the +2 rapier of Azidunikh {vorpal, Fly rF+}
102911 | Zig:16   | Lost mutation: You are very frail. (-20% HP) [potion of
                  | mutation]
102911 | Zig:16   | Lost mutation: Your body sometimes deteriorates upon taking
                  | damage. [potion of mutation]
102911 | Zig:16   | Lost mutation: You sometimes lose the ability to read
                  | scrolls when taking damage. [potion of mutation]
102911 | Zig:16   | Gained mutation: You are agile. (Dex +2) [potion of
                  | mutation]
102944 | Zig:17   | Entered Level 17 of a ziggurat
102949 | Zig:17   | Noticed a caustic shrike
102956 | Zig:17   | Noticed a dread lich
102958 | Zig:17   | Noticed a caustic shrike
102960 | Zig:17   | Gained mutation: You are very weak. (Str -4) [mutagenic
                  | glow]
102961 | Zig:17   | Killed a caustic shrike
102962 | Zig:17   | Noticed a caustic shrike
102965 | Zig:17   | Killed a caustic shrike
102966 | Zig:17   | Killed a caustic shrike
102970 | Zig:17   | Killed a dread lich
102981 | Zig:17   | Found the +3 warlock's mirror {reflect}
102996 | Zig:17   | Reached skill level 27 in Fire Magic
103012 | Zig:17   | Identified the ring of the Death Scarab {Contam Fly rF+
                  | rN++ Str-4}
103020 | Zig:17   | Reached skill level 16 in Earth Magic
103026 | Zig:17   | Acquired a manual of Transmutations
103045 | Zig:18   | Entered Level 18 of a ziggurat
103068 | Zig:18   | Reached skill level 17 in Earth Magic
103099 | Zig:18   | Identified the +7 morningstar "Mekkex" {freeze, rN+ rCorr
                  | Str+3 Int-3}
103103 | Zig:18   | Identified the +0 robe of Elyvilon's Hope {rC+++ Will- MP+9
                  | Str-2}
103132 | Zig:19   | Entered Level 19 of a ziggurat
103141 | Zig:19   | Noticed a dread lich
103148 | Zig:19   | Killed a dread lich
103149 | Zig:19   | Reached skill level 18 in Earth Magic
103163 | Zig:19   | Reached skill level 19 in Earth Magic
103195 | Zig:19   | Identified the +2 hand crossbow of Uggeoquf {venom, Str+6
                  | Int+3}
103204 | Zig:19   | Identified the amulet "Ufijaq" {Drain Fly rF+ rC+ Regen+}
103215 | Zig:19   | Acquired 464 gold pieces
103217 | Zig:19   | Acquired 1301 gold pieces
103219 | Zig:19   | Acquired 638 gold pieces
103225 | Zig:19   | Identified the +5 shortbow of Raepty Dymy {speed, rF+}
103230 | Zig:19   | Identified the +4 glaive "Sohepp" {holy, rC+ Int+2}
103231 | Zig:19   | Identified the amulet "Xeboeharr" {Regen+ Dex+4}
103238 | Zig:19   | Identified the +3 halberd "Beetleslayer" {vorpal, rElec}
103260 | Zig:20   | Entered Level 20 of a ziggurat
103283 | Zig:20   | Reached skill level 20 in Earth Magic
103331 | Zig:20   | Identified the ring "Sami" {Fire +Blink MP+9 Dex-2}
103350 | Zig:20   | Identified the +3 giant spiked club of Corruption {flame,
                  | Str+7 Int+2}
103372 | Zig:21   | Entered Level 21 of a ziggurat
103393 | Zig:21   | Reached skill level 21 in Earth Magic
103438 | Zig:21   | Identified the +1 robe of the Original Sin {Int+2}
103457 | Zig:21   | Identified the +6 mace of the Pits of Slime {drain, *Rage
                  | Fly rF+ rN+}
103476 | Zig:21   | Identified the +1 plate armour of the Stone Wall {rF++}
103486 | Zig:22   | Entered Level 22 of a ziggurat
103512 | Zig:22   | Reached skill level 22 in Earth Magic
103512 | Zig:22   | Noticed an ancient lich
103513 | Zig:22   | Killed an ancient lich
103515 | Zig:22   | Noticed an ancient lich
103516 | Zig:22   | Killed an ancient lich
103517 | Zig:22   | Reached skill level 23 in Earth Magic
103519 | Zig:22   | Found the +7 great mace "Firestarter" {inner flame, rF++}
103525 | Zig:22   | Found the +11 plutonium sword {Contam Stlth-}
103576 | Zig:22   | Identified the amulet "Fihaevul" {RegenMP rF++ rCorr}
103604 | Zig:22   | Identified the +11 broad axe of the Unkillable {vorpal,
                  | Str+7 Dex+2}
103605 | Zig:22   | Identified the +3 broad axe of Gibb {vamp, rN+ Will+ Dex+2}
103673 | Zig:23   | Entered Level 23 of a ziggurat
103707 | Zig:23   | Reached skill level 24 in Earth Magic
103740 | Zig:23   | Identified the +5 shortbow "Zoluseyk" {flame, Str+2 Stlth+}
103747 | Zig:23   | Identified the +8 quarterstaff of Light {distort, rPois
                  | Int+3 SInv}
103759 | Zig:23   | Identified the +0 pair of gloves "Teawkibi" {rElec Will+
                  | Dex-5}
103767 | Zig:24   | Entered Level 24 of a ziggurat
103796 | Zig:24   | Reached skill level 24 in Fighting
103812 | Zig:24   | Identified a +0 robe of resistance
103849 | Zig:24   | Identified the +0 cloak of Purpose {rC+ rCorr Int+2}
103867 | Zig:24   | Reached skill level 23 in Shields
103886 | Zig:24   | Got the Grimoire of Clay and Companions
103947 | Zig:25   | Entered Level 25 of a ziggurat
103971 | Zig:25   | Reached skill level 23 in Dodging
104067 | Zig:25   | Identified the amulet "Otiasch" {RegenMP Contam rF+++
                  | Int+3}
104075 | Zig:25   | Identified the ring of the Jester {Will+ Int+4}
104080 | Zig:25   | Identified the +4 scimitar of Atugona {antimagic, Str+3
                  | Int+4}
104125 | Zig:26   | Entered Level 26 of a ziggurat
104155 | Zig:26   | Reached skill level 25 in Fighting
104161 | Zig:26   | Reached skill level 24 in Shields
104188 | Zig:26   | Reached skill level 24 in Dodging
104349 | Zig:26   | Identified the +0 robe "Ivvus" {Dex+2}
104385 | Zig:27   | Entered Level 27 of a ziggurat
104404 | Zig:27   | Noticed an ancient lich
104410 | Zig:27   | Killed an ancient lich
104411 | Zig:27   | Noticed an ancient lich
104412 | Zig:27   | Noticed a dread lich
104412 | Zig:27   | Noticed an ancient lich
104413 | Zig:27   | Killed an ancient lich
104413 | Zig:27   | Noticed an ancient lich
104414 | Zig:27   | Killed a dread lich
104414 | Zig:27   | Killed an ancient lich
104414 | Zig:27   | Killed an ancient lich
104414 | Zig:27   | Noticed an ancient lich
104414 | Zig:27   | Noticed an ancient lich
104417 | Zig:27   | Killed an ancient lich
104417 | Zig:27   | Killed an ancient lich
104418 | Zig:27   | Noticed a dread lich
104420 | Zig:27   | Killed a dread lich
104455 | Zig:27   | Identified the ring of Neurosis {Ice Int+3}
104471 | Zig:27   | Identified the +6 plate armour of the Depths {Harm rElec
                  | rC- Int+2}
104506 | Depths:2 | Lost mutation: You are frail. (-10% HP) [potion of
                  | mutation]
104506 | Depths:2 | Lost mutation: Your magical capacity is low. (-10% MP)
                  | [potion of mutation]
104506 | Depths:2 | Lost mutation: Potions are less effective at restoring your
                  | health. [potion of mutation]
104506 | Depths:2 | Lost mutation: Your spells are a little harder to cast, but
                  | a little more powerful. [potion of mutation]
104506 | Depths:2 | Gained mutation: You have a pair of small antennae on your
                  | head. [potion of mutation]
104506 | Depths:2 | Gained mutation: You have supernaturally acute eyesight.
                  | (SInv) [potion of mutation]
104552 | Depths:2 | Lost mutation: You are agile. (Dex +2) [potion of mutation]
104552 | Depths:2 | Lost mutation: You have a pair of small antennae on your
                  | head. [potion of mutation]
104552 | Depths:2 | Gained mutation: You have a pair of small antennae on your
                  | head. [potion of mutation]
104552 | Depths:2 | Gained mutation: You possess an exceptional clarity of
                  | mind. [potion of mutation]
104690 | Zig:1    | Entered Level 1 of a ziggurat
104717 | Zig:2    | Entered Level 2 of a ziggurat
104743 | Zig:3    | Entered Level 3 of a ziggurat
104743 | Zig:3    | Noticed a curse skull
104744 | Zig:3    | Noticed a dread lich
104744 | Zig:3    | Noticed a curse skull
104748 | Zig:3    | Killed a curse skull
104748 | Zig:3    | Killed a curse skull
104748 | Zig:3    | Killed a dread lich
104758 | Zig:3    | Identified the +5 scale mail of Polish {Dex+4}
104789 | Zig:4    | Entered Level 4 of a ziggurat
104791 | Zig:4    | Noticed a dread lich
104795 | Zig:4    | Killed a dread lich
104796 | Zig:4    | Reached skill level 26 in Fighting
104810 | Zig:5    | Entered Level 5 of a ziggurat
104836 | Zig:5    | Identified the +7 quarterstaff "Udaj" {vamp, +Blink rPois
                  | Stlth+}
104849 | Zig:6    | Entered Level 6 of a ziggurat
104855 | Zig:6    | Reached skill level 25 in Shields
104855 | Zig:6    | Found the +4 moon troll leather armour {Spirit, Regen++
                  | MP+5}
104878 | Zig:6    | Got Asmodeus's Disquisition on the Escort
104886 | Zig:7    | Entered Level 7 of a ziggurat
104915 | Zig:7    | Identified the +1 chain mail of Disaster {rPois Will+
                  | Dex+4}
104920 | Zig:8    | Entered Level 8 of a ziggurat
104931 | Zig:8    | Reached skill level 17 in Conjurations
104935 | Zig:8    | Reached skill level 25 in Dodging
104963 | Zig:9    | Entered Level 9 of a ziggurat
104970 | Zig:9    | Noticed an ancient lich
104970 | Zig:9    | Noticed a dread lich
104972 | Zig:9    | Killed an ancient lich
104972 | Zig:9    | Killed a dread lich
104982 | Zig:9    | Found the amulet of the Four Winds {rN+ Will+++ Clar}
105034 | Zig:9    | Identified the +6 demon blade "Udemaac" {pain, rPois MP-9
                  | Int+7}
105042 | Zig:10   | Entered Level 10 of a ziggurat
105127 | Zig:11   | Entered Level 11 of a ziggurat
105162 | Zig:11   | Identified the +6 spear of Demand {protect, *Rage rElec
                  | SInv}
105170 | Zig:12   | Entered Level 12 of a ziggurat
105213 | Zig:12   | Identified the +7 mace of Triumph {vorpal, rPois Int+6}
105220 | Zig:13   | Entered Level 13 of a ziggurat
105255 | Zig:13   | Found the +2 hood of the Assassin {Detection Stab+ Stlth++}
105255 | Zig:13   | Found the +8 longbow "Zephyr" {speed, Dex+3 SInv}
105262 | Zig:13   | Identified the +0 scale mail of Narcissism {Regen+ SInv}
105294 | Zig:14   | Entered Level 14 of a ziggurat
105311 | Zig:14   | Reached skill level 27 in Fighting
105311 | Zig:14   | Reached skill level 26 in Shields
105313 | Zig:14   | Noticed an ancient lich
105315 | Zig:14   | Reached skill level 26 in Dodging
105315 | Zig:14   | Killed an ancient lich
105334 | Zig:14   | Identified the ring "Oheexto" {Fly rElec Int+6}
105352 | Zig:14   | Identified the +7 rapier "Kuzxuo" {pain, Int+6}
105367 | Zig:15   | Entered Level 15 of a ziggurat
105468 | Zig:15   | Reached skill level 7 in Ice Magic
105816 | Zig:15   | Reached skill level 8 in Ice Magic
105855 | Zig:15   | Reached skill level 9 in Ice Magic
105866 | Zig:15   | Reached skill level 10 in Ice Magic
105872 | Zig:15   | Identified the +8 shortbow of Insomnia {vorpal, rPois}
105875 | Zig:15   | Reached skill level 12 in Ice Magic
105881 | Zig:15   | Identified the +3 scimitar "Pomil" {freeze, rElec rF+ Will+
                  | Str+4 Stlth-}
105932 | Zig:16   | Entered Level 16 of a ziggurat
105939 | Zig:16   | Noticed a caustic shrike
105943 | Zig:16   | Noticed a caustic shrike
105946 | Zig:16   | Noticed a caustic shrike
105950 | Zig:16   | Noticed a caustic shrike
105951 | Zig:16   | Killed a caustic shrike
105952 | Zig:16   | Noticed a caustic shrike
105952 | Zig:16   | Noticed a caustic shrike
105953 | Zig:16   | Killed a caustic shrike
105954 | Zig:16   | Killed a caustic shrike
105954 | Zig:16   | Killed a caustic shrike
105954 | Zig:16   | Killed a caustic shrike
105955 | Zig:16   | Reached skill level 13 in Ice Magic
105955 | Zig:16   | Killed a caustic shrike
105979 | Zig:16   | Reached skill level 14 in Ice Magic
105990 | Zig:16   | Identified the +0 plate armour of Asceticism {Harm}
105992 | Zig:16   | Identified the +2 hunting sling of Datuen {venom, Will+}
105993 | Zig:16   | Identified the +1 ring mail of Cuclen {Contam rPois Str+4
                  | Dex+2}
106008 | Zig:17   | Entered Level 17 of a ziggurat
106022 | Zig:17   | Reached skill level 19 in Spellcasting
106116 | Zig:18   | Entered Level 18 of a ziggurat
106134 | Zig:18   | Reached skill level 15 in Ice Magic
106173 | Zig:18   | Reached skill level 16 in Ice Magic
106236 | Zig:18   | Identified a +1 robe of the Archmagi
106238 | Zig:18   | Identified the +0 robe of Narrow Leaves {Archmagi}
106243 | Zig:19   | Entered Level 19 of a ziggurat
106252 | Zig:19   | Noticed a juggernaut
106257 | Zig:19   | Killed a juggernaut
106262 | Zig:19   | Reached skill level 20 in Spellcasting
106264 | Zig:19   | Noticed a juggernaut
106265 | Zig:19   | Killed a juggernaut
106270 | Zig:19   | Reached skill level 27 in Shields
106288 | Zig:19   | Reached skill level 17 in Ice Magic
106291 | Zig:19   | Identified the +9 plate armour of the Falcon {-Tele Str+5}
106304 | Zig:19   | Identified the ring of Omuuq {rF- rC+++ Dex-4 Slay+4
                  | Stlth+}
106314 | Zig:20   | Entered Level 20 of a ziggurat
106338 | Zig:20   | Reached skill level 27 in Dodging
106339 | Zig:20   | Noticed a caustic shrike
106339 | Zig:20   | Noticed a caustic shrike
106341 | Zig:20   | Reached skill level 18 in Ice Magic
106341 | Zig:20   | Killed a caustic shrike
106342 | Zig:20   | Killed a caustic shrike
106346 | Zig:20   | Reached skill level 19 in Ice Magic
106370 | Zig:20   | Identified the amulet "Oschouwk" {Acrobat Harm Drain rPois
                  | Dex+5}
106400 | Zig:20   | Identified the +2 pair of boots of the Alphagorgon {rElec
                  | rC- rN++ Dex-3}
106407 | Zig:20   | Identified the ring "Duoxtois" {rCorr Str+7}
106408 | Zig:20   | Identified the +0 robe "Tisewos" {rCorr Archmagi}
106418 | Zig:21   | Entered Level 21 of a ziggurat
106433 | Zig:21   | Identified +0 pearl dragon scales
106433 | Zig:21   | Identified +0 pearl dragon scales
106436 | Zig:21   | Identified +0 pearl dragon scales
106441 | Zig:21   | Reached skill level 20 in Ice Magic
106441 | Zig:21   | Identified +0 pearl dragon scales
106442 | Zig:21   | Identified +0 pearl dragon scales
106442 | Zig:21   | Identified the +0 tower shield of Grace {+Inv rElec}
106445 | Zig:21   | Identified +0 pearl dragon scales
106448 | Zig:21   | Reached skill level 21 in Ice Magic
106572 | Zig:21   | Identified the amulet of the Final Chapter {Faith Fly
                  | Dex+3}
106581 | Zig:21   | Identified the +11 hunting sling of Peril {flame, rC+}
106583 | Zig:21   | Identified the +2 plate armour "Syolo" {Contam rF+ Regen+
                  | rCorr Dex+2}
106591 | Zig:21   | Identified the ring of Cekiep {rF+ rN+ SInv}
106593 | Zig:21   | Identified the +5 falchion of Lirphut {vorpal, Dex+5}
106614 | Zig:22   | Entered Level 22 of a ziggurat
106628 | Zig:22   | Noticed a caustic shrike
106629 | Zig:22   | Noticed a caustic shrike
106630 | Zig:22   | Noticed a caustic shrike
106631 | Zig:22   | Noticed a caustic shrike
106633 | Zig:22   | Killed a caustic shrike
106635 | Zig:22   | Killed a caustic shrike
106636 | Zig:22   | Reached skill level 22 in Ice Magic
106636 | Zig:22   | Killed a caustic shrike
106637 | Zig:22   | Killed a caustic shrike
106653 | Zig:22   | Reached skill level 23 in Ice Magic
106686 | Zig:22   | Identified the ring "Vumuer" {Fly rC+ Str+3 Stlth+}
106705 | Zig:22   | Identified the ring of the Komodo Dragon {Fire rN+ Dex+4}
106708 | Zig:22   | Identified the +1 robe of Defiance {Dex+3}
106717 | Zig:22   | Identified the +1 morningstar of Ahif {vorpal, rN+}
106734 | Zig:23   | Entered Level 23 of a ziggurat
106743 | Zig:23   | Identified a +1 robe of resistance
106759 | Zig:23   | Reached skill level 24 in Ice Magic
106783 | Zig:23   | Identified the +2 helmet of Mezcal {rC- rN+ Str+7}
106785 | Zig:23   | Identified the +6 short sword of Makhleb's Envy {flame,
                  | *Noise rF++ SInv}
106788 | Zig:23   | Identified the +2 dagger of Disharmony {pain, Will++}
106797 | Zig:23   | Identified the +3 morningstar of Unpleasantness {vorpal,
                  | Fly}
106800 | Zig:23   | Identified the +2 buckler of the Raven {rC+ rCorr}
106812 | Zig:24   | Entered Level 24 of a ziggurat
106824 | Zig:24   | Noticed a juggernaut
106827 | Zig:24   | Killed a juggernaut
106835 | Zig:24   | Reached skill level 25 in Ice Magic
106844 | Zig:24   | Reached skill level 26 in Ice Magic
106903 | Zig:24   | Identified the +3 falchion "Wisemm" {freeze, Int+6}
106907 | Zig:24   | Identified the +3 scale mail of the Farrier {rN+}
106916 | Zig:25   | Entered Level 25 of a ziggurat
106927 | Zig:25   | Noticed Corghan the pandemonium lord
106928 | Zig:25   | Noticed Anoblon the pandemonium lord
106929 | Zig:25   | Noticed Cohoo the pandemonium lord
106929 | Zig:25   | Noticed Xowoblefoo the pandemonium lord
106930 | Zig:25   | Killed Anoblon the pandemonium lord
106930 | Zig:25   | Noticed Jenwic the pandemonium lord
106931 | Zig:25   | Killed Corghan the pandemonium lord
106931 | Zig:25   | Noticed Esy Soga the pandemonium lord
106932 | Zig:25   | Noticed Huexze the pandemonium lord
106932 | Zig:25   | Noticed Liwaunik the pandemonium lord
106932 | Zig:25   | Noticed Tuojoel the pandemonium lord
106932 | Zig:25   | Killed Cohoo the pandemonium lord
106933 | Zig:25   | Killed Jenwic the pandemonium lord
106933 | Zig:25   | Killed Xowoblefoo the pandemonium lord
106933 | Zig:25   | Noticed Xygenung the pandemonium lord
106933 | Zig:25   | Noticed Lerupp the pandemonium lord
106933 | Zig:25   | Noticed Ymniy the pandemonium lord
106933 | Zig:25   | Noticed Sacoif the pandemonium lord
106935 | Zig:25   | Killed Huexze the pandemonium lord
106935 | Zig:25   | Killed Sacoif the pandemonium lord
106935 | Zig:25   | Killed Esy Soga the pandemonium lord
106936 | Zig:25   | Reached skill level 27 in Ice Magic
106936 | Zig:25   | Noticed Veedatoa the pandemonium lord
106937 | Zig:25   | Noticed Qaosm the pandemonium lord
106937 | Zig:25   | Killed Xygenung the pandemonium lord
106937 | Zig:25   | Killed Tuojoel the pandemonium lord
106937 | Zig:25   | Killed Ymniy the pandemonium lord
106938 | Zig:25   | Killed Lerupp the pandemonium lord
106939 | Zig:25   | Killed Liwaunik the pandemonium lord
106939 | Zig:25   | Paralysed by a floating eye for 4 turns
106942 | Zig:25   | Noticed Myugidud the pandemonium lord
106943 | Zig:25   | Killed Veedatoa the pandemonium lord
106943 | Zig:25   | Noticed Ygodd the pandemonium lord
106944 | Zig:25   | Killed Qaosm the pandemonium lord
106945 | Zig:25   | Reached skill level 25 in Earth Magic
106945 | Zig:25   | Noticed Waapp the pandemonium lord
106946 | Zig:25   | Killed Myugidud the pandemonium lord
106946 | Zig:25   | Killed Ygodd the pandemonium lord
106946 | Zig:25   | Noticed Rocuq the pandemonium lord
106947 | Zig:25   | Noticed Wexig the pandemonium lord
106948 | Zig:25   | Killed Rocuq the pandemonium lord
106949 | Zig:25   | Reached skill level 18 in Conjurations
106949 | Zig:25   | Killed Wexig the pandemonium lord
106949 | Zig:25   | Killed Waapp the pandemonium lord
106965 | Zig:25   | Noticed Anairov the pandemonium lord
106968 | Zig:25   | Killed Anairov the pandemonium lord
106974 | Zig:25   | Noticed Zydweem the pandemonium lord
106977 | Zig:25   | Noticed Rucruw the pandemonium lord
106978 | Zig:25   | Killed Rucruw the pandemonium lord
106980 | Zig:25   | Killed Zydweem the pandemonium lord
106981 | Zig:25   | Noticed Bemi the pandemonium lord
107108 | Zig:25   | Killed Bemi the pandemonium lord
107121 | Zig:25   | Noticed Tiust the pandemonium lord
107127 | Zig:25   | Killed Tiust the pandemonium lord
107316 | Zig:25   | Identified the ring "Waerhum" {rF+ Str+6 Int+2}
107320 | Zig:25   | Reached skill level 21 in Spellcasting
107354 | Zig:26   | Entered Level 26 of a ziggurat
107376 | Zig:26   | Reached skill level 26 in Earth Magic
107387 | Zig:26   | Reached skill level 19 in Conjurations
107431 | Zig:26   | Found the +8 whip "Snakebite" {venom, curare, rPois}
107435 | Zig:26   | Found the +4 Cigotuvi's embrace {rMiasma Drain rN+}
107452 | Zig:26   | Identified the amulet of the Bull {Faith Harm rN+ MP-9
                  | Int+3}
107461 | Zig:26   | Identified the +10 scimitar of Quantum Leap {protect,
                  | rCorr}
107465 | Zig:26   | Got the Collected Works on Necromancy
107468 | Zig:26   | Identified the amulet of Nytomovo {Faith rPois Regen+ Str-5
                  | Dex+7}
107486 | Zig:26   | Identified the ring "Qiedd" {rN+ Will+ Str-5 Dex+4}
107497 | Zig:27   | Entered Level 27 of a ziggurat
107511 | Zig:27   | Noticed a juggernaut
107514 | Zig:27   | Noticed a juggernaut
107515 | Zig:27   | Killed a juggernaut
107516 | Zig:27   | Reached skill level 1 in Necromancy
107516 | Zig:27   | Reached skill level 27 in Earth Magic
107516 | Zig:27   | Killed a juggernaut
107518 | Zig:27   | Reached skill level 2 in Necromancy
107520 | Zig:27   | Reached skill level 9 in Transmutations
107524 | Zig:27   | Noticed a juggernaut
107525 | Zig:27   | Reached skill level 3 in Necromancy
107527 | Zig:27   | Killed a juggernaut
107528 | Zig:27   | Noticed a juggernaut
107528 | Zig:27   | Noticed a juggernaut
107530 | Zig:27   | Killed a juggernaut
107531 | Zig:27   | Reached skill level 22 in Spellcasting
107531 | Zig:27   | Reached skill level 4 in Necromancy
107531 | Zig:27   | Reached skill level 10 in Transmutations
107531 | Zig:27   | Killed a juggernaut
107535 | Zig:27   | Reached skill level 20 in Conjurations
107535 | Zig:27   | Reached skill level 5 in Necromancy
107537 | Zig:27   | Reached skill level 11 in Transmutations
107574 | Zig:27   | Identified the ring of the Marlin {rN+ Str+3}
107599 | Zig:27   | Reached skill level 6 in Necromancy
107599 | Zig:27   | Reached skill level 12 in Transmutations
107734 | D:15     | Bought 3 silver javelins for 108 gold pieces
108231 | Shoals:4 | Learned a level 9 spell: Polar Vortex
108717 | Crypt:2  | Learned a level 8 spell: Necromutation
109190 | Zig:1    | Entered Level 1 of a ziggurat
109207 | Zig:2    | Entered Level 2 of a ziggurat
109209 | Zig:2    | Noticed a juggernaut
109213 | Zig:2    | Killed a juggernaut
109228 | Zig:3    | Entered Level 3 of a ziggurat
109251 | Zig:3    | Reached skill level 7 in Necromancy
109252 | Zig:3    | Noticed Fixoq the pandemonium lord
109257 | Zig:3    | Killed Fixoq the pandemonium lord
109273 | Zig:4    | Entered Level 4 of a ziggurat
109276 | Zig:4    | Noticed Luewigej the pandemonium lord
109278 | Zig:4    | Reached skill level 13 in Transmutations
109279 | Zig:4    | Killed Luewigej the pandemonium lord
109333 | Zig:5    | Entered Level 5 of a ziggurat
109346 | Zig:5    | Reached skill level 8 in Necromancy
109349 | Zig:5    | Reached skill level 14 in Transmutations
109353 | Zig:5    | Identified the +1 scale mail "Biemehel" {Fly MP-9 Int+7}
109359 | Zig:6    | Entered Level 6 of a ziggurat
109368 | Zig:6    | Reached skill level 9 in Necromancy
109386 | Zig:6    | Got the Grimoire of the Ashen Escort
109394 | Zig:6    | Identified a +1 crystal plate armour
109407 | Zig:7    | Entered Level 7 of a ziggurat
109414 | Zig:7    | Reached skill level 15 in Transmutations
109416 | Zig:7    | Reached skill level 23 in Spellcasting
109443 | Zig:8    | Entered Level 8 of a ziggurat
109459 | Zig:8    | Reached skill level 10 in Necromancy
109491 | Zig:8    | Identified the +6 great sword of Gobului {drain, Drain
                  | rElec rC++ Dex+2}
109545 | Zig:9    | Entered Level 9 of a ziggurat
109555 | Zig:9    | Noticed Seirempos the pandemonium lord
109556 | Zig:9    | Reached skill level 1 in Throwing
109557 | Zig:9    | Reached skill level 2 in Throwing
109557 | Zig:9    | Reached skill level 16 in Transmutations
109558 | Zig:9    | Reached skill level 3 in Throwing
109558 | Zig:9    | Killed Seirempos the pandemonium lord
109559 | Zig:9    | Reached skill level 5 in Throwing
109603 | Zig:10   | Entered Level 10 of a ziggurat
109615 | Zig:10   | Reached skill level 6 in Throwing
109616 | Zig:10   | Reached skill level 11 in Necromancy
109618 | Zig:10   | Reached skill level 17 in Transmutations
109629 | Zig:10   | Identified the ring of Lust {rF+ rCorr}
109648 | Zig:10   | Reached skill level 7 in Throwing
109654 | Zig:11   | Entered Level 11 of a ziggurat
109658 | Zig:11   | Noticed a curse skull
109661 | Zig:11   | Killed a curse skull
109662 | Zig:11   | Reached skill level 8 in Throwing
109667 | Zig:11   | Reached skill level 9 in Throwing
109668 | Zig:11   | Reached skill level 18 in Transmutations
109678 | Zig:11   | Reached skill level 12 in Necromancy
109813 | Zig:12   | Entered Level 12 of a ziggurat
109823 | Zig:12   | Noticed a dread lich
109823 | Zig:12   | Noticed an ancient lich
109824 | Zig:12   | Killed a dread lich
109824 | Zig:12   | Noticed a curse skull
109824 | Zig:12   | Noticed a curse skull
109824 | Zig:12   | Noticed a dread lich
109825 | Zig:12   | Killed an ancient lich
109825 | Zig:12   | Killed a curse skull
109825 | Zig:12   | Killed a curse skull
109825 | Zig:12   | Noticed a curse skull
109826 | Zig:12   | Reached skill level 10 in Throwing
109826 | Zig:12   | Killed a curse skull
109826 | Zig:12   | Killed a dread lich
109826 | Zig:12   | Noticed a curse skull
109827 | Zig:12   | Killed a curse skull
109827 | Zig:12   | Noticed a curse skull
109828 | Zig:12   | Killed a curse skull
109831 | Zig:12   | Reached skill level 11 in Throwing
109833 | Zig:12   | Reached skill level 24 in Spellcasting
109857 | Zig:13   | Entered Level 13 of a ziggurat
109870 | Zig:13   | Reached skill level 19 in Transmutations
109870 | Zig:13   | Noticed a dread lich
109872 | Zig:13   | Killed a dread lich
109873 | Zig:13   | Reached skill level 12 in Throwing
109873 | Zig:13   | Reached skill level 13 in Necromancy
109901 | Zig:13   | Identified the +1 ring mail "Lulam" {rF+ rCorr}
110003 | Zig:13   | Reached skill level 13 in Throwing
110015 | Zig:13   | Identified the +4 chain mail of Elyvilon's Whim {Int+5}
110019 | Zig:14   | Entered Level 14 of a ziggurat
110032 | Zig:14   | Noticed a caustic shrike
110033 | Zig:14   | Noticed a caustic shrike
110035 | Zig:14   | Reached skill level 20 in Transmutations
110035 | Zig:14   | Killed a caustic shrike
110037 | Zig:14   | Killed a caustic shrike
110040 | Zig:14   | Reached skill level 14 in Throwing
110040 | Zig:14   | Reached skill level 14 in Necromancy
110058 | Zig:14   | Acquired 1378 gold pieces
110063 | Zig:14   | Identified the ring "Wita Yts" {rCorr Int+4}
110068 | Zig:14   | Identified the ring "Duinulod" {rF+ Str+5}
110086 | Zig:15   | Entered Level 15 of a ziggurat
110099 | Zig:15   | Noticed a caustic shrike
110099 | Zig:15   | Noticed a caustic shrike
110099 | Zig:15   | Noticed a caustic shrike
110100 | Zig:15   | Noticed a caustic shrike
110101 | Zig:15   | Killed a caustic shrike
110101 | Zig:15   | Noticed a caustic shrike
110102 | Zig:15   | Killed a caustic shrike
110102 | Zig:15   | Killed a caustic shrike
110102 | Zig:15   | Killed a caustic shrike
110102 | Zig:15   | Killed a caustic shrike
110102 | Zig:15   | Noticed a caustic shrike
110106 | Zig:15   | Killed a caustic shrike
110129 | Zig:16   | Entered Level 16 of a ziggurat
110158 | Zig:16   | Reached skill level 15 in Throwing
110158 | Zig:16   | Reached skill level 21 in Transmutations
110159 | Zig:16   | Reached skill level 15 in Necromancy
110163 | Zig:16   | Reached skill level 25 in Spellcasting
110195 | Zig:16   | Identified +2 pearl dragon scales
110214 | Zig:16   | Learned a level 8 spell: Borgnjor's Revivification
110217 | Zig:17   | Entered Level 17 of a ziggurat
110232 | Zig:17   | Noticed an ancient lich
110233 | Zig:17   | Noticed a curse skull
110233 | Zig:17   | Noticed a curse skull
110234 | Zig:17   | Noticed an ancient lich
110234 | Zig:17   | Noticed a curse skull
110235 | Zig:17   | Killed an ancient lich
110235 | Zig:17   | Killed a curse skull
110235 | Zig:17   | Killed a curse skull
110235 | Zig:17   | Killed a curse skull
110236 | Zig:17   | Reached skill level 16 in Throwing
110236 | Zig:17   | Killed an ancient lich
110236 | Zig:17   | Noticed a curse skull
110236 | Zig:17   | Noticed a curse skull
110236 | Zig:17   | Noticed an ancient lich
110237 | Zig:17   | Killed a curse skull
110237 | Zig:17   | Killed a curse skull
110237 | Zig:17   | Noticed a curse skull
110237 | Zig:17   | Noticed a curse skull
110237 | Zig:17   | Noticed an ancient lich
110238 | Zig:17   | Killed an ancient lich
110238 | Zig:17   | Killed a curse skull
110238 | Zig:17   | Killed a curse skull
110238 | Zig:17   | Noticed a curse skull
110238 | Zig:17   | Noticed a curse skull
110239 | Zig:17   | Killed a curse skull
110239 | Zig:17   | Killed a curse skull
110240 | Zig:17   | Killed an ancient lich
110241 | Zig:17   | Reached skill level 17 in Throwing
110246 | Zig:17   | Found the +3 pair of gauntlets of War {Slay+5}
110252 | Zig:17   | Identified the ring "Ydamah" {*Slow rElec Will+ Str+6
                  | Dex+4}
110257 | Zig:17   | Identified the +3 plate armour of the Neverending Moons
                  | {MP+9}
110259 | Zig:17   | Identified the amulet "Amoc" {Spirit Will+}
110383 | Zig:17   | Reached skill level 26 in Spellcasting
110390 | Zig:18   | Entered Level 18 of a ziggurat
110406 | Zig:18   | Noticed an ancient lich
110408 | Zig:18   | Killed an ancient lich
110411 | Zig:18   | Reached skill level 18 in Throwing
110442 | Zig:18   | Identified the amulet "Cinnotas" {Spirit rN++ rCorr Str-2
                  | SInv}
110458 | Zig:18   | Identified the +1 hand crossbow "Yqeynk" {vorpal, Contam
                  | +Blink Str+4}
110468 | Zig:19   | Entered Level 19 of a ziggurat
110492 | Zig:19   | Reached skill level 19 in Throwing
110500 | Zig:19   | Reached skill level 27 in Spellcasting
110554 | Zig:19   | Identified the +11 flail of Defiance {vorpal, rElec}
110577 | Zig:19   | Identified the +9 dagger of Gloom {freeze, Will+}
110588 | Zig:20   | Entered Level 20 of a ziggurat
110608 | Zig:20   | Reached skill level 20 in Throwing
110617 | Zig:20   | Reached skill level 21 in Throwing
110690 | Zig:20   | Identified the ring "Ixual" {Drain Will+ AC+4 Dex+4}
110721 | Zig:21   | Entered Level 21 of a ziggurat
110745 | Zig:21   | Reached skill level 22 in Throwing
110747 | Zig:21   | Reached skill level 23 in Throwing
110747 | Zig:21   | Found the +12 glaive of Prune {vorpal}
110846 | Zig:21   | Reached skill level 24 in Throwing
110847 | Zig:21   | Identified the +1 hunting sling "Kaci Ymeng" {flame, rElec
                  | MP+9}
110861 | Zig:21   | Identified the +4 troll leather armour of the Vaults {rElec
                  | Regen+ rCorr}
110870 | Zig:21   | Identified the +8 halberd of the Orcish Mines {speed, rElec
                  | rC+ SInv}
110873 | Zig:21   | Identified the +5 dagger of Quick Death {vorpal, Str+7}
110915 | Zig:22   | Entered Level 22 of a ziggurat
110935 | Zig:22   | Reached skill level 25 in Throwing
110964 | Zig:22   | Reached skill level 26 in Throwing
111008 | Zig:22   | Found the +2 hat of the Bear Spirit {Spirit, *Rage Will++}
111020 | Zig:22   | Identified the ring of Zogaedeps {AC+4 Int+4}
111024 | Zig:22   | Identified the +4 flail "Duaho" {vorpal, rC+ Int-4 Dex+3}
111065 | Zig:23   | Entered Level 23 of a ziggurat
111098 | Zig:23   | Reached skill level 27 in Throwing
111100 | Zig:23   | Reached skill level 1 in Translocations
111102 | Zig:23   | Reached skill level 6 in Staves
111104 | Zig:23   | Reached skill level 2 in Translocations
111105 | Zig:23   | Reached skill level 7 in Staves
111110 | Zig:23   | Reached skill level 11 in Poison Magic
111229 | Zig:23   | Identified the +9 long sword of Makhleb's Regard {venom,
                  | Drain rPois SInv}
111230 | Zig:23   | Identified the ring "Vioq Zikh" {Slay+4 SInv}
111231 | Zig:23   | Identified the +0 pair of boots "Teat" {rCorr Str+7}
111285 | Zig:23   | Identified the +7 short sword "Yfest" {flame, Str+6}
111290 | Zig:24   | Entered Level 24 of a ziggurat
111307 | Zig:24   | Reached skill level 8 in Staves
111309 | Zig:24   | Reached skill level 3 in Translocations
111311 | Zig:24   | Reached skill level 6 in Air Magic
111317 | Zig:24   | Reached skill level 21 in Stealth
111319 | Zig:24   | Noticed a dread lich
111319 | Zig:24   | Paralysed by accursed screaming for 2 turns
111320 | Zig:24   | Reached skill level 9 in Staves
111320 | Zig:24   | Reached skill level 16 in Evocations
111322 | Zig:24   | Reached skill level 12 in Poison Magic
111323 | Zig:24   | Killed a dread lich
111324 | Zig:24   | Reached skill level 10 in Staves
111324 | Zig:24   | Reached skill level 4 in Translocations
111360 | Zig:24   | Identified the +8 dagger of the Coin {flame, rPois Str+4}
111368 | Zig:24   | Identified the ring "Eniu" {rF+ Str+3}
111371 | Zig:24   | Identified the +0 chain mail of the Past {Will+ Slay+3
                  | SInv}
111389 | Zig:25   | Entered Level 25 of a ziggurat
111400 | Zig:25   | Noticed a caustic shrike
111401 | Zig:25   | Noticed a caustic shrike
111403 | Zig:25   | Noticed a caustic shrike
111404 | Zig:25   | Noticed a caustic shrike
111405 | Zig:25   | Noticed a caustic shrike
111406 | Zig:25   | Noticed a caustic shrike
111407 | Zig:25   | Killed a caustic shrike
111407 | Zig:25   | Killed a caustic shrike
111407 | Zig:25   | Killed a caustic shrike
111408 | Zig:25   | Reached skill level 11 in Staves
111408 | Zig:25   | Reached skill level 7 in Air Magic
111408 | Zig:25   | Killed a caustic shrike
111409 | Zig:25   | Killed a caustic shrike
111409 | Zig:25   | Killed a caustic shrike
111410 | Zig:25   | Reached skill level 13 in Poison Magic
111412 | Zig:25   | Reached skill level 22 in Stealth
111413 | Zig:25   | Reached skill level 16 in Necromancy
111413 | Zig:25   | Reached skill level 5 in Translocations
111417 | Zig:25   | Reached skill level 12 in Staves
111418 | Zig:25   | Reached skill level 17 in Evocations
111420 | Zig:25   | Noticed a caustic shrike
111422 | Zig:25   | Killed a caustic shrike
111426 | Zig:25   | Reached skill level 14 in Poison Magic
111428 | Zig:25   | Reached skill level 13 in Staves
111444 | Zig:25   | Found the +8 Vampire's Tooth {vamp}
111445 | Zig:25   | Found the +3 salamander hide armour {Flames rF++ rC--}
111463 | Zig:25   | Identified the ring of Pusan {rElec AC+4 Int+3}
111482 | Zig:26   | Entered Level 26 of a ziggurat
111548 | Zig:26   | Reached skill level 6 in Translocations
111554 | Zig:26   | Reached skill level 8 in Air Magic
111560 | Zig:26   | Reached skill level 23 in Stealth
111560 | Zig:26   | Reached skill level 22 in Transmutations
111573 | Zig:26   | Reached skill level 15 in Poison Magic
111573 | Zig:26   | Reached skill level 18 in Evocations
111578 | Zig:26   | Reached skill level 14 in Staves
111578 | Zig:26   | Reached skill level 7 in Translocations
111581 | Zig:26   | Reached skill level 21 in Conjurations
111593 | Zig:26   | Gained mutation: Your magical capacity is low. (-10% MP) [a
                  | shining eye]
111615 | Zig:26   | Found the +6 Majin-Bo {vamp, MP+6 Int+6}
111643 | Zig:27   | Entered Level 27 of a ziggurat
111662 | Zig:27   | Reached skill level 24 in Stealth
111667 | Zig:27   | Reached skill level 16 in Poison Magic
111673 | Zig:27   | Reached skill level 17 in Necromancy
111673 | Zig:27   | Reached skill level 8 in Translocations
111674 | Zig:27   | Reached skill level 15 in Staves
111674 | Zig:27   | Reached skill level 19 in Evocations
111680 | Zig:27   | Noticed Ituor the pandemonium lord
111684 | Zig:27   | Killed Ituor the pandemonium lord
111687 | Zig:27   | Reached skill level 17 in Poison Magic
111688 | Zig:27   | Reached skill level 25 in Stealth
111702 | Zig:27   | Gained mutation: Potions are less effective at restoring
                  | your health. [a cacodemon]
111714 | Zig:27   | Found the ring of the Tortoise {AC+8}
111733 | Zig:27   | Identified the ring of Life {rPois rF+++ Will- Str+6 Dex-3}
111743 | Zig:27   | Identified the +1 great mace of Mysul {drain, rPois Str+3}
111788 | Zig:1    | Entered Level 1 of a ziggurat
111788 | Zig:1    | Noticed Ritepp the pandemonium lord
111794 | Zig:1    | Killed Ritepp the pandemonium lord
111847 | Zig:2    | Entered Level 2 of a ziggurat
111852 | Zig:2    | Reached skill level 9 in Translocations
111912 | Zig:3    | Entered Level 3 of a ziggurat
111932 | Zig:4    | Entered Level 4 of a ziggurat
111935 | Zig:4    | Reached skill level 16 in Staves
111951 | Zig:4    | Reached skill level 18 in Poison Magic
111951 | Zig:4    | Reached skill level 20 in Evocations
111969 | Zig:5    | Entered Level 5 of a ziggurat
112011 | Zig:6    | Entered Level 6 of a ziggurat
112031 | Zig:6    | Reached skill level 26 in Stealth
112061 | Zig:7    | Entered Level 7 of a ziggurat
112065 | Zig:7    | Noticed a caustic shrike
112066 | Zig:7    | Noticed a caustic shrike
112067 | Zig:7    | Noticed a caustic shrike
112069 | Zig:7    | Killed a caustic shrike
112069 | Zig:7    | Killed a caustic shrike
112071 | Zig:7    | Killed a caustic shrike
112072 | Zig:7    | Reached skill level 23 in Transmutations
112074 | Zig:7    | Reached skill level 10 in Translocations
112092 | Zig:8    | Entered Level 8 of a ziggurat
112096 | Zig:8    | Noticed a royal mummy
112099 | Zig:8    | Killed a royal mummy
112099 | Zig:8    | Noticed a royal mummy
112101 | Zig:8    | Killed a royal mummy
112101 | Zig:8    | Noticed a royal mummy
112102 | Zig:8    | Reached skill level 17 in Staves
112105 | Zig:8    | Killed a royal mummy
112105 | Zig:8    | Killed a royal mummy
112106 | Zig:8    | Reached skill level 19 in Poison Magic
112114 | Zig:8    | Reached skill level 18 in Necromancy
112124 | Zig:8    | Found the +7 mace of Variability {chain chaos}
112256 | Zig:9    | Entered Level 9 of a ziggurat
112258 | Zig:9    | Noticed a royal mummy
112260 | Zig:9    | Noticed a royal mummy
112261 | Zig:9    | Killed a royal mummy
112261 | Zig:9    | Killed a royal mummy
112262 | Zig:9    | Noticed a royal mummy
112264 | Zig:9    | Reached skill level 22 in Conjurations
112265 | Zig:9    | Noticed a royal mummy
112266 | Zig:9    | Killed a royal mummy
112266 | Zig:9    | Noticed a royal mummy
112267 | Zig:9    | Noticed a royal mummy
112268 | Zig:9    | Killed a royal mummy
112268 | Zig:9    | Killed a royal mummy
112270 | Zig:9    | Killed a royal mummy
112283 | Zig:9    | Identified the ring of Coech {MP+9 Str+4 Int-2 Dex+4}
112302 | Zig:10   | Entered Level 10 of a ziggurat
112339 | Zig:10   | Identified the ring of Balium Meho {rF+ Int+2}
112376 | Zig:11   | Entered Level 11 of a ziggurat
112389 | Zig:11   | Reached skill level 20 in Poison Magic
112391 | Zig:11   | Reached skill level 11 in Translocations
112393 | Zig:11   | Reached skill level 18 in Staves
112482 | Zig:12   | Entered Level 12 of a ziggurat
112499 | Zig:12   | Reached skill level 21 in Evocations
112533 | Zig:13   | Entered Level 13 of a ziggurat
112539 | Zig:13   | Reached skill level 27 in Stealth
112541 | Zig:13   | Noticed Vauggu the pandemonium lord
112543 | Zig:13   | Killed Vauggu the pandemonium lord
112552 | Zig:13   | Reached skill level 21 in Poison Magic
112570 | Zig:13   | Found the +7 Singing Sword {vorpal, sonic wave}
112571 | Zig:13   | Found the ring of the Mage {Wiz Archmagi}
112586 | Zig:13   | Identified the +2 whip "Vuisolam" {freeze, rN+ Str-5 Int+7
                  | Stlth+}
112592 | Zig:14   | Entered Level 14 of a ziggurat
112611 | Zig:14   | Reached skill level 19 in Staves
112612 | Zig:14   | Reached skill level 12 in Translocations
112614 | Zig:14   | Reached skill level 19 in Necromancy
112624 | Zig:14   | Found the brooch of Shielding {Spirit SH+8}
112637 | Zig:14   | Identified the +5 battleaxe "Virirakk" {vorpal, Str+5
                  | Dex-2}
112646 | Zig:14   | Identified the +6 demon blade "Heoveh" {vamp, +Blink Dex+4}
112672 | Zig:15   | Entered Level 15 of a ziggurat
112688 | Zig:15   | Noticed a caustic shrike
112690 | Zig:15   | Killed a caustic shrike
112690 | Zig:15   | Noticed a caustic shrike
112691 | Zig:15   | Reached skill level 22 in Poison Magic
112691 | Zig:15   | Noticed a caustic shrike
112691 | Zig:15   | Noticed a caustic shrike
112693 | Zig:15   | Killed a caustic shrike
112693 | Zig:15   | Killed a caustic shrike
112694 | Zig:15   | Reached skill level 24 in Transmutations
112696 | Zig:15   | Reached skill level 23 in Conjurations
112697 | Zig:15   | Killed a caustic shrike
112698 | Zig:15   | Reached skill level 20 in Staves
112701 | Zig:15   | Found the dreamshard necklace {*Dream Drain}
112712 | Zig:15   | Identified the amulet "Jutuxzux" {Acrobat rC++ Dex+3}
112795 | Zig:16   | Entered Level 16 of a ziggurat
112816 | Zig:16   | Reached skill level 13 in Translocations
112817 | Zig:16   | Reached skill level 22 in Evocations
112822 | Zig:16   | Reached skill level 23 in Poison Magic
112833 | Zig:16   | Found the +13 scythe of Curses {drain, Drain}
112859 | Zig:16   | Identified the +0 pearl dragon scales of the Snake Pit {rC+
                  | rN+ Str+8}
112885 | Zig:17   | Entered Level 17 of a ziggurat
112892 | Zig:17   | Noticed a caustic shrike
112894 | Zig:17   | Noticed a caustic shrike
112894 | Zig:17   | Noticed a caustic shrike
112894 | Zig:17   | Noticed a caustic shrike
112895 | Zig:17   | Killed a caustic shrike
112895 | Zig:17   | Noticed a caustic shrike
112897 | Zig:17   | Killed a caustic shrike
112897 | Zig:17   | Killed a caustic shrike
112897 | Zig:17   | Killed a caustic shrike
112897 | Zig:17   | Noticed a caustic shrike
112897 | Zig:17   | Noticed a caustic shrike
112897 | Zig:17   | Noticed a caustic shrike
112898 | Zig:17   | Killed a caustic shrike
112900 | Zig:17   | Killed a caustic shrike
112901 | Zig:17   | Killed a caustic shrike
112901 | Zig:17   | Killed a caustic shrike
112901 | Zig:17   | Noticed a dread lich
112905 | Zig:17   | Reached skill level 21 in Staves
112905 | Zig:17   | Killed a dread lich
112910 | Zig:17   | Reached skill level 20 in Necromancy
112934 | Zig:17   | Acquired 695 gold pieces
112941 | Zig:17   | Identified the +4 ring mail "Hurghom" {Harm rElec}
112957 | Zig:17   | Identified the ring "Teps" {rElec rCorr Dex+3 Slay+4 SInv}
113076 | Zig:18   | Entered Level 18 of a ziggurat
113095 | Zig:18   | Reached skill level 14 in Translocations
113107 | Zig:18   | Reached skill level 23 in Evocations
113134 | Zig:18   | Reached skill level 22 in Staves
113135 | Zig:18   | Identified the amulet "Yfoclann" {Faith rC+ Will+}
113139 | Zig:18   | Reached skill level 24 in Poison Magic
113215 | Zig:19   | Entered Level 19 of a ziggurat
113229 | Zig:19   | Reached skill level 24 in Conjurations
113235 | Zig:19   | Reached skill level 25 in Transmutations
113247 | Zig:19   | Reached skill level 15 in Translocations
113248 | Zig:19   | Reached skill level 24 in Evocations
113283 | Zig:19   | Identified the +2 robe "Jeit" {rElec rF+ MP+9}
113297 | Zig:19   | Identified the +10 scimitar of Saltpetre {pain, rF+ Str+4
                  | SInv}
113387 | Zig:20   | Entered Level 20 of a ziggurat
113423 | Zig:20   | Reached skill level 23 in Staves
113443 | Zig:20   | Reached skill level 21 in Necromancy
113807 | Zig:20   | Found the +8 arc blade {discharge, rElec}
113822 | Zig:20   | Identified the ring "Bolireo" {rElec rF+++ AC+4 Stlth-}
113825 | Zig:20   | Identified the +1 broad axe of Skirmishing {elec, rElec rF-
                  | Str+4}
113830 | Zig:20   | Identified the +1 scale mail of Enguruh {rElec rPois rCorr
                  | MP-9}
113848 | Zig:21   | Entered Level 21 of a ziggurat
113878 | Zig:21   | Reached skill level 25 in Evocations
113880 | Zig:21   | Reached skill level 25 in Poison Magic
113892 | Zig:21   | Reached skill level 16 in Translocations
113902 | Zig:21   | Found the +9 staff of Olgreb {rPois∞}
113919 | Zig:21   | Identified the amulet of the Princess {Reflect -Cast rCorr
                  | Slay+6 SH+5}
113925 | Zig:21   | Identified the +12 rapier "Zoxim" {flame, rF+ Str+3}
113951 | Zig:22   | Entered Level 22 of a ziggurat
113965 | Zig:22   | Noticed a juggernaut
113968 | Zig:22   | Killed a juggernaut
113968 | Zig:22   | Noticed a juggernaut
113969 | Zig:22   | Reached skill level 24 in Staves
113970 | Zig:22   | Noticed a juggernaut
113971 | Zig:22   | Killed a juggernaut
113972 | Zig:22   | Killed a juggernaut
113980 | Zig:22   | Noticed a juggernaut
113981 | Zig:22   | Noticed a juggernaut
113984 | Zig:22   | Killed a juggernaut
113984 | Zig:22   | Killed a juggernaut
114004 | Zig:22   | Found the +10 dark maul {vorpal}
114011 | Zig:22   | Identified the ring "Pof Sok" {rElec Str+6 Dex+3 Slay+4
                  | Stlth+}
114012 | Zig:22   | Identified the +7 short sword "Empaem" {holy, rPois rCorr
                  | Dex-3 Stlth+}
114018 | Zig:22   | Reached skill level 25 in Conjurations
114021 | Zig:22   | Identified the ring "Voyluer" {Fire Str+4 Dex-2}
114088 | Zig:22   | Lost mutation: You have supernaturally acute eyesight.
                  | (SInv) [potion of mutation]
114088 | Zig:22   | Lost mutation: Potions are less effective at restoring your
                  | health. [potion of mutation]
114088 | Zig:22   | Lost mutation: Your magical capacity is low. (-10% MP)
                  | [potion of mutation]
114088 | Zig:22   | Gained mutation: You expend magic power (3 MP) to
                  | strengthen your wands. [potion of mutation]
114088 | Zig:22   | Gained mutation: Your skin blends seamlessly with your
                  | surroundings (Stealth++). [potion of mutation]
114092 | Zig:23   | Entered Level 23 of a ziggurat
114099 | Zig:23   | Noticed Bedeyrap the pandemonium lord
114101 | Zig:23   | Noticed Noma the pandemonium lord
114102 | Zig:23   | Noticed Heoddoes the pandemonium lord
114103 | Zig:23   | Killed Noma the pandemonium lord
114103 | Zig:23   | Noticed Hiot the pandemonium lord
114103 | Zig:23   | Noticed Ratyoluc the pandemonium lord
114104 | Zig:23   | Reached skill level 26 in Evocations
114104 | Zig:23   | Killed Bedeyrap the pandemonium lord
114105 | Zig:23   | Noticed Muxyinone the pandemonium lord
114105 | Zig:23   | Noticed Revagoto the pandemonium lord
114106 | Zig:23   | Noticed Seucedyg the pandemonium lord
114106 | Zig:23   | Noticed Tiyb Fue the pandemonium lord
114107 | Zig:23   | Noticed Osocali the pandemonium lord
114107 | Zig:23   | Noticed Syihip the pandemonium lord
114108 | Zig:23   | Killed Hiot the pandemonium lord
114108 | Zig:23   | Killed Ratyoluc the pandemonium lord
114108 | Zig:23   | Killed Revagoto the pandemonium lord
114108 | Zig:23   | Noticed Jacud the pandemonium lord
114109 | Zig:23   | Reached skill level 26 in Transmutations
114109 | Zig:23   | Noticed Hyvuas the pandemonium lord
114109 | Zig:23   | Killed Heoddoes the pandemonium lord
114109 | Zig:23   | Killed Muxyinone the pandemonium lord
114109 | Zig:23   | Killed Seucedyg the pandemonium lord
114109 | Zig:23   | Noticed Riggav the pandemonium lord
114109 | Zig:23   | Noticed Kesub the pandemonium lord
114110 | Zig:23   | Killed Tiyb Fue the pandemonium lord
114110 | Zig:23   | Killed Osocali the pandemonium lord
114110 | Zig:23   | Killed Hyvuas the pandemonium lord
114111 | Zig:23   | Reached skill level 22 in Necromancy
114111 | Zig:23   | Noticed Buyl the pandemonium lord
114111 | Zig:23   | Noticed Eprugel the pandemonium lord
114111 | Zig:23   | Noticed Hyacod the pandemonium lord
114112 | Zig:23   | Killed Kesub the pandemonium lord
114112 | Zig:23   | Noticed Arool the pandemonium lord
114112 | Zig:23   | Noticed Leuppy the pandemonium lord
114113 | Zig:23   | Killed Jacud the pandemonium lord
114113 | Zig:23   | Noticed Quron the pandemonium lord
114113 | Zig:23   | Noticed Vosao the pandemonium lord
114113 | Zig:23   | Noticed Iletz the pandemonium lord
114113 | Zig:23   | Noticed Kethroppu the pandemonium lord
114114 | Zig:23   | Noticed Lereat the pandemonium lord
114115 | Zig:23   | Killed Kethroppu the pandemonium lord
114115 | Zig:23   | Killed Buyl the pandemonium lord
114115 | Zig:23   | Killed Eprugel the pandemonium lord
114115 | Zig:23   | Killed Leuppy the pandemonium lord
114115 | Zig:23   | Killed Vosao the pandemonium lord
114115 | Zig:23   | Killed Hyacod the pandemonium lord
114115 | Zig:23   | Killed Arool the pandemonium lord
114115 | Zig:23   | Killed Iletz the pandemonium lord
114115 | Zig:23   | Killed Syihip the pandemonium lord
114115 | Zig:23   | Noticed Luumu the pandemonium lord
114116 | Zig:23   | Reached skill level 25 in Staves
114116 | Zig:23   | Reached skill level 17 in Translocations
114116 | Zig:23   | Killed Lereat the pandemonium lord
114116 | Zig:23   | Killed Quron the pandemonium lord
114116 | Zig:23   | Killed Riggav the pandemonium lord
114116 | Zig:23   | Noticed Sitzunko the pandemonium lord
114117 | Zig:23   | Noticed Anyorhor the pandemonium lord
114117 | Zig:23   | Noticed Secvac the pandemonium lord
114119 | Zig:23   | Killed Luumu the pandemonium lord
114120 | Zig:23   | Killed Secvac the pandemonium lord
114120 | Zig:23   | Noticed Qaerch the pandemonium lord
114121 | Zig:23   | Reached skill level 26 in Poison Magic
114121 | Zig:23   | Noticed Hedaseda the pandemonium lord
114121 | Zig:23   | Noticed Qeadgheoz the pandemonium lord
114121 | Zig:23   | Noticed Hadoim the pandemonium lord
114122 | Zig:23   | Killed Hadoim the pandemonium lord
114122 | Zig:23   | Killed Anyorhor the pandemonium lord
114122 | Zig:23   | Killed Sitzunko the pandemonium lord
114122 | Zig:23   | Noticed Ohigodag the pandemonium lord
114122 | Zig:23   | Noticed Utoovaa the pandemonium lord
114123 | Zig:23   | Killed Hedaseda the pandemonium lord
114123 | Zig:23   | Killed Qeadgheoz the pandemonium lord
114123 | Zig:23   | Killed Utoovaa the pandemonium lord
114123 | Zig:23   | Noticed Keojyrgh Papp the pandemonium lord
114126 | Zig:23   | Killed Qaerch the pandemonium lord
114126 | Zig:23   | Killed Ohigodag the pandemonium lord
114127 | Zig:23   | Killed Keojyrgh Papp the pandemonium lord
114149 | Zig:23   | Found the amulet of the Air {Inacc Air Fly rElec RMsl}
114159 | Zig:23   | Found the +8 glaive of the Guard {elec, spectral, AC+5}
114162 | Zig:23   | Identified the +12 plate armour of Charity {Str+2}
114165 | Zig:23   | Identified the +1 dagger of Disembowelment {freeze, rC+}
114175 | Zig:23   | Identified the +6 dagger "Spider's Peril" {vorpal, Will+
                  | rCorr Dex+3 SInv}
114183 | Zig:23   | Identified the ring of Xuej {Ice Str+3}
114189 | Zig:23   | Identified the ring of Fallacy {Will+ Str+2}
114401 | Zig:24   | Entered Level 24 of a ziggurat
114411 | Zig:24   | Noticed a caustic shrike
114412 | Zig:24   | Noticed a caustic shrike
114414 | Zig:24   | Noticed a caustic shrike
114414 | Zig:24   | Identified a +2 robe of resistance
114416 | Zig:24   | Killed a caustic shrike
114417 | Zig:24   | Noticed a caustic shrike
114417 | Zig:24   | Noticed a caustic shrike
114418 | Zig:24   | Killed a caustic shrike
114419 | Zig:24   | Noticed a caustic shrike
114419 | Zig:24   | Noticed a caustic shrike
114420 | Zig:24   | Noticed a caustic shrike
114421 | Zig:24   | Killed a caustic shrike
114421 | Zig:24   | Killed a caustic shrike
114421 | Zig:24   | Noticed a caustic shrike
114422 | Zig:24   | Killed a caustic shrike
114423 | Zig:24   | Killed a caustic shrike
114423 | Zig:24   | Killed a caustic shrike
114424 | Zig:24   | Killed a caustic shrike
114425 | Zig:24   | Killed a caustic shrike
114426 | Zig:24   | Noticed a caustic shrike
114428 | Zig:24   | Killed a caustic shrike
114428 | Zig:24   | Noticed a caustic shrike
114429 | Zig:24   | Noticed a caustic shrike
114437 | Zig:24   | Killed a caustic shrike
114437 | Zig:24   | Killed a caustic shrike
114438 | Zig:24   | Reached skill level 26 in Staves
114443 | Zig:24   | Noticed a caustic shrike
114446 | Zig:24   | Killed a caustic shrike
114449 | Zig:24   | Reached skill level 27 in Evocations
114461 | Zig:24   | Found the +7 great mace "Undeadhunter" {disrupt, rN+}
114473 | Zig:24   | Identified the +1 glaive of Gozag's Whim {vamp, rPois Int+4
                  | Dex+4}
114474 | Zig:24   | Identified the +1 rapier "Rinyd" {venom, Int+3}
114476 | Zig:24   | Reached skill level 18 in Translocations
114477 | Zig:24   | Identified the amulet "Gogaav" {RegenMP +Inv Str+3 Int+2}
114479 | Zig:24   | Identified the +8 hunting sling of Aniowuv {flame, +Blink}
114609 | Zig:25   | Entered Level 25 of a ziggurat
114622 | Zig:25   | Reached skill level 26 in Conjurations
114626 | Zig:25   | Reached skill level 23 in Necromancy
114639 | Zig:25   | Reached skill level 27 in Poison Magic
114645 | Zig:25   | Reached skill level 27 in Transmutations
114651 | Zig:25   | Reached skill level 27 in Staves
114656 | Zig:25   | Lost mutation: You possess an exceptional clarity of mind.
                  | [a neqoxec]
114700 | Zig:25   | Reached skill level 19 in Translocations
114718 | Zig:25   | Identified the +5 hand axe "Ykaahuq" {freeze, rElec rC+}
114831 | Zig:26   | Entered Level 26 of a ziggurat
114844 | Zig:26   | Noticed a caustic shrike
114844 | Zig:26   | Noticed a caustic shrike
114844 | Zig:26   | Noticed a caustic shrike
114846 | Zig:26   | Noticed a caustic shrike
114847 | Zig:26   | Killed a caustic shrike
114847 | Zig:26   | Killed a caustic shrike
114847 | Zig:26   | Killed a caustic shrike
114847 | Zig:26   | Noticed a caustic shrike
114848 | Zig:26   | Killed a caustic shrike
114848 | Zig:26   | Killed a caustic shrike
114848 | Zig:26   | Noticed a caustic shrike
114850 | Zig:26   | Noticed a caustic shrike
114852 | Zig:26   | Killed a caustic shrike
114853 | Zig:26   | Killed a caustic shrike
114854 | Zig:26   | Noticed a caustic shrike
114854 | Zig:26   | Noticed a caustic shrike
114858 | Zig:26   | Killed a caustic shrike
114858 | Zig:26   | Killed a caustic shrike
114858 | Zig:26   | Noticed a caustic shrike
114859 | Zig:26   | Noticed a caustic shrike
114860 | Zig:26   | Killed a caustic shrike
114860 | Zig:26   | Killed a caustic shrike
114861 | Zig:26   | Reached skill level 24 in Necromancy
114863 | Zig:26   | Noticed a dread lich
114864 | Zig:26   | Killed a dread lich
114865 | Zig:26   | Reached skill level 27 in Conjurations
114866 | Zig:26   | Reached skill level 20 in Translocations
114867 | Zig:26   | Noticed a caustic shrike
114868 | Zig:26   | Noticed a caustic shrike
114870 | Zig:26   | Noticed an ancient lich
114870 | Zig:26   | Killed a caustic shrike
114871 | Zig:26   | Killed a caustic shrike
114871 | Zig:26   | Killed an ancient lich
114888 | Zig:26   | Reached skill level 25 in Necromancy
114902 | Zig:26   | Reached skill level 21 in Translocations
114932 | Zig:26   | Identified the +6 trident "Evvucaro" {vorpal, rN+ Str+4
                  | Dex+4}
115074 | Zig:27   | Entered Level 27 of a ziggurat
115081 | Zig:27   | Noticed a juggernaut
115087 | Zig:27   | Noticed a juggernaut
115090 | Zig:27   | Noticed a juggernaut
115091 | Zig:27   | Killed a juggernaut
115092 | Zig:27   | Killed a juggernaut
115092 | Zig:27   | Noticed a juggernaut
115094 | Zig:27   | Killed a juggernaut
115094 | Zig:27   | Noticed a juggernaut
115095 | Zig:27   | Killed a juggernaut
115097 | Zig:27   | Killed a juggernaut
115097 | Zig:27   | Noticed a juggernaut
115098 | Zig:27   | Noticed a juggernaut
115098 | Zig:27   | Noticed a juggernaut
115099 | Zig:27   | Reached skill level 22 in Translocations
115101 | Zig:27   | Killed a juggernaut
115101 | Zig:27   | Killed a juggernaut
115101 | Zig:27   | Noticed a juggernaut
115102 | Zig:27   | Reached skill level 26 in Necromancy
115102 | Zig:27   | Killed a juggernaut
115106 | Zig:27   | Noticed a juggernaut
115108 | Zig:27   | Killed a juggernaut
115108 | Zig:27   | Noticed a juggernaut
115108 | Zig:27   | Noticed a juggernaut
115111 | Zig:27   | Killed a juggernaut
115111 | Zig:27   | Killed a juggernaut
115111 | Zig:27   | Killed a juggernaut
115111 | Zig:27   | Identified a +1 robe of the Archmagi
115115 | Zig:27   | Reached skill level 23 in Translocations
115149 | Zig:27   | Identified the ring "Dobiarch" {rF+ rC+ rCorr}
115151 | Zig:27   | Identified the +5 flail of Cedockar {freeze, +Blink Will-
                  | Dex+2}
115197 | Zig:27   | Identified the +1 plate armour of Ycwayn {Dex+2 Slay+3}
115218 | Depths:2 | Lost mutation: You have a pair of small antennae on your
                  | head. [potion of mutation]
115218 | Depths:2 | Lost mutation: Your skin blends seamlessly with your
                  | surroundings (Stealth++). [potion of mutation]
115218 | Depths:2 | Gained mutation: You have hidden genetic potential. [potion
                  | of mutation]
115218 | Depths:2 | Gained mutation: You do not regenerate when monsters are
                  | visible. [potion of mutation]
115218 | Depths:2 | Gained mutation: You are frail. (-10% HP) [potion of
                  | mutation]
115218 | Depths:2 | Gained mutation: Your system is resistant to poisons.
                  | (rPois) [potion of mutation]
115219 | Depths:2 | Lost mutation: You do not regenerate when monsters are
                  | visible. [potion of mutation]
115219 | Depths:2 | Lost mutation: You occasionally shout uncontrollably at
                  | your foes. [potion of mutation]
115219 | Depths:2 | Gained mutation: You are partially covered in iridescent
                  | scales. (AC +2) [potion of mutation]
115219 | Depths:2 | Lost mutation: You expend magic power (3 MP) to strengthen
                  | your wands. [potion of mutation]
115219 | Depths:2 | Gained mutation: Your flesh is cold resistant. (rC+)
                  | [potion of mutation]
115220 | Depths:2 | Lost mutation: You are very weak. (Str -4) [potion of
                  | mutation]
115220 | Depths:2 | Lost mutation: You are partially covered in iridescent
                  | scales. (AC +2) [potion of mutation]
115220 | Depths:2 | Lost mutation: You passively dampen the noise of your
                  | surroundings. [potion of mutation]
115220 | Depths:2 | Gained mutation: Potions are less effective at restoring
                  | your health. [potion of mutation]
115220 | Depths:2 | Lost mutation: Your flesh is cold resistant. (rC+) [potion
                  | of mutation]
115222 | Depths:2 | Lost mutation: You are frail. (-10% HP) [potion of
                  | mutation]
115222 | Depths:2 | Lost mutation: You are weak. (Str -2) [potion of mutation]
115222 | Depths:2 | Lost mutation: You have hidden genetic potential. [potion
                  | of mutation]
115222 | Depths:2 | Gained mutation: You are weak. (Str -2) [potion of
                  | mutation]
115222 | Depths:2 | Lost mutation: Your system is resistant to poisons. (rPois)
                  | [potion of mutation]
115222 | Depths:2 | Gained mutation: You have hidden genetic defects. [potion
                  | of mutation]
115222 | Depths:2 | Gained mutation: Your natural rate of healing is unusually
                  | fast. [potion of mutation]
115223 | Depths:2 | Lost mutation: Potions are less effective at restoring your
                  | health. [potion of mutation]
115223 | Depths:2 | Lost mutation: You are weak. (Str -2) [potion of mutation]
115223 | Depths:2 | Gained mutation: You have a pair of small antennae on your
                  | head. [potion of mutation]
115223 | Depths:2 | Gained mutation: Your spells are a little harder to cast,
                  | but a little more powerful. [potion of mutation]
115224 | Depths:2 | Lost mutation: Your natural rate of healing is unusually
                  | fast. [potion of mutation]
115224 | Depths:2 | Lost mutation: Your spells are a little harder to cast, but
                  | a little more powerful. [potion of mutation]
115224 | Depths:2 | Gained mutation: A frigid envelope surrounds you and
                  | freezes all who hurt you. [potion of mutation]
115224 | Depths:2 | Gained mutation: You are agile. (Dex +2) [potion of
                  | mutation]
115224 | Depths:2 | Gained mutation: You have very sharp teeth. [potion of
                  | mutation]
115225 | Depths:2 | Lost mutation: A frigid envelope surrounds you and freezes
                  | all who hurt you. [potion of mutation]
115225 | Depths:2 | Lost mutation: You have hidden genetic defects. [potion of
                  | mutation]
115225 | Depths:2 | Gained mutation: You are partially covered in iridescent
                  | scales. (AC +2) [potion of mutation]
115225 | Depths:2 | Gained mutation: You are frail. (-10% HP) [potion of
                  | mutation]
115226 | Depths:2 | Lost mutation: You are agile. (Dex +2) [potion of mutation]
115226 | Depths:2 | Lost mutation: You are partially covered in iridescent
                  | scales. (AC +2) [potion of mutation]
115226 | Depths:2 | Gained mutation: One of your tentacles bears a spike.
                  | [potion of mutation]
115226 | Depths:2 | Gained mutation: You have hidden genetic defects. [potion
                  | of mutation]
115227 | Depths:2 | Lost mutation: You are frail. (-10% HP) [potion of
                  | mutation]
115227 | Depths:2 | Lost mutation: You have very sharp teeth. [potion of
                  | mutation]
115227 | Depths:2 | Gained mutation: Your body sometimes deteriorates upon
                  | taking damage. [potion of mutation]
115227 | Depths:2 | Gained mutation: You possess an exceptional clarity of
                  | mind. [potion of mutation]
115228 | Depths:2 | Lost mutation: You possess an exceptional clarity of mind.
                  | [potion of mutation]
115228 | Depths:2 | Lost mutation: You have a pair of small antennae on your
                  | head. [potion of mutation]
115228 | Depths:2 | Lost mutation: You have hidden genetic defects. [potion of
                  | mutation]
115228 | Depths:2 | Gained mutation: You have a pair of small antennae on your
                  | head. [potion of mutation]
115228 | Depths:2 | Gained mutation: Your muscles are strong. (Str +2) [potion
                  | of mutation]
115228 | Depths:2 | Gained mutation: You passively dampen the noise of your
                  | surroundings. [potion of mutation]
115229 | Depths:2 | Lost mutation: Your body sometimes deteriorates upon taking
                  | damage. [potion of mutation]
115229 | Depths:2 | Lost mutation: You have a pair of small antennae on your
                  | head. [potion of mutation]
115229 | Depths:2 | Lost mutation: One of your tentacles bears a spike. [potion
                  | of mutation]
115229 | Depths:2 | Gained mutation: Your flesh is cold resistant. (rC+)
                  | [potion of mutation]
115229 | Depths:2 | Gained mutation: You expend magic power (3 MP) to
                  | strengthen your wands. [potion of mutation]
115230 | Depths:2 | Lost mutation: Your muscles are strong. (Str +2) [potion of
                  | mutation]
115230 | Depths:2 | Lost mutation: You passively dampen the noise of your
                  | surroundings. [potion of mutation]
115230 | Depths:2 | Gained mutation: You are partially covered in iridescent
                  | scales. (AC +2) [potion of mutation]
115230 | Depths:2 | Gained mutation: You are agile. (Dex +2) [potion of
                  | mutation]
115230 | Depths:2 | Gained mutation: You are weak. (Str -2) [potion of
                  | mutation]
115231 | Depths:2 | Lost mutation: You expend magic power (3 MP) to strengthen
                  | your wands. [potion of mutation]
115231 | Depths:2 | Lost mutation: Your flesh is cold resistant. (rC+) [potion
                  | of mutation]
115231 | Depths:2 | Lost mutation: You are weak. (Str -2) [potion of mutation]
115231 | Depths:2 | Gained mutation: Your magical capacity is low. (-10% MP)
                  | [potion of mutation]
115231 | Depths:2 | Gained mutation: You are partially covered in large bone
                  | plates. (SH +4) [potion of mutation]
115231 | Depths:2 | Gained mutation: Your mind is acute. (Int +2) [potion of
                  | mutation]
115232 | Depths:2 | Lost mutation: You are partially covered in large bone
                  | plates. (SH +4) [potion of mutation]
115232 | Depths:2 | Lost mutation: Your mind is acute. (Int +2) [potion of
                  | mutation]
115232 | Depths:2 | Gained mutation: Your body sometimes deteriorates upon
                  | taking damage. [potion of mutation]
115232 | Depths:2 | Gained mutation: Your flesh is heat resistant. (rF+)
                  | [potion of mutation]
115233 | Depths:2 | Lost mutation: You are agile. (Dex +2) [potion of mutation]
115233 | Depths:2 | Lost mutation: Your magical capacity is low. (-10% MP)
                  | [potion of mutation]
115233 | Depths:2 | Lost mutation: Your body sometimes deteriorates upon taking
                  | damage. [potion of mutation]
115233 | Depths:2 | Gained mutation: You have a pair of small antennae on your
                  | head. [potion of mutation]
115233 | Depths:2 | Lost mutation: You are partially covered in iridescent
                  | scales. (AC +2) [potion of mutation]
115233 | Depths:2 | Gained mutation: You are partially covered in iridescent
                  | scales. (AC +2) [potion of mutation]
115234 | Depths:2 | Lost mutation: You have a pair of small antennae on your
                  | head. [potion of mutation]
115234 | Depths:2 | Lost mutation: Your flesh is heat resistant. (rF+) [potion
                  | of mutation]
115234 | Depths:2 | Lost mutation: You are partially covered in iridescent
                  | scales. (AC +2) [potion of mutation]
115234 | Depths:2 | Gained mutation: You are partially covered in large bone
                  | plates. (SH +4) [potion of mutation]
115234 | Depths:2 | Gained mutation: You tend to lose your temper in combat.
                  | [potion of mutation]
115235 | Depths:2 | Lost mutation: You tend to lose your temper in combat.
                  | [potion of mutation]
115235 | Depths:2 | Lost mutation: You are partially covered in large bone
                  | plates. (SH +4) [potion of mutation]
115235 | Depths:2 | Gained mutation: You are robust. (+10% HP) [potion of
                  | mutation]
115235 | Depths:2 | Gained mutation: A frigid envelope surrounds you and
                  | freezes all who hurt you. [potion of mutation]
115235 | Depths:2 | Gained mutation: Your mind is acute. (Int +2) [potion of
                  | mutation]
115235 | Depths:2 | Gained mutation: You have an increased reservoir of magic.
                  | (+10% MP) [potion of mutation]
115285 | Zig:1    | Entered Level 1 of a ziggurat
115298 | Zig:1    | Identified the +2 leather armour of the Circus Animal
                  | {Regen+}
115326 | Zig:2    | Entered Level 2 of a ziggurat
115354 | Zig:3    | Entered Level 3 of a ziggurat
115358 | Zig:3    | Reached skill level 27 in Necromancy
115369 | Zig:4    | Entered Level 4 of a ziggurat
115404 | Zig:5    | Entered Level 5 of a ziggurat
115409 | Zig:5    | Reached skill level 24 in Translocations
115425 | Zig:6    | Entered Level 6 of a ziggurat
115436 | Zig:6    | Reached skill level 25 in Translocations
115471 | Zig:6    | Identified the amulet of Honesty {Faith rElec Int+3}
115514 | Zig:7    | Entered Level 7 of a ziggurat
115517 | Zig:7    | Noticed a dread lich
115518 | Zig:7    | Noticed a dread lich
115519 | Zig:7    | Noticed a dread lich
115519 | Zig:7    | Noticed an ancient lich
115521 | Zig:7    | Noticed a dread lich
115521 | Zig:7    | Killed a dread lich
115521 | Zig:7    | Killed a dread lich
115521 | Zig:7    | Killed an ancient lich
115522 | Zig:7    | Killed a dread lich
115522 | Zig:7    | Killed a dread lich
115524 | Zig:7    | Reached skill level 26 in Translocations
115524 | Zig:7    | Noticed an ancient lich
115525 | Zig:7    | Noticed a dread lich
115525 | Zig:7    | Killed an ancient lich
115525 | Zig:7    | Killed a dread lich
115547 | Zig:8    | Entered Level 8 of a ziggurat
115548 | Zig:8    | Noticed a caustic shrike
115551 | Zig:8    | Killed a caustic shrike
115551 | Zig:8    | Noticed a caustic shrike
115554 | Zig:8    | Killed a caustic shrike
115556 | Zig:8    | Reached skill level 27 in Translocations
115559 | Zig:8    | Reached skill level 1 in Short Blades
115559 | Zig:8    | Reached skill level 1 in Bows
115559 | Zig:8    | Reached skill level 1 in Crossbows
115559 | Zig:8    | Reached skill level 1 in Unarmed Combat
115563 | Zig:8    | Reached skill level 1 in Long Blades
115563 | Zig:8    | Reached skill level 1 in Summonings
115563 | Zig:8    | Reached skill level 1 in Invocations
115572 | Zig:8    | Acquired a manual of Air Magic
115573 | Zig:8    | Acquired 535 gold pieces
115657 | Zig:8    | Identified the ring of the Prince of Darkness {rN+ SInv}
115730 | Zig:8    | Reached skill level 2 in Short Blades
115730 | Zig:8    | Reached skill level 1 in Axes
115730 | Zig:8    | Reached skill level 2 in Bows
115730 | Zig:8    | Reached skill level 2 in Crossbows
115730 | Zig:8    | Reached skill level 2 in Unarmed Combat
115730 | Zig:8    | Reached skill level 1 in Hexes
115731 | Zig:8    | Reached skill level 3 in Short Blades
115731 | Zig:8    | Reached skill level 2 in Long Blades
115731 | Zig:8    | Reached skill level 2 in Axes
115731 | Zig:8    | Reached skill level 3 in Bows
115731 | Zig:8    | Reached skill level 3 in Crossbows
115731 | Zig:8    | Reached skill level 3 in Unarmed Combat
115731 | Zig:8    | Reached skill level 2 in Hexes
115731 | Zig:8    | Reached skill level 2 in Summonings
115731 | Zig:8    | Reached skill level 2 in Invocations
115737 | Zig:9    | Entered Level 9 of a ziggurat
115742 | Zig:9    | Reached skill level 4 in Short Blades
115742 | Zig:9    | Reached skill level 4 in Bows
115742 | Zig:9    | Reached skill level 4 in Unarmed Combat
115743 | Zig:9    | Reached skill level 4 in Crossbows
115743 | Zig:9    | Reached skill level 9 in Air Magic
115743 | Zig:9    | Reached skill level 3 in Invocations
115745 | Zig:9    | Reached skill level 3 in Long Blades
115745 | Zig:9    | Reached skill level 3 in Axes
115745 | Zig:9    | Reached skill level 3 in Hexes
115745 | Zig:9    | Reached skill level 3 in Summonings
115750 | Zig:9    | Noticed a dread lich
115752 | Zig:9    | Reached skill level 5 in Unarmed Combat
115756 | Zig:9    | Reached skill level 5 in Short Blades
115759 | Zig:9    | Killed a dread lich
115760 | Zig:9    | Reached skill level 5 in Bows
115760 | Zig:9    | Reached skill level 5 in Crossbows
115769 | Zig:9    | Identified the +2 pair of boots "Jitail" {Harm rElec Will+
                  | Str-4}
115777 | Zig:9    | Identified the ring "Xocretz" {rN+ Str-5 Int+5}
115874 | Zig:10   | Entered Level 10 of a ziggurat
115880 | Zig:10   | Noticed Turij the pandemonium lord
115880 | Zig:10   | Noticed Dudatyemp the pandemonium lord
115881 | Zig:10   | Noticed Zodu the pandemonium lord
115882 | Zig:10   | Noticed Hynti the pandemonium lord
115882 | Zig:10   | Killed Turij the pandemonium lord
115883 | Zig:10   | Reached skill level 4 in Invocations
115883 | Zig:10   | Noticed Seyni the pandemonium lord
115884 | Zig:10   | Killed Dudatyemp the pandemonium lord
115885 | Zig:10   | Killed Seyni the pandemonium lord
115885 | Zig:10   | Noticed Guttuc the pandemonium lord
115885 | Zig:10   | Killed Zodu the pandemonium lord
115886 | Zig:10   | Reached skill level 6 in Short Blades
115886 | Zig:10   | Reached skill level 4 in Long Blades
115886 | Zig:10   | Reached skill level 4 in Axes
115886 | Zig:10   | Reached skill level 6 in Bows
115886 | Zig:10   | Reached skill level 6 in Crossbows
115886 | Zig:10   | Reached skill level 6 in Unarmed Combat
115886 | Zig:10   | Reached skill level 4 in Hexes
115886 | Zig:10   | Reached skill level 4 in Summonings
115886 | Zig:10   | Reached skill level 10 in Air Magic
115886 | Zig:10   | Killed Hynti the pandemonium lord
115888 | Zig:10   | Killed Guttuc the pandemonium lord
115888 | Zig:10   | Noticed Raelea the pandemonium lord
115893 | Zig:10   | Reached skill level 5 in Invocations
115893 | Zig:10   | Killed Raelea the pandemonium lord
115907 | Zig:10   | Identified the ring "Yfingain" {rElec rPois Str+4}
115915 | Zig:10   | Reached skill level 7 in Short Blades
115915 | Zig:10   | Reached skill level 7 in Bows
115915 | Zig:10   | Reached skill level 7 in Crossbows
115915 | Zig:10   | Reached skill level 7 in Unarmed Combat
116001 | Zig:11   | Entered Level 11 of a ziggurat
116008 | Zig:11   | Reached skill level 5 in Long Blades
116008 | Zig:11   | Reached skill level 5 in Axes
116008 | Zig:11   | Reached skill level 5 in Hexes
116008 | Zig:11   | Reached skill level 5 in Summonings
116008 | Zig:11   | Noticed an ancient lich
116010 | Zig:11   | Reached skill level 11 in Air Magic
116010 | Zig:11   | Killed an ancient lich
116012 | Zig:11   | Reached skill level 6 in Invocations
116013 | Zig:11   | Reached skill level 8 in Unarmed Combat
116014 | Zig:11   | Reached skill level 8 in Short Blades
116014 | Zig:11   | Reached skill level 8 in Bows
116015 | Zig:11   | Reached skill level 8 in Crossbows
116061 | Zig:12   | Entered Level 12 of a ziggurat
116067 | Zig:12   | Reached skill level 6 in Long Blades
116068 | Zig:12   | Reached skill level 6 in Hexes
116068 | Zig:12   | Reached skill level 6 in Summonings
116069 | Zig:12   | Reached skill level 6 in Axes
116073 | Zig:12   | Reached skill level 9 in Short Blades
116073 | Zig:12   | Reached skill level 9 in Bows
116073 | Zig:12   | Reached skill level 9 in Crossbows
116073 | Zig:12   | Reached skill level 9 in Unarmed Combat
116076 | Zig:12   | Reached skill level 12 in Air Magic
116091 | Zig:12   | Identified a +1 robe of resistance
116095 | Zig:12   | Identified the ring of the Shrike {Fly rElec rF- rC++
                  | Slay+4}
116098 | Zig:12   | Identified the -5 pair of gloves "Xunna" {Int+6}
116105 | Zig:13   | Entered Level 13 of a ziggurat
116110 | Zig:13   | Reached skill level 7 in Invocations
116114 | Zig:13   | Reached skill level 10 in Short Blades
116114 | Zig:13   | Reached skill level 10 in Crossbows
116114 | Zig:13   | Reached skill level 10 in Unarmed Combat
116116 | Zig:13   | Reached skill level 7 in Long Blades
116117 | Zig:13   | Reached skill level 10 in Bows
116117 | Zig:13   | Reached skill level 7 in Hexes
116117 | Zig:13   | Reached skill level 7 in Summonings
116119 | Zig:13   | Reached skill level 7 in Axes
116127 | Zig:13   | Found the +0 pair of fencer's gloves {Riposte Dex+3}
116138 | Zig:13   | Reached skill level 8 in Invocations
116149 | Zig:13   | Acquired the +9 staff of Wucad Mu {*channel}
116149 | Zig:13   | Found the +9 staff of Wucad Mu {*channel}
116154 | Zig:13   | Identified the +7 shortbow "Ritaf" {freeze, rPois Stlth+}
116164 | Zig:14   | Entered Level 14 of a ziggurat
116169 | Zig:14   | Noticed a dread lich
116170 | Zig:14   | Noticed an ancient lich
116171 | Zig:14   | Noticed a dread lich
116172 | Zig:14   | Reached skill level 13 in Air Magic
116172 | Zig:14   | Noticed an ancient lich
116173 | Zig:14   | Killed a dread lich
116173 | Zig:14   | Killed an ancient lich
116173 | Zig:14   | Noticed an ancient lich
116174 | Zig:14   | Noticed an ancient lich
116174 | Zig:14   | Killed a dread lich
116174 | Zig:14   | Killed an ancient lich
116174 | Zig:14   | Killed an ancient lich
116174 | Zig:14   | Noticed a dread lich
116175 | Zig:14   | Reached skill level 11 in Short Blades
116175 | Zig:14   | Reached skill level 11 in Bows
116175 | Zig:14   | Reached skill level 11 in Crossbows
116175 | Zig:14   | Reached skill level 11 in Unarmed Combat
116175 | Zig:14   | Killed an ancient lich
116175 | Zig:14   | Killed a dread lich
116175 | Zig:14   | Noticed a dread lich
116176 | Zig:14   | Reached skill level 8 in Long Blades
116176 | Zig:14   | Noticed a dread lich
116177 | Zig:14   | Killed a dread lich
116177 | Zig:14   | Killed a dread lich
116178 | Zig:14   | Reached skill level 8 in Axes
116178 | Zig:14   | Reached skill level 8 in Hexes
116178 | Zig:14   | Reached skill level 8 in Summonings
116179 | Zig:14   | Noticed a dread lich
116180 | Zig:14   | Killed a dread lich
116181 | Zig:14   | Reached skill level 9 in Invocations
116193 | Zig:14   | Found the +7 pair of quick blades "Gyre" and "Gimble"
                  | {protect}
116204 | Zig:14   | Identified the +6 hunting sling of Hostyuso {venom, rCorr
                  | Str+9 Dex-4}
116281 | Zig:15   | Entered Level 15 of a ziggurat
116287 | Zig:15   | Reached skill level 12 in Short Blades
116287 | Zig:15   | Reached skill level 12 in Bows
116287 | Zig:15   | Reached skill level 12 in Crossbows
116287 | Zig:15   | Reached skill level 12 in Unarmed Combat
116287 | Zig:15   | Reached skill level 14 in Air Magic
116296 | Zig:15   | Reached skill level 9 in Long Blades
116369 | Zig:16   | Entered Level 16 of a ziggurat
116374 | Zig:16   | Reached skill level 9 in Hexes
116374 | Zig:16   | Reached skill level 9 in Summonings
116375 | Zig:16   | Reached skill level 9 in Axes
116379 | Zig:16   | Reached skill level 10 in Invocations
116381 | Zig:16   | Reached skill level 13 in Short Blades
116381 | Zig:16   | Reached skill level 13 in Crossbows
116381 | Zig:16   | Reached skill level 13 in Unarmed Combat
116381 | Zig:16   | Reached skill level 15 in Air Magic
116382 | Zig:16   | Reached skill level 13 in Bows
116411 | Zig:16   | Found the +3 Mad Mage's Maulers {Infuse+∞ RegenMP Int-3}
116425 | Zig:16   | Identified the ring "Ryqytz" {rCorr AC+4 Str+2 Int+4 Dex+4}
116498 | Zig:17   | Entered Level 17 of a ziggurat
116504 | Zig:17   | Reached skill level 10 in Long Blades
116504 | Zig:17   | Noticed a royal mummy
116504 | Zig:17   | Noticed a royal mummy
116505 | Zig:17   | Noticed a royal mummy
116506 | Zig:17   | Killed a royal mummy
116506 | Zig:17   | Noticed a royal mummy
116507 | Zig:17   | Reached skill level 10 in Hexes
116507 | Zig:17   | Reached skill level 10 in Summonings
116507 | Zig:17   | Killed a royal mummy
116508 | Zig:17   | Reached skill level 10 in Axes
116508 | Zig:17   | Reached skill level 14 in Crossbows
116508 | Zig:17   | Killed a royal mummy
116508 | Zig:17   | Killed a royal mummy
116508 | Zig:17   | Noticed a royal mummy
116509 | Zig:17   | Reached skill level 11 in Invocations
116510 | Zig:17   | Killed a royal mummy
116510 | Zig:17   | Noticed a royal mummy
116510 | Zig:17   | Noticed a royal mummy
116511 | Zig:17   | Reached skill level 14 in Short Blades
116511 | Zig:17   | Noticed a royal mummy
116513 | Zig:17   | Killed a royal mummy
116514 | Zig:17   | Killed a royal mummy
116514 | Zig:17   | Noticed a royal mummy
116514 | Zig:17   | Noticed a royal mummy
116515 | Zig:17   | Killed a royal mummy
116517 | Zig:17   | Killed a royal mummy
116517 | Zig:17   | Killed a royal mummy
116518 | Zig:17   | Noticed a royal mummy
116520 | Zig:17   | Killed a royal mummy
116522 | Zig:17   | Noticed a royal mummy
116523 | Zig:17   | Noticed a royal mummy
116524 | Zig:17   | Killed a royal mummy
116525 | Zig:17   | Reached skill level 16 in Air Magic
116525 | Zig:17   | Killed a royal mummy
116554 | Zig:17   | Identified the ring of Elyvilon's Generosity {Fly rC+ Str-2
                  | Dex+6 Stlth+}
116565 | Zig:17   | Reached skill level 14 in Bows
116565 | Zig:17   | Reached skill level 15 in Crossbows
116565 | Zig:17   | Reached skill level 14 in Unarmed Combat
116566 | Zig:17   | Identified the +4 arbalest "Ylolanoe" {freeze, Dex+7}
116794 | Zig:18   | Entered Level 18 of a ziggurat
116801 | Zig:18   | Reached skill level 11 in Long Blades
116802 | Zig:18   | Reached skill level 11 in Hexes
116802 | Zig:18   | Reached skill level 11 in Summonings
116805 | Zig:18   | Reached skill level 11 in Axes
116806 | Zig:18   | Reached skill level 12 in Invocations
116836 | Zig:18   | Found the macabre finger necklace {rN+}
116841 | Zig:18   | Identified the ring "Ymup" {Wiz *Slow rF++ Slay+5 Stlth+}
116844 | Zig:18   | Identified the +8 whip of Gehenna {holy, Will+}
116846 | Zig:18   | Identified the +4 dagger of Raptorph {vorpal, Dex+3}
116848 | Zig:18   | Identified the ring "Duusmot" {rC+ MP+9 SInv}
116966 | Zig:19   | Entered Level 19 of a ziggurat
116973 | Zig:19   | Reached skill level 16 in Crossbows
116974 | Zig:19   | Reached skill level 15 in Short Blades
116988 | Zig:19   | Reached skill level 12 in Long Blades
116992 | Zig:19   | Reached skill level 12 in Summonings
117009 | Zig:19   | Found the +10 zealot's sword {holy, *Rage rN+ EV+3}
117014 | Zig:19   | Identified the +7 great sword of the Spinneret {speed,
                  | rPois rF+ rN+}
117015 | Zig:19   | Identified the amulet of Taoh {Faith rN+ Str+4 Stlth-}
117016 | Zig:19   | Identified the +1 robe "Reger" {Harm rF- rCorr Stlth-}
117022 | Zig:19   | Reached skill level 12 in Axes
117022 | Zig:19   | Reached skill level 15 in Unarmed Combat
117022 | Zig:19   | Reached skill level 12 in Hexes
117022 | Zig:19   | Reached skill level 17 in Air Magic
117022 | Zig:19   | Reached skill level 13 in Invocations
117024 | Zig:19   | Reached skill level 15 in Bows
117034 | Zig:20   | Entered Level 20 of a ziggurat
117044 | Zig:20   | Reached skill level 17 in Crossbows
117096 | Zig:20   | Identified the amulet "Dithreegh" {Acrobat rF+ Regen+ rCorr
                  | Int-4}
117110 | Zig:20   | Identified the ring "Keud" {rC++ Will- rCorr}
117177 | Zig:21   | Entered Level 21 of a ziggurat
117184 | Zig:21   | Reached skill level 16 in Short Blades
117184 | Zig:21   | Reached skill level 13 in Long Blades
117184 | Zig:21   | Reached skill level 13 in Summonings
117184 | Zig:21   | Reached skill level 14 in Invocations
117186 | Zig:21   | Reached skill level 13 in Hexes
117187 | Zig:21   | Reached skill level 13 in Axes
117187 | Zig:21   | Reached skill level 18 in Crossbows
117200 | Zig:21   | Reached skill level 16 in Unarmed Combat
117203 | Zig:21   | Reached skill level 16 in Bows
117238 | Zig:21   | Identified the +5 hand crossbow of Saltpetre {penet, Str+5
                  | Int-2}
117294 | Zig:21   | Identified the ring of Japrisudo {rPois Dex+6}
117301 | Zig:22   | Entered Level 22 of a ziggurat
117314 | Zig:22   | Reached skill level 18 in Air Magic
117323 | Zig:22   | Reached skill level 15 in Invocations
117327 | Zig:22   | Reached skill level 14 in Long Blades
117327 | Zig:22   | Reached skill level 14 in Summonings
117328 | Zig:22   | Reached skill level 14 in Hexes
117356 | Zig:22   | Identified the +1 ring mail of Qimei {Dex+3 Slay+5}
117363 | Zig:22   | Reached skill level 14 in Axes
117372 | Zig:22   | Identified the +2 robe of Indemnity {rCorr Stlth+}
117379 | Zig:22   | Identified the ring of the Salamander {Dex+5 Slay+4}
117380 | Zig:22   | Identified the ring of the Commoners {+Blink rF+ rN+ Str+5}
117388 | Zig:23   | Entered Level 23 of a ziggurat
117390 | Zig:23   | Noticed a royal mummy
117390 | Zig:23   | Noticed a royal mummy
117393 | Zig:23   | Noticed a royal mummy
117394 | Zig:23   | Killed a royal mummy
117394 | Zig:23   | Killed a royal mummy
117394 | Zig:23   | Noticed a royal mummy
117395 | Zig:23   | Reached skill level 17 in Short Blades
117395 | Zig:23   | Killed a royal mummy
117395 | Zig:23   | Noticed a royal mummy
117395 | Zig:23   | Noticed a royal mummy
117396 | Zig:23   | Noticed a royal mummy
117396 | Zig:23   | Noticed a royal mummy
117396 | Zig:23   | Noticed a royal mummy
117396 | Zig:23   | Noticed a royal mummy
117397 | Zig:23   | Killed a royal mummy
117397 | Zig:23   | Killed a royal mummy
117397 | Zig:23   | Killed a royal mummy
117397 | Zig:23   | Killed a royal mummy
117397 | Zig:23   | Noticed a royal mummy
117398 | Zig:23   | Killed a royal mummy
117398 | Zig:23   | Noticed a royal mummy
117398 | Zig:23   | Noticed a royal mummy
117398 | Zig:23   | Noticed a royal mummy
117399 | Zig:23   | Killed a royal mummy
117399 | Zig:23   | Killed a royal mummy
117399 | Zig:23   | Noticed a royal mummy
117399 | Zig:23   | Noticed a royal mummy
117400 | Zig:23   | Killed a royal mummy
117400 | Zig:23   | Killed a royal mummy
117400 | Zig:23   | Killed a royal mummy
117400 | Zig:23   | Noticed a royal mummy
117401 | Zig:23   | Reached skill level 19 in Crossbows
117401 | Zig:23   | Killed a royal mummy
117402 | Zig:23   | Killed a royal mummy
117402 | Zig:23   | Killed a royal mummy
117402 | Zig:23   | Killed a royal mummy
117402 | Zig:23   | Noticed a royal mummy
117403 | Zig:23   | Noticed a royal mummy
117403 | Zig:23   | Noticed a royal mummy
117404 | Zig:23   | Killed a royal mummy
117405 | Zig:23   | Killed a royal mummy
117405 | Zig:23   | Killed a royal mummy
117405 | Zig:23   | Noticed a royal mummy
117405 | Zig:23   | Noticed a royal mummy
117405 | Zig:23   | Noticed a royal mummy
117406 | Zig:23   | Noticed a royal mummy
117406 | Zig:23   | Noticed a royal mummy
117407 | Zig:23   | Reached skill level 17 in Unarmed Combat
117407 | Zig:23   | Killed a royal mummy
117407 | Zig:23   | Killed a royal mummy
117407 | Zig:23   | Killed a royal mummy
117407 | Zig:23   | Noticed a royal mummy
117408 | Zig:23   | Reached skill level 17 in Bows
117408 | Zig:23   | Killed a royal mummy
117408 | Zig:23   | Noticed a royal mummy
117409 | Zig:23   | Killed a royal mummy
117409 | Zig:23   | Noticed a royal mummy
117410 | Zig:23   | Killed a royal mummy
117410 | Zig:23   | Noticed a royal mummy
117411 | Zig:23   | Noticed a royal mummy
117411 | Zig:23   | Noticed a royal mummy
117412 | Zig:23   | Killed a royal mummy
117412 | Zig:23   | Killed a royal mummy
117412 | Zig:23   | Noticed a royal mummy
117412 | Zig:23   | Noticed a royal mummy
117413 | Zig:23   | Killed a royal mummy
117413 | Zig:23   | Killed a royal mummy
117413 | Zig:23   | Killed a royal mummy
117413 | Zig:23   | Killed a royal mummy
117414 | Zig:23   | Reached skill level 16 in Invocations
117414 | Zig:23   | Killed a royal mummy
117414 | Zig:23   | Noticed a royal mummy
117414 | Zig:23   | Noticed a royal mummy
117417 | Zig:23   | Killed a royal mummy
117417 | Zig:23   | Killed a royal mummy
117417 | Zig:23   | Noticed a royal mummy
117419 | Zig:23   | Killed a royal mummy
117419 | Zig:23   | Noticed a royal mummy
117420 | Zig:23   | Noticed a royal mummy
117421 | Zig:23   | Killed a royal mummy
117421 | Zig:23   | Killed a royal mummy
117423 | Zig:23   | Reached skill level 19 in Air Magic
117443 | Zig:23   | Reached skill level 15 in Long Blades
117465 | Zig:23   | Identified the +3 leather armour of Gaepiob {rC+ rCorr}
117470 | Zig:23   | Acquired 548 gold pieces
117477 | Zig:23   | Reached skill level 15 in Hexes
117477 | Zig:23   | Reached skill level 15 in Summonings
117480 | Zig:23   | Identified the ring "Jaexiv" {rPois rF- Dex+6 Slay+6
                  | Stlth+}
117582 | Zig:24   | Entered Level 24 of a ziggurat
117589 | Zig:24   | Reached skill level 15 in Axes
117589 | Zig:24   | Noticed a juggernaut
117590 | Zig:24   | Noticed a juggernaut
117591 | Zig:24   | Noticed a juggernaut
117593 | Zig:24   | Killed a juggernaut
117593 | Zig:24   | Killed a juggernaut
117593 | Zig:24   | Noticed a juggernaut
117594 | Zig:24   | Killed a juggernaut
117597 | Zig:24   | Killed a juggernaut
117599 | Zig:24   | Noticed a juggernaut
117600 | Zig:24   | Reached skill level 18 in Short Blades
117600 | Zig:24   | Killed a juggernaut
117627 | Zig:24   | Found the -2 hat of the Alchemist {rElec rPois rF+ rC+ rN+
                  | Will+ rMut rCorr}
117634 | Zig:24   | Identified the +6 demon trident "Xitzitull" {pain, rElec
                  | rC- Will+}
117643 | Zig:24   | Identified the ring of Vigeobiwn {Will- EV+4 Str+5}
117665 | Zig:25   | Entered Level 25 of a ziggurat
117676 | Zig:25   | Reached skill level 17 in Invocations
117677 | Zig:25   | Reached skill level 18 in Unarmed Combat
117678 | Zig:25   | Reached skill level 18 in Bows
117678 | Zig:25   | Reached skill level 20 in Crossbows
117684 | Zig:25   | Reached skill level 16 in Hexes
117685 | Zig:25   | Reached skill level 16 in Long Blades
117685 | Zig:25   | Reached skill level 16 in Summonings
117687 | Zig:25   | Reached skill level 16 in Axes
117734 | Zig:25   | Identified the amulet "Usuodid" {Spirit rPois}
117747 | Zig:25   | Identified the ring of Zoatypso {rElec MP+9 Str+6}
117762 | Zig:26   | Entered Level 26 of a ziggurat
117770 | Zig:26   | Reached skill level 20 in Air Magic
117780 | Zig:26   | Reached skill level 19 in Short Blades
117783 | Zig:26   | Reached skill level 18 in Invocations
117793 | Zig:26   | Reached skill level 19 in Bows
117793 | Zig:26   | Reached skill level 19 in Unarmed Combat
117800 | Zig:26   | Reached skill level 17 in Long Blades
117824 | Zig:26   | Found the +3 crown of Dyrovepreva {rElec Int+2 SInv}
117831 | Zig:26   | Reached skill level 17 in Axes
117831 | Zig:26   | Reached skill level 17 in Hexes
117831 | Zig:26   | Reached skill level 17 in Summonings
117837 | Zig:26   | Identified the amulet "Lishiat" {Spirit rC+ Int+4}
117839 | Zig:26   | Identified the amulet "Moif" {RegenMP rN+}
117877 | Zig:26   | Identified the ring "Zara" {Ice Int+4 Dex+3 Stlth+}
117918 | Zig:27   | Entered Level 27 of a ziggurat
117924 | Zig:27   | Noticed a juggernaut
117924 | Zig:27   | Noticed a juggernaut
117925 | Zig:27   | Killed a juggernaut
117925 | Zig:27   | Noticed a juggernaut
117926 | Zig:27   | Reached skill level 21 in Crossbows
117927 | Zig:27   | Killed a juggernaut
117927 | Zig:27   | Noticed a juggernaut
117928 | Zig:27   | Killed a juggernaut
117928 | Zig:27   | Noticed a juggernaut
117928 | Zig:27   | Noticed a juggernaut
117929 | Zig:27   | Noticed a juggernaut
117930 | Zig:27   | Killed a juggernaut
117930 | Zig:27   | Killed a juggernaut
117933 | Zig:27   | Killed a juggernaut
117933 | Zig:27   | Killed a juggernaut
117933 | Zig:27   | Noticed a juggernaut
117934 | Zig:27   | Killed a juggernaut
117935 | Zig:27   | Noticed a juggernaut
117938 | Zig:27   | Killed a juggernaut
117941 | Zig:27   | Noticed a juggernaut
117944 | Zig:27   | Reached skill level 21 in Air Magic
117944 | Zig:27   | Reached skill level 19 in Invocations
117946 | Zig:27   | Killed a juggernaut
117975 | Zig:27   | Found the +8 mithril axe "Arga" {speed, Will+}
117981 | Zig:27   | Identified the ring "Orose" {+Blink rC+ rCorr Dex+4}
118000 | Zig:27   | Identified the +1 chain mail of Roeleref {rN+ rCorr}
118001 | Zig:27   | Identified the +9 broad axe "Uvvuh" {pain, Fly rN+}
118002 | Zig:27   | Identified the +3 hand axe of the Crushed Allies {flame,
                  | rC+ Str+4}
118004 | Zig:27   | Reached skill level 20 in Short Blades
118059 | Zig:1    | Entered Level 1 of a ziggurat
118069 | Zig:2    | Entered Level 2 of a ziggurat
118089 | Zig:3    | Entered Level 3 of a ziggurat
118090 | Zig:3    | Noticed an orb of fire
118091 | Zig:3    | Noticed an orb of fire
118091 | Zig:3    | Noticed an orb of fire
118091 | Zig:3    | Gained mutation: Your spells are a little easier to cast,
                  | but a little less powerful. [an orb of fire]
118095 | Zig:3    | Killed an orb of fire
118095 | Zig:3    | Lost mutation: You are robust. (+10% HP) [an orb of fire]
118096 | Zig:3    | Reached skill level 18 in Long Blades
118096 | Zig:3    | Reached skill level 18 in Axes
118096 | Zig:3    | Killed an orb of fire
118096 | Zig:3    | Killed an orb of fire
118097 | Zig:3    | Reached skill level 18 in Hexes
118108 | Zig:3    | Identified the +4 scythe of Nightmares {vorpal, *Rage rPois
                  | Will++}
118125 | Zig:4    | Entered Level 4 of a ziggurat
118125 | Zig:4    | Noticed a juggernaut
118125 | Zig:4    | Noticed a juggernaut
118125 | Zig:4    | Noticed a juggernaut
118126 | Zig:4    | Killed a juggernaut
118126 | Zig:4    | Killed a juggernaut
118127 | Zig:4    | Reached skill level 18 in Summonings
118127 | Zig:4    | Killed a juggernaut
118128 | Zig:4    | Noticed a juggernaut
118131 | Zig:4    | Killed a juggernaut
118135 | Zig:4    | Reached skill level 20 in Bows
118188 | Zig:5    | Entered Level 5 of a ziggurat
118192 | Zig:5    | Reached skill level 20 in Unarmed Combat
118239 | Zig:5    | Learned a level 9 spell: Death's Door
118244 | Zig:6    | Entered Level 6 of a ziggurat
118245 | Zig:6    | Noticed a caustic shrike
118246 | Zig:6    | Noticed a caustic shrike
118246 | Zig:6    | Noticed a caustic shrike
118247 | Zig:6    | Noticed a caustic shrike
118247 | Zig:6    | Noticed a caustic shrike
118248 | Zig:6    | Noticed a caustic shrike
118248 | Zig:6    | Noticed a caustic shrike
118249 | Zig:6    | Killed a caustic shrike
118249 | Zig:6    | Killed a caustic shrike
118250 | Zig:6    | Killed a caustic shrike
118250 | Zig:6    | Killed a caustic shrike
118250 | Zig:6    | Killed a caustic shrike
118250 | Zig:6    | Killed a caustic shrike
118251 | Zig:6    | Killed a caustic shrike
118274 | Zig:6    | Identified the +1 falchion "Nufros" {freeze, rF+ rC+ Dex+4
                  | Stlth-}
118283 | Zig:7    | Entered Level 7 of a ziggurat
118286 | Zig:7    | Noticed a curse skull
118287 | Zig:7    | Noticed a curse skull
118287 | Zig:7    | Noticed a curse skull
118288 | Zig:7    | Noticed a curse skull
118290 | Zig:7    | Killed a curse skull
118291 | Zig:7    | Noticed a curse skull
118291 | Zig:7    | Killed a curse skull
118291 | Zig:7    | Noticed a curse skull
118292 | Zig:7    | Killed a curse skull
118292 | Zig:7    | Killed a curse skull
118292 | Zig:7    | Killed a curse skull
118292 | Zig:7    | Killed a curse skull
118293 | Zig:7    | Reached skill level 19 in Axes
118293 | Zig:7    | Noticed a curse skull
118294 | Zig:7    | Reached skill level 22 in Crossbows
118294 | Zig:7    | Killed a curse skull
118294 | Zig:7    | Noticed an ancient lich
118296 | Zig:7    | Killed an ancient lich
118297 | Zig:7    | Noticed a curse skull
118298 | Zig:7    | Killed a curse skull
118313 | Zig:7    | Identified the +4 rapier of Contention {vorpal, Str+4}
118439 | Zig:8    | Entered Level 8 of a ziggurat
118445 | Zig:8    | Reached skill level 20 in Invocations
118498 | Zig:9    | Entered Level 9 of a ziggurat
118664 | Zig:10   | Entered Level 10 of a ziggurat
118669 | Zig:10   | Noticed a dread lich
118672 | Zig:10   | Reached skill level 22 in Air Magic
118676 | Zig:10   | Killed a dread lich
118677 | Zig:10   | Reached skill level 21 in Short Blades
118679 | Zig:10   | Reached skill level 19 in Long Blades
118680 | Zig:10   | Reached skill level 19 in Hexes
118680 | Zig:10   | Reached skill level 19 in Summonings
118681 | Zig:10   | Reached skill level 20 in Axes
118715 | Zig:10   | Identified the +9 battleaxe "Killer Klown's Doom" {vorpal,
                  | *Corrode rF+ Str+2}
118720 | Zig:10   | Identified the ring of the Wild Haggis {rC- rCorr Dex+4
                  | SInv}
118745 | Zig:11   | Entered Level 11 of a ziggurat
118751 | Zig:11   | Noticed an electric golem
118752 | Zig:11   | Paralysed by an air elemental for 1 turns
118752 | Zig:11   | Noticed an electric golem
118752 | Zig:11   | Noticed an electric golem
118752 | Zig:11   | Noticed an electric golem
118753 | Zig:11   | Noticed an electric golem
118753 | Zig:11   | Noticed an electric golem
118754 | Zig:11   | Killed an electric golem
118754 | Zig:11   | Noticed an electric golem
118754 | Zig:11   | Noticed an electric golem
118754 | Zig:11   | Noticed an electric golem
118754 | Zig:11   | Noticed an electric golem
118755 | Zig:11   | Killed an electric golem
118755 | Zig:11   | Killed an electric golem
118755 | Zig:11   | Noticed an electric golem
118756 | Zig:11   | Killed an electric golem
118757 | Zig:11   | Killed an electric golem
118757 | Zig:11   | Killed an electric golem
118757 | Zig:11   | Killed an electric golem
118758 | Zig:11   | Killed an electric golem
118758 | Zig:11   | Killed an electric golem
118758 | Zig:11   | Killed an electric golem
118759 | Zig:11   | Killed an electric golem
118759 | Zig:11   | Noticed an electric golem
118760 | Zig:11   | Reached skill level 21 in Bows
118762 | Zig:11   | Reached skill level 21 in Unarmed Combat
118762 | Zig:11   | Killed an electric golem
118768 | Zig:11   | Found the ring of Shadows {Umbra +Inv Stlth+}
118770 | Zig:11   | Found the +10 morningstar "Eos" {elec, Halo rElec}
118771 | Zig:11   | Found the +8 storm bow {elec, penet}
118791 | Zig:11   | Identified the amulet "Suskyfa" {Regen+ MP+9 Slay+3}
118802 | Zig:12   | Entered Level 12 of a ziggurat
118806 | Zig:12   | Noticed a juggernaut
118807 | Zig:12   | Noticed a juggernaut
118807 | Zig:12   | Killed a juggernaut
118809 | Zig:12   | Killed a juggernaut
118811 | Zig:12   | Noticed a juggernaut
118814 | Zig:12   | Reached skill level 21 in Invocations
118818 | Zig:12   | Killed a juggernaut
118830 | Zig:12   | Found the +5 robe of Night {Dark Will+ SInv}
118848 | Zig:12   | Identified the ring "Camo" {EV+4 Str+4}
118849 | Zig:12   | Identified the +10 mace of the Mushroom {vorpal, rN++}
118859 | Zig:13   | Entered Level 13 of a ziggurat
118869 | Zig:13   | Reached skill level 21 in Axes
118877 | Zig:13   | Noticed Arezxerie the pandemonium lord
118879 | Zig:13   | Gained mutation: You occasionally shout uncontrollably at
                  | your foes. [a cacodemon]
118880 | Zig:13   | Killed Arezxerie the pandemonium lord
118880 | Zig:13   | Gained mutation: You expend magic power (3 MP) to
                  | strengthen your wands. [a cacodemon]
118882 | Zig:13   | Reached skill level 23 in Crossbows
118889 | Zig:13   | Gained mutation: Your body sometimes deteriorates upon
                  | taking damage. [a cacodemon]
119137 | Zig:13   | Identified the amulet "Raeppya" {Reflect -Tele rPois rC+
                  | SH+5}
119141 | Zig:13   | Identified the ring "Pemyb" {rPois rF+ rN+ Will- Dex+3}
119146 | Zig:13   | Identified the ring "Nuxkia" {Drain rElec rCorr Str+6}
119192 | Zig:13   | Lost mutation: You have an increased reservoir of magic.
                  | (+10% MP) [potion of mutation]
119192 | Zig:13   | Lost mutation: Your spells are a little easier to cast, but
                  | a little less powerful. [potion of mutation]
119192 | Zig:13   | Lost mutation: Your body sometimes deteriorates upon taking
                  | damage. [potion of mutation]
119192 | Zig:13   | Gained mutation: You are agile. (Dex +2) [potion of
                  | mutation]
119192 | Zig:13   | Lost mutation: Your mind is acute. (Int +2) [potion of
                  | mutation]
119192 | Zig:13   | Lost mutation: You are agile. (Dex +2) [potion of mutation]
119193 | Zig:13   | Lost mutation: You expend magic power (3 MP) to strengthen
                  | your wands. [potion of mutation]
119193 | Zig:13   | Lost mutation: You occasionally shout uncontrollably at
                  | your foes. [potion of mutation]
119193 | Zig:13   | Lost mutation: A frigid envelope surrounds you and freezes
                  | all who hurt you. [potion of mutation]
119193 | Zig:13   | Gained mutation: Your body sometimes deteriorates upon
                  | taking damage. [potion of mutation]
119193 | Zig:13   | Gained mutation: You have a pair of small antennae on your
                  | head. [potion of mutation]
119193 | Zig:13   | Gained mutation: Your mind is acute. (Int +2) [potion of
                  | mutation]
119194 | Zig:13   | Lost mutation: Your mind is acute. (Int +2) [potion of
                  | mutation]
119194 | Zig:13   | Lost mutation: You have a pair of small antennae on your
                  | head. [potion of mutation]
119194 | Zig:13   | Gained mutation: You have hidden genetic defects. [potion
                  | of mutation]
119195 | Zig:13   | Lost mutation: You have hidden genetic defects. [potion of
                  | mutation]
119195 | Zig:13   | Lost mutation: Your body sometimes deteriorates upon taking
                  | damage. [potion of mutation]
119195 | Zig:13   | Gained mutation: You sometimes lose the ability to read
                  | scrolls when taking damage. [potion of mutation]
119195 | Zig:13   | Gained mutation: You are clumsy. (Dex -2) [potion of
                  | mutation]
119195 | Zig:13   | Gained mutation: You expend magic power (3 MP) to
                  | strengthen your wands. [potion of mutation]
119196 | Zig:13   | Lost mutation: You expend magic power (3 MP) to strengthen
                  | your wands. [potion of mutation]
119196 | Zig:13   | Lost mutation: You are clumsy. (Dex -2) [potion of
                  | mutation]
119196 | Zig:13   | Gained mutation: You are clumsy. (Dex -2) [potion of
                  | mutation]
119196 | Zig:13   | Gained mutation: Your flesh is cold resistant. (rC+)
                  | [potion of mutation]
119197 | Zig:13   | Lost mutation: Your flesh is cold resistant. (rC+) [potion
                  | of mutation]
119197 | Zig:13   | Lost mutation: You are clumsy. (Dex -2) [potion of
                  | mutation]
119197 | Zig:13   | Lost mutation: You sometimes lose the ability to read
                  | scrolls when taking damage. [potion of mutation]
119197 | Zig:13   | Gained mutation: You are partially covered in iridescent
                  | scales. (AC +2) [potion of mutation]
119197 | Zig:13   | Gained mutation: You occasionally shout uncontrollably at
                  | your foes. [potion of mutation]
119198 | Zig:13   | Lost mutation: You are partially covered in iridescent
                  | scales. (AC +2) [potion of mutation]
119198 | Zig:13   | Lost mutation: You occasionally shout uncontrollably at
                  | your foes. [potion of mutation]
119198 | Zig:13   | Gained mutation: One of your tentacles bears a spike.
                  | [potion of mutation]
119199 | Zig:13   | Lost mutation: One of your tentacles bears a spike. [potion
                  | of mutation]
119199 | Zig:13   | Gained mutation: Your system is resistant to poisons.
                  | (rPois) [potion of mutation]
119199 | Zig:13   | Gained mutation: You are frail. (-10% HP) [potion of
                  | mutation]
119200 | Zig:13   | Lost mutation: You are frail. (-10% HP) [potion of
                  | mutation]
119200 | Zig:13   | Lost mutation: Your system is resistant to poisons. (rPois)
                  | [potion of mutation]
119200 | Zig:13   | Gained mutation: You are dopey. (Int -2) [potion of
                  | mutation]
119200 | Zig:13   | Gained mutation: You are clumsy. (Dex -2) [potion of
                  | mutation]
119201 | Zig:13   | Lost mutation: You are clumsy. (Dex -2) [potion of
                  | mutation]
119201 | Zig:13   | Lost mutation: You are dopey. (Int -2) [potion of mutation]
119201 | Zig:13   | Gained mutation: You passively map a small area around you.
                  | [potion of mutation]
119201 | Zig:13   | Gained mutation: You have hidden genetic potential. [potion
                  | of mutation]
119250 | Zig:14   | Entered Level 14 of a ziggurat
119270 | Zig:14   | Reached skill level 20 in Summonings
119271 | Zig:14   | Reached skill level 20 in Long Blades
119272 | Zig:14   | Reached skill level 20 in Hexes
119293 | Zig:14   | Found the +3 pair of seven-league boots {Rampage+∞}
119302 | Zig:14   | Identified the +2 scimitar "Itueg" {vorpal, rElec}
119316 | Zig:14   | Reached skill level 22 in Short Blades
119316 | Zig:14   | Reached skill level 23 in Air Magic
119322 | Zig:14   | Identified the ring of Altruism {Fly Will+}
119385 | Zig:15   | Entered Level 15 of a ziggurat
119388 | Zig:15   | Noticed a royal mummy
119389 | Zig:15   | Noticed a royal mummy
119389 | Zig:15   | Noticed a royal mummy
119390 | Zig:15   | Killed a royal mummy
119391 | Zig:15   | Killed a royal mummy
119394 | Zig:15   | Killed a royal mummy
119395 | Zig:15   | Noticed a royal mummy
119395 | Zig:15   | Noticed a royal mummy
119396 | Zig:15   | Killed a royal mummy
119396 | Zig:15   | Noticed a royal mummy
119397 | Zig:15   | Killed a royal mummy
119398 | Zig:15   | Killed a royal mummy
119398 | Zig:15   | Noticed a royal mummy
119398 | Zig:15   | Noticed a royal mummy
119400 | Zig:15   | Killed a royal mummy
119400 | Zig:15   | Killed a royal mummy
119401 | Zig:15   | Noticed a royal mummy
119401 | Zig:15   | Noticed a royal mummy
119402 | Zig:15   | Noticed a royal mummy
119403 | Zig:15   | Noticed a royal mummy
119404 | Zig:15   | Killed a royal mummy
119405 | Zig:15   | Killed a royal mummy
119405 | Zig:15   | Killed a royal mummy
119406 | Zig:15   | Killed a royal mummy
119408 | Zig:15   | Noticed a royal mummy
119410 | Zig:15   | Killed a royal mummy
119410 | Zig:15   | Noticed a royal mummy
119412 | Zig:15   | Noticed a royal mummy
119412 | Zig:15   | Noticed a royal mummy
119413 | Zig:15   | Killed a royal mummy
119414 | Zig:15   | Killed a royal mummy
119414 | Zig:15   | Killed a royal mummy
119414 | Zig:15   | Noticed a royal mummy
119415 | Zig:15   | Reached skill level 22 in Bows
119417 | Zig:15   | Killed a royal mummy
119419 | Zig:15   | Reached skill level 22 in Unarmed Combat
119419 | Zig:15   | Noticed a royal mummy
119419 | Zig:15   | Noticed a royal mummy
119421 | Zig:15   | Killed a royal mummy
119421 | Zig:15   | Killed a royal mummy
119421 | Zig:15   | Noticed a royal mummy
119424 | Zig:15   | Killed a royal mummy
119425 | Zig:15   | Reached skill level 22 in Invocations
119459 | Zig:15   | Identified the ring "Liut" {rElec rPois rF+ rC- EV+4}
119641 | Zig:16   | Entered Level 16 of a ziggurat
119666 | Zig:16   | Reached skill level 22 in Axes
119685 | Zig:16   | Gained mutation: You are partially covered in large bone
                  | plates. (SH +4) [hidden potential]
119685 | Zig:16   | Lost mutation: You have hidden genetic potential. [hidden
                  | potential expressed]
119707 | Zig:16   | Identified the +10 broad axe of Ghostly Defence {vamp, rF-
                  | Int+4 Dex+3}
119708 | Zig:16   | Identified the amulet "Rapuzag" {+Inv rPois rN+ Regen+
                  | Dex-3}
119709 | Zig:16   | Identified the +9 shortbow "Ymeqe" {flame, Int+2 Dex+4}
119710 | Zig:16   | Identified the ring "Mois" {Wiz Dex+2}
119727 | Zig:16   | Lost mutation: You passively map a small area around you.
                  | [potion of mutation]
119727 | Zig:16   | Lost mutation: You are partially covered in large bone
                  | plates. (SH +4) [potion of mutation]
119727 | Zig:16   | Gained mutation: Potions are less effective at restoring
                  | your health. [potion of mutation]
119727 | Zig:16   | Gained mutation: You are frail. (-10% HP) [potion of
                  | mutation]
119727 | Zig:16   | Gained mutation: You are clumsy. (Dex -2) [potion of
                  | mutation]
119727 | Zig:16   | Lost mutation: You are clumsy. (Dex -2) [potion of
                  | mutation]
119728 | Zig:16   | Lost mutation: Potions are less effective at restoring your
                  | health. [potion of mutation]
119728 | Zig:16   | Lost mutation: You are frail. (-10% HP) [potion of
                  | mutation]
119728 | Zig:16   | Gained mutation: Your spells are a little easier to cast,
                  | but a little less powerful. [potion of mutation]
119728 | Zig:16   | Gained mutation: Your natural rate of healing is unusually
                  | fast. [potion of mutation]
119728 | Zig:16   | Gained mutation: Your body sometimes deteriorates upon
                  | taking damage. [potion of mutation]
119728 | Zig:16   | Gained mutation: Your flesh is cold resistant. (rC+)
                  | [potion of mutation]
119729 | Zig:16   | Lost mutation: Your spells are a little easier to cast, but
                  | a little less powerful. [potion of mutation]
119729 | Zig:16   | Lost mutation: Your body sometimes deteriorates upon taking
                  | damage. [potion of mutation]
119729 | Zig:16   | Gained mutation: One of your tentacles bears a spike.
                  | [potion of mutation]
119729 | Zig:16   | Lost mutation: Your flesh is cold resistant. (rC+) [potion
                  | of mutation]
119749 | Zig:17   | Entered Level 17 of a ziggurat
119772 | Zig:17   | Noticed Zaedywy the pandemonium lord
119781 | Zig:17   | Reached skill level 21 in Summonings
119787 | Zig:17   | Reached skill level 21 in Long Blades
119787 | Zig:17   | Reached skill level 24 in Crossbows
119787 | Zig:17   | Reached skill level 21 in Hexes
119804 | Zig:17   | Killed Zaedywy the pandemonium lord
119941 | Zig:17   | Found the ring of the Hare {EV+8}
119970 | Zig:17   | Identified the -6 pair of boots "Orphoahu" {rElec Dex+3}
119972 | Zig:17   | Identified the +0 double sword of Gravity {antimagic, Fly
                  | rN+ rCorr Int-2}
119982 | Zig:18   | Entered Level 18 of a ziggurat
119985 | Zig:18   | Noticed a curse skull
119986 | Zig:18   | Killed a curse skull
119994 | Zig:18   | Reached skill level 23 in Short Blades
120000 | Zig:18   | Reached skill level 24 in Air Magic
120007 | Zig:18   | Reached skill level 23 in Invocations
120028 | Zig:18   | Reached skill level 23 in Bows
120046 | Zig:18   | Found the necklace of Bloodlust {*Rage Will++ Int-3 Slay+6}
120061 | Zig:18   | Identified the ring "Gatuan" {rC+ Int+4}
120067 | Zig:18   | Reached skill level 23 in Unarmed Combat
120072 | Zig:18   | Identified the +7 flail of Hatred {protect, *Rage rElec
                  | Str+2 Int+3}
120073 | Zig:18   | Identified the -5 pair of boots of Shrieking Liberty {SInv
                  | Stlth+}
120131 | Zig:19   | Entered Level 19 of a ziggurat
120140 | Zig:19   | Gained mutation: You sometimes lose the ability to read
                  | scrolls when taking damage. [a shining eye]
120156 | Zig:19   | Reached skill level 23 in Axes
120229 | Zig:20   | Entered Level 20 of a ziggurat
120242 | Zig:20   | Noticed a juggernaut
120243 | Zig:20   | Killed a juggernaut
120243 | Zig:20   | Noticed a juggernaut
120244 | Zig:20   | Noticed a juggernaut
120244 | Zig:20   | Noticed a juggernaut
120245 | Zig:20   | Noticed a juggernaut
120245 | Zig:20   | Killed a juggernaut
120246 | Zig:20   | Noticed a juggernaut
120247 | Zig:20   | Reached skill level 22 in Long Blades
120247 | Zig:20   | Reached skill level 22 in Summonings
120247 | Zig:20   | Killed a juggernaut
120247 | Zig:20   | Killed a juggernaut
120248 | Zig:20   | Reached skill level 22 in Hexes
120249 | Zig:20   | Killed a juggernaut
120250 | Zig:20   | Killed a juggernaut
120250 | Zig:20   | Noticed a juggernaut
120253 | Zig:20   | Reached skill level 24 in Short Blades
120256 | Zig:20   | Killed a juggernaut
120261 | Zig:20   | Reached skill level 25 in Crossbows
120294 | Zig:20   | Found the +6 lightning scales {swift, rElec}
120303 | Zig:20   | Identified the amulet of Sloth {Faith Fly rF+}
120313 | Zig:20   | Identified the +0 pair of gloves of Karinia {+Inv rF+ rC+
                  | rCorr}
120424 | Zig:21   | Entered Level 21 of a ziggurat
120439 | Zig:21   | Identified +0 pearl dragon scales
120440 | Zig:21   | Reached skill level 24 in Invocations
120441 | Zig:21   | Identified +0 pearl dragon scales
120441 | Zig:21   | Identified +0 pearl dragon scales
120442 | Zig:21   | Identified +0 pearl dragon scales
120444 | Zig:21   | Identified +0 pearl dragon scales
120446 | Zig:21   | Identified +0 pearl dragon scales
120447 | Zig:21   | Identified +0 pearl dragon scales
120449 | Zig:21   | Identified +0 pearl dragon scales
120449 | Zig:21   | Identified +0 pearl dragon scales
120451 | Zig:21   | Reached skill level 25 in Air Magic
120457 | Zig:21   | Identified +0 pearl dragon scales
120458 | Zig:21   | Identified +0 pearl dragon scales
120459 | Zig:21   | Reached skill level 24 in Bows
120459 | Zig:21   | Reached skill level 24 in Unarmed Combat
120459 | Zig:21   | Identified +0 pearl dragon scales
120464 | Zig:21   | Identified +0 pearl dragon scales
120465 | Zig:21   | Reached skill level 25 in Short Blades
120465 | Zig:21   | Identified the +1 buckler "Dikiz" {rElec Int+4}
120569 | Zig:21   | Identified the ring "Ynoext" {rCorr EV+4 Str+5 Dex+2
                  | Stlth+}
120574 | Zig:22   | Entered Level 22 of a ziggurat
120585 | Zig:22   | Noticed a caustic shrike
120586 | Zig:22   | Noticed a caustic shrike
120587 | Zig:22   | Noticed a caustic shrike
120587 | Zig:22   | Noticed a caustic shrike
120588 | Zig:22   | Killed a caustic shrike
120589 | Zig:22   | Killed a caustic shrike
120589 | Zig:22   | Killed a caustic shrike
120589 | Zig:22   | Noticed a caustic shrike
120590 | Zig:22   | Killed a caustic shrike
120595 | Zig:22   | Killed a caustic shrike
120595 | Zig:22   | Noticed a caustic shrike
120596 | Zig:22   | Noticed a caustic shrike
120597 | Zig:22   | Noticed a caustic shrike
120597 | Zig:22   | Noticed a caustic shrike
120598 | Zig:22   | Noticed a caustic shrike
120599 | Zig:22   | Killed a caustic shrike
120600 | Zig:22   | Reached skill level 24 in Axes
120600 | Zig:22   | Killed a caustic shrike
120600 | Zig:22   | Noticed a caustic shrike
120601 | Zig:22   | Killed a caustic shrike
120601 | Zig:22   | Killed a caustic shrike
120601 | Zig:22   | Killed a caustic shrike
120601 | Zig:22   | Noticed a caustic shrike
120602 | Zig:22   | Killed a caustic shrike
120603 | Zig:22   | Noticed a dread lich
120604 | Zig:22   | Killed a dread lich
120604 | Zig:22   | Noticed an ancient lich
120605 | Zig:22   | Reached skill level 23 in Summonings
120605 | Zig:22   | Killed a caustic shrike
120605 | Zig:22   | Killed an ancient lich
120606 | Zig:22   | Reached skill level 23 in Long Blades
120607 | Zig:22   | Reached skill level 23 in Hexes
120657 | Zig:22   | Found the +2 Maxwell's thermic engine {flame, freeze}
120684 | Zig:22   | Identified the amulet "Zokhleaqi" {Acrobat Will+}
120740 | Zig:23   | Entered Level 23 of a ziggurat
120748 | Zig:23   | Noticed a juggernaut
120749 | Zig:23   | Killed a juggernaut
120750 | Zig:23   | Noticed a juggernaut
120751 | Zig:23   | Noticed a juggernaut
120753 | Zig:23   | Killed a juggernaut
120754 | Zig:23   | Noticed a juggernaut
120755 | Zig:23   | Noticed a juggernaut
120755 | Zig:23   | Noticed a juggernaut
120757 | Zig:23   | Noticed a juggernaut
120758 | Zig:23   | Reached skill level 26 in Short Blades
120758 | Zig:23   | Killed a juggernaut
120758 | Zig:23   | Killed a juggernaut
120759 | Zig:23   | Reached skill level 25 in Invocations
120759 | Zig:23   | Noticed a juggernaut
120760 | Zig:23   | Killed a juggernaut
120760 | Zig:23   | Killed a juggernaut
120760 | Zig:23   | Noticed a juggernaut
120760 | Zig:23   | Noticed a juggernaut
120761 | Zig:23   | Killed a juggernaut
120762 | Zig:23   | Killed a juggernaut
120762 | Zig:23   | Noticed a juggernaut
120763 | Zig:23   | Noticed a juggernaut
120763 | Zig:23   | Killed a juggernaut
120765 | Zig:23   | Noticed a juggernaut
120766 | Zig:23   | Reached skill level 26 in Crossbows
120766 | Zig:23   | Killed a juggernaut
120766 | Zig:23   | Killed a juggernaut
120766 | Zig:23   | Killed a juggernaut
120767 | Zig:23   | Reached skill level 25 in Unarmed Combat
120768 | Zig:23   | Killed a juggernaut
120769 | Zig:23   | Noticed a juggernaut
120770 | Zig:23   | Noticed a juggernaut
120771 | Zig:23   | Killed a juggernaut
120775 | Zig:23   | Killed a juggernaut
120809 | Zig:23   | Found the amulet of Vitality {Regen+ HP+15}
120818 | Zig:23   | Identified the +4 flail of Arrival {vorpal, rCorr Str+3}
120828 | Zig:23   | Identified the +0 leather armour "Bito" {-Tele rElec
                  | Will+++ Slay+5}
120843 | Zig:23   | Reached skill level 1 in Maces & Flails
120843 | Zig:23   | Reached skill level 1 in Polearms
120843 | Zig:23   | Reached skill level 1 in Slings
120881 | Zig:23   | Lost mutation: One of your tentacles bears a spike. [potion
                  | of mutation]
120881 | Zig:23   | Lost mutation: You sometimes lose the ability to read
                  | scrolls when taking damage. [potion of mutation]
120881 | Zig:23   | Gained mutation: One of your tentacles bears a spike.
                  | [potion of mutation]
120881 | Zig:23   | Gained mutation: One of your tentacles bears a nasty spike.
                  | [potion of mutation]
120881 | Zig:23   | Gained mutation: You occasionally shout uncontrollably at
                  | your foes. [potion of mutation]
120881 | Zig:23   | Gained mutation: You passively dampen the noise of your
                  | surroundings. [potion of mutation]
120885 | Zig:24   | Entered Level 24 of a ziggurat
120900 | Zig:24   | Reached skill level 26 in Air Magic
120908 | Zig:24   | Reached skill level 25 in Bows
120944 | Zig:24   | Reached skill level 25 in Axes
120947 | Zig:24   | Reached skill level 26 in Unarmed Combat
120979 | Zig:24   | Acquired 395 gold pieces
120982 | Zig:24   | Identified the +0 plate armour "Josch" {rN+}
120996 | Zig:24   | Identified the +10 dagger "Vaguar Deexo" {vorpal, MP+9
                  | Str+6 Dex+4}
121054 | Zig:25   | Entered Level 25 of a ziggurat
121064 | Zig:25   | Reached skill level 24 in Summonings
121068 | Zig:25   | Reached skill level 24 in Long Blades
121071 | Zig:25   | Reached skill level 24 in Hexes
121079 | Zig:25   | Reached skill level 26 in Invocations
121108 | Zig:25   | Reached skill level 27 in Short Blades
121143 | Zig:25   | Found the +5 demon whip "Spellbinder" {antimagic, Will+}
121149 | Zig:25   | Identified the amulet "Wuicemn" {Faith +Inv rF- Dex+2}
121158 | Zig:25   | Identified the amulet of Qoroma {Faith rN+ Slay+3}
121182 | Zig:25   | Identified the +8 war axe of Vebb {flame, Dex+3}
121183 | Zig:25   | Identified the ring "Xoggurer" {Str+4 Dex+6}
121252 | Zig:26   | Entered Level 26 of a ziggurat
121273 | Zig:26   | Reached skill level 2 in Polearms
121274 | Zig:26   | Reached skill level 2 in Maces & Flails
121277 | Zig:26   | Reached skill level 3 in Polearms
121277 | Zig:26   | Reached skill level 2 in Slings
121277 | Zig:26   | Noticed a juggernaut
121278 | Zig:26   | Reached skill level 3 in Maces & Flails
121279 | Zig:26   | Killed a juggernaut
121282 | Zig:26   | Reached skill level 27 in Crossbows
121284 | Zig:26   | Noticed a juggernaut
121285 | Zig:26   | Reached skill level 4 in Maces & Flails
121285 | Zig:26   | Reached skill level 4 in Polearms
121285 | Zig:26   | Noticed a juggernaut
121285 | Zig:26   | Noticed a juggernaut
121287 | Zig:26   | Killed a juggernaut
121288 | Zig:26   | Reached skill level 3 in Slings
121288 | Zig:26   | Noticed a juggernaut
121289 | Zig:26   | Killed a juggernaut
121290 | Zig:26   | Reached skill level 5 in Polearms
121290 | Zig:26   | Reached skill level 27 in Unarmed Combat
121291 | Zig:26   | Killed a juggernaut
121292 | Zig:26   | Reached skill level 5 in Maces & Flails
121292 | Zig:26   | Killed a juggernaut
121293 | Zig:26   | Noticed a juggernaut
121293 | Zig:26   | Noticed a juggernaut
121293 | Zig:26   | Noticed a juggernaut
121295 | Zig:26   | Killed a juggernaut
121295 | Zig:26   | Noticed a juggernaut
121296 | Zig:26   | Noticed a juggernaut
121296 | Zig:26   | Killed a juggernaut
121296 | Zig:26   | Noticed a juggernaut
121297 | Zig:26   | Reached skill level 4 in Slings
121297 | Zig:26   | Killed a juggernaut
121297 | Zig:26   | Killed a juggernaut
121297 | Zig:26   | Killed a juggernaut
121297 | Zig:26   | Noticed a juggernaut
121298 | Zig:26   | Reached skill level 6 in Maces & Flails
121298 | Zig:26   | Reached skill level 6 in Polearms
121299 | Zig:26   | Killed a juggernaut
121301 | Zig:26   | Killed a juggernaut
121303 | Zig:26   | Reached skill level 26 in Bows
121303 | Zig:26   | Reached skill level 27 in Air Magic
121307 | Zig:26   | Reached skill level 7 in Polearms
121308 | Zig:26   | Reached skill level 7 in Maces & Flails
121310 | Zig:26   | Reached skill level 5 in Slings
121347 | Zig:26   | Identified the ring of the Scarab {rN+ AC+4}
121361 | Zig:26   | Identified the +6 mace "Nicadyoq" {holy, *Slow Dex+2
                  | Stlth+}
121363 | Zig:26   | Identified the ring of Tais {rPois Int+6}
121374 | Zig:26   | Identified the ring of Daurgh {Str+2 Int+6 Dex+4}
121384 | Zig:26   | Identified the ring of the Sun {rN+ Int+6 SInv}
121391 | Zig:26   | Identified the +2 mace of Immorality {vorpal, rElec rN++
                  | Str-5 Int+2}
121392 | Zig:26   | Identified the +4 hunting sling of the Boiling Point
                  | {freeze, Will+ rCorr Int+2}
121421 | Zig:27   | Entered Level 27 of a ziggurat
121440 | Zig:27   | Reached skill level 8 in Maces & Flails
121440 | Zig:27   | Reached skill level 8 in Polearms
121447 | Zig:27   | Reached skill level 6 in Slings
121447 | Zig:27   | Reached skill level 25 in Summonings
121448 | Zig:27   | Reached skill level 26 in Axes
121449 | Zig:27   | Reached skill level 25 in Long Blades
121449 | Zig:27   | Reached skill level 9 in Maces & Flails
121449 | Zig:27   | Reached skill level 9 in Polearms
121451 | Zig:27   | Reached skill level 25 in Hexes
121456 | Zig:27   | Reached skill level 27 in Invocations
121462 | Zig:27   | Reached skill level 10 in Maces & Flails
121462 | Zig:27   | Reached skill level 10 in Polearms
121463 | Zig:27   | Reached skill level 7 in Slings
121483 | Zig:27   | Reached skill level 11 in Polearms
121486 | Zig:27   | Reached skill level 11 in Maces & Flails
121520 | Zig:27   | Found the +9 heavy crossbow "Sniper" {vorpal, Acc+∞ SInv}
121521 | Zig:27   | Found the ring of the Octopus King
121521 | Zig:27   | Found the +8 demon trident "Rift" {distort, reach+}
121524 | Zig:27   | Identified the ring of Discord {Drain rElec Will+ Int+8
                  | Stlth+}
121531 | Zig:27   | Identified the ring "Pigausog" {Will+ Int+4}
121540 | Zig:27   | Identified the ring "Xukal" {*Slow Fly MP+9 Str+9}
121545 | Zig:27   | Identified the ring of Socuhu Cif {rF+ Int-2 Dex+6 Slay+3
                  | Stlth+}
121555 | Zig:27   | Identified a ring of the Octopus King {Fly AC+1 EV+1 Str+1
                  | Int+1 Dex+1}
121561 | Zig:27   | Identified the +11 battleaxe "Ishraqat" {holy, Will+ rCorr
                  | Str+2}
121630 | Zig:1    | Entered Level 1 of a ziggurat
121632 | Zig:1    | Reached skill level 8 in Slings
121671 | Zig:2    | Entered Level 2 of a ziggurat
121671 | Zig:2    | Noticed an ancient lich
121673 | Zig:2    | Killed an ancient lich
121686 | Zig:2    | Identified the +1 quarterstaff of the Orcish Mines {flame,
                  | rCorr}
121690 | Zig:3    | Entered Level 3 of a ziggurat
121697 | Zig:3    | Reached skill level 12 in Maces & Flails
121698 | Zig:3    | Reached skill level 12 in Polearms
121701 | Zig:3    | Identified the ring "Tenoyfi" {rElec rF+ EV+4 Str+2}
121711 | Zig:4    | Entered Level 4 of a ziggurat
121714 | Zig:4    | Noticed Kigrouf the pandemonium lord
121716 | Zig:4    | Killed Kigrouf the pandemonium lord
121791 | Zig:5    | Entered Level 5 of a ziggurat
121792 | Zig:5    | Noticed a caustic shrike
121793 | Zig:5    | Noticed a caustic shrike
121793 | Zig:5    | Noticed a caustic shrike
121794 | Zig:5    | Killed a caustic shrike
121794 | Zig:5    | Noticed a caustic shrike
121796 | Zig:5    | Killed a caustic shrike
121796 | Zig:5    | Killed a caustic shrike
121797 | Zig:5    | Reached skill level 9 in Slings
121797 | Zig:5    | Noticed a caustic shrike
121799 | Zig:5    | Killed a caustic shrike
121803 | Zig:5    | Killed a caustic shrike
121805 | Zig:5    | Found the +4 robe of Folly {Brilliance Will-∞ Int+8}
121817 | Zig:5    | Identified the +5 gold dragon scales "Arghucao" {Harm rPois
                  | rF+ rC+ MP-9 Dex-5 SInv}
121851 | Zig:6    | Entered Level 6 of a ziggurat
121857 | Zig:6    | Reached skill level 13 in Maces & Flails
121857 | Zig:6    | Reached skill level 13 in Polearms
121857 | Zig:6    | Lost mutation: Your natural rate of healing is unusually
                  | fast. [a shining eye]
121859 | Zig:6    | Gained mutation: You are occasionally teleported next to
                  | monsters. [a shining eye]
121962 | Zig:6    | Identified the ring "Vizoh" {Wiz rCorr}
121972 | Zig:7    | Entered Level 7 of a ziggurat
121974 | Zig:7    | Noticed a curse toe
121974 | Zig:7    | Noticed a curse toe
121974 | Zig:7    | Noticed SevenDeadlySins's ghost (legendary DrCj)
121975 | Zig:7    | Noticed runemage's ghost (legendary GnFi)
121976 | Zig:7    | Noticed Piginabag's ghost (veteran GnMo)
121976 | Zig:7    | Noticed Rocah's ghost (veteran GrFi)
121978 | Zig:7    | Noticed GlasyaLabolas's ghost (legendary MiFi)
121979 | Zig:7    | Noticed a curse skull
121980 | Zig:7    | Noticed a curse skull
121980 | Zig:7    | Noticed a curse skull
121981 | Zig:7    | Noticed lmSkywalker's ghost (adept DrTm)
121982 | Zig:7    | Killed a curse skull
121982 | Zig:7    | Killed a curse toe
121982 | Zig:7    | Noticed Hacvoq's ghost (legendary HOFi)
121982 | Zig:7    | Noticed a curse skull
121983 | Zig:7    | Noticed Ucrups's ghost (legendary MiFi)
121983 | Zig:7    | Killed a curse skull
121983 | Zig:7    | Killed Piginabag's ghost
121983 | Zig:7    | Killed a curse skull
121983 | Zig:7    | Killed SevenDeadlySins's ghost
121983 | Zig:7    | Killed a curse toe
121984 | Zig:7    | Reached skill level 27 in Bows
121984 | Zig:7    | Killed GlasyaLabolas's ghost
121984 | Zig:7    | Killed a curse skull
121984 | Zig:7    | Killed Rocah's ghost
121985 | Zig:7    | Reached skill level 14 in Maces & Flails
121985 | Zig:7    | Reached skill level 10 in Slings
121985 | Zig:7    | Killed Hacvoq's ghost
121986 | Zig:7    | Reached skill level 14 in Polearms
121986 | Zig:7    | Killed runemage's ghost
122117 | Zig:7    | Reached skill level 26 in Summonings
122132 | Zig:8    | Entered Level 8 of a ziggurat
122137 | Zig:8    | Reached skill level 26 in Long Blades
122140 | Zig:8    | Reached skill level 27 in Axes
122140 | Zig:8    | Reached skill level 26 in Hexes
122144 | Zig:8    | Reached skill level 15 in Maces & Flails
122144 | Zig:8    | Reached skill level 15 in Polearms
122165 | Zig:8    | Identified the +6 chain mail of Pan-Flutes {Dex+4}
122206 | Zig:9    | Entered Level 9 of a ziggurat
122212 | Zig:9    | Reached skill level 11 in Slings
122222 | Zig:9    | Reached skill level 16 in Maces & Flails
122226 | Zig:9    | Reached skill level 16 in Polearms
122244 | Zig:9    | Identified the +7 hunting sling of Duty {flame, +Blink
                  | Will+ Str+3}
122245 | Zig:9    | Identified the ring "Wycler" {MP-9 EV+4 Int+5 Dex+7}
122249 | Zig:9    | Identified the ring "Siom" {Fly rN+}
122263 | Zig:10   | Entered Level 10 of a ziggurat
122268 | Zig:10   | Noticed a dread lich
122269 | Zig:10   | Noticed a dread lich
122271 | Zig:10   | Killed a dread lich
122271 | Zig:10   | Killed a dread lich
122271 | Zig:10   | Noticed a dread lich
122272 | Zig:10   | Reached skill level 12 in Slings
122272 | Zig:10   | Noticed an ancient lich
122272 | Zig:10   | Noticed an ancient lich
122272 | Zig:10   | Noticed a dread lich
122273 | Zig:10   | Killed a dread lich
122274 | Zig:10   | Killed an ancient lich
122274 | Zig:10   | Killed an ancient lich
122274 | Zig:10   | Killed a dread lich
122274 | Zig:10   | Noticed an ancient lich
122274 | Zig:10   | Noticed an ancient lich
122275 | Zig:10   | Reached skill level 17 in Maces & Flails
122275 | Zig:10   | Killed an ancient lich
122275 | Zig:10   | Noticed a dread lich
122275 | Zig:10   | Noticed a dread lich
122276 | Zig:10   | Reached skill level 17 in Polearms
122277 | Zig:10   | Killed an ancient lich
122277 | Zig:10   | Killed a dread lich
122277 | Zig:10   | Killed a dread lich
122277 | Zig:10   | Noticed an ancient lich
122279 | Zig:10   | Killed an ancient lich
122295 | Zig:10   | Identified the +8 ring mail of Heciwk {Dex+2}
122300 | Zig:10   | Identified the ring "Poatz" {rF+ rC+}
122304 | Zig:10   | Identified a +1 crystal plate armour
122307 | Zig:10   | Identified the +3 leather armour "Hair" {Regen+}
122319 | Zig:11   | Entered Level 11 of a ziggurat
122342 | Zig:11   | Noticed a royal mummy
122342 | Zig:11   | Noticed a royal mummy
122344 | Zig:11   | Noticed a royal mummy
122345 | Zig:11   | Killed a royal mummy
122345 | Zig:11   | Noticed a royal mummy
122345 | Zig:11   | Noticed a royal mummy
122346 | Zig:11   | Reached skill level 18 in Maces & Flails
122346 | Zig:11   | Reached skill level 13 in Slings
122346 | Zig:11   | Killed a royal mummy
122346 | Zig:11   | Killed a royal mummy
122346 | Zig:11   | Noticed a royal mummy
122346 | Zig:11   | Noticed a royal mummy
122346 | Zig:11   | Noticed a royal mummy
122346 | Zig:11   | Noticed a royal mummy
122347 | Zig:11   | Killed a royal mummy
122347 | Zig:11   | Killed a royal mummy
122347 | Zig:11   | Noticed a royal mummy
122348 | Zig:11   | Reached skill level 18 in Polearms
122348 | Zig:11   | Killed a royal mummy
122349 | Zig:11   | Killed a royal mummy
122349 | Zig:11   | Killed a royal mummy
122349 | Zig:11   | Killed a royal mummy
122349 | Zig:11   | Killed a royal mummy
122349 | Zig:11   | Noticed a dread lich
122350 | Zig:11   | Reached skill level 27 in Long Blades
122350 | Zig:11   | Reached skill level 27 in Summonings
122351 | Zig:11   | Killed a dread lich
122353 | Zig:11   | Killed a royal mummy
122353 | Zig:11   | Noticed a royal mummy
122354 | Zig:11   | Reached skill level 27 in Hexes
122355 | Zig:11   | Killed a royal mummy
122355 | Zig:11   | Noticed a royal mummy
122355 | Zig:11   | Noticed a royal mummy
122356 | Zig:11   | Noticed a royal mummy
122358 | Zig:11   | Killed a royal mummy
122358 | Zig:11   | Killed a royal mummy
122358 | Zig:11   | Killed a royal mummy
122358 | Zig:11   | Noticed a royal mummy
122359 | Zig:11   | Reached skill level 19 in Maces & Flails
122360 | Zig:11   | Noticed a royal mummy
122361 | Zig:11   | Killed a royal mummy
122361 | Zig:11   | Killed a royal mummy
122362 | Zig:11   | Reached skill level 19 in Polearms
122364 | Zig:11   | Reached skill level 14 in Slings
122381 | Zig:11   | Identified the +8 hand crossbow of the Everdark {speed,
                  | Str+2}
122382 | Zig:11   | Identified the ring of Uwkutze {rPois rCorr Slay+3}
122476 | Zig:12   | Entered Level 12 of a ziggurat
122479 | Zig:12   | Noticed a dread lich
122482 | Zig:12   | Noticed a dread lich
122483 | Zig:12   | Noticed an ancient lich
122484 | Zig:12   | Killed a dread lich
122484 | Zig:12   | Killed a dread lich
122484 | Zig:12   | Killed an ancient lich
122484 | Zig:12   | Noticed a dread lich
122484 | Zig:12   | Noticed an ancient lich
122484 | Zig:12   | Noticed a dread lich
122484 | Zig:12   | Noticed a dread lich
122485 | Zig:12   | Killed a dread lich
122486 | Zig:12   | Killed an ancient lich
122486 | Zig:12   | Killed a dread lich
122486 | Zig:12   | Killed a dread lich
122486 | Zig:12   | Noticed an ancient lich
122487 | Zig:12   | Noticed an ancient lich
122487 | Zig:12   | Killed an ancient lich
122487 | Zig:12   | Noticed an ancient lich
122488 | Zig:12   | Reached skill level 20 in Maces & Flails
122488 | Zig:12   | Killed an ancient lich
122488 | Zig:12   | Noticed a dread lich
122488 | Zig:12   | Noticed an ancient lich
122489 | Zig:12   | Killed an ancient lich
122489 | Zig:12   | Killed a dread lich
122489 | Zig:12   | Killed an ancient lich
122489 | Zig:12   | Noticed a dread lich
122489 | Zig:12   | Noticed an ancient lich
122490 | Zig:12   | Reached skill level 15 in Slings
122490 | Zig:12   | Noticed a dread lich
122490 | Zig:12   | Noticed an ancient lich
122491 | Zig:12   | Killed a dread lich
122491 | Zig:12   | Killed an ancient lich
122492 | Zig:12   | Reached skill level 20 in Polearms
122492 | Zig:12   | Killed a dread lich
122492 | Zig:12   | Killed an ancient lich
122492 | Zig:12   | Noticed an ancient lich
122494 | Zig:12   | Killed an ancient lich
122668 | Zig:13   | Entered Level 13 of a ziggurat
122675 | Zig:13   | Identified +0 pearl dragon scales
122676 | Zig:13   | Reached skill level 16 in Slings
122679 | Zig:13   | Reached skill level 21 in Maces & Flails
122681 | Zig:13   | Identified +0 pearl dragon scales
122683 | Zig:13   | Identified +0 pearl dragon scales
122683 | Zig:13   | Identified +0 pearl dragon scales
122685 | Zig:13   | Reached skill level 21 in Polearms
122685 | Zig:13   | Identified +0 pearl dragon scales
122685 | Zig:13   | Identified +0 pearl dragon scales
122685 | Zig:13   | Identified +0 pearl dragon scales
122686 | Zig:13   | Reached skill level 17 in Slings
122688 | Zig:13   | Identified +0 pearl dragon scales
122689 | Zig:13   | Identified +0 pearl dragon scales
122690 | Zig:13   | Identified +0 pearl dragon scales
122694 | Zig:13   | Identified +0 pearl dragon scales
122707 | Zig:13   | Found the ring of the Octopus King
122717 | Zig:13   | Identified the ring "Opalarew" {rPois Int+2}
122718 | Zig:13   | Identified a ring of the Octopus King {MP+9 AC+1 EV+1 Str+1
                  | Int+1 Dex+1}
122722 | Zig:13   | Identified the +8 plate armour of Hubris {rN+ Str+3 Dex+2}
122726 | Zig:13   | Identified the ring of Qecsiugh {Wiz rPois Str+3}
123024 | Zig:14   | Entered Level 14 of a ziggurat
123030 | Zig:14   | Noticed a royal mummy
123030 | Zig:14   | Noticed a royal mummy
123031 | Zig:14   | Noticed a royal mummy
123032 | Zig:14   | Noticed a royal mummy
123032 | Zig:14   | Noticed a royal mummy
123032 | Zig:14   | Noticed a royal mummy
123033 | Zig:14   | Killed a royal mummy
123033 | Zig:14   | Killed a royal mummy
123033 | Zig:14   | Killed a royal mummy
123033 | Zig:14   | Killed a royal mummy
123033 | Zig:14   | Noticed a royal mummy
123033 | Zig:14   | Noticed a royal mummy
123033 | Zig:14   | Noticed a royal mummy
123033 | Zig:14   | Noticed a royal mummy
123034 | Zig:14   | Reached skill level 22 in Maces & Flails
123034 | Zig:14   | Killed a royal mummy
123035 | Zig:14   | Killed a royal mummy
123035 | Zig:14   | Killed a royal mummy
123035 | Zig:14   | Killed a royal mummy
123035 | Zig:14   | Noticed a royal mummy
123036 | Zig:14   | Killed a royal mummy
123036 | Zig:14   | Killed a royal mummy
123036 | Zig:14   | Killed a royal mummy
123036 | Zig:14   | Killed a royal mummy
123036 | Zig:14   | Noticed a royal mummy
123036 | Zig:14   | Noticed a royal mummy
123036 | Zig:14   | Noticed a royal mummy
123037 | Zig:14   | Reached skill level 22 in Polearms
123037 | Zig:14   | Reached skill level 18 in Slings
123037 | Zig:14   | Noticed a royal mummy
123038 | Zig:14   | Killed a royal mummy
123038 | Zig:14   | Killed a royal mummy
123038 | Zig:14   | Noticed a royal mummy
123038 | Zig:14   | Noticed a royal mummy
123040 | Zig:14   | Killed a royal mummy
123040 | Zig:14   | Killed a royal mummy
123040 | Zig:14   | Killed a royal mummy
123042 | Zig:14   | Killed a royal mummy
123042 | Zig:14   | Noticed a royal mummy
123042 | Zig:14   | Noticed a royal mummy
123042 | Zig:14   | Noticed a royal mummy
123044 | Zig:14   | Killed a royal mummy
123044 | Zig:14   | Killed a royal mummy
123044 | Zig:14   | Killed a royal mummy
123044 | Zig:14   | Noticed a royal mummy
123045 | Zig:14   | Noticed a royal mummy
123046 | Zig:14   | Killed a royal mummy
123049 | Zig:14   | Killed a royal mummy
123049 | Zig:14   | Noticed a royal mummy
123051 | Zig:14   | Killed a royal mummy
123070 | Zig:14   | Found the +8 autumn katana {vorpal, manifold assault}
123081 | Zig:14   | Identified the amulet "Fucegh" {rF+ Regen+ Dex+2 Stlth+}
123083 | Zig:14   | Identified the ring "Icle" {*Slow +Blink rElec Str+6
                  | Slay+2}
123091 | Zig:14   | Identified the ring of Foucsour {rPois rN+ Dex+3}
123098 | Zig:14   | Reached skill level 23 in Maces & Flails
123098 | Zig:14   | Reached skill level 19 in Slings
123145 | Zig:15   | Entered Level 15 of a ziggurat
123154 | Zig:15   | Noticed a juggernaut
123154 | Zig:15   | Noticed a juggernaut
123155 | Zig:15   | Noticed a juggernaut
123156 | Zig:15   | Noticed a juggernaut
123156 | Zig:15   | Noticed a juggernaut
123157 | Zig:15   | Killed a juggernaut
123158 | Zig:15   | Reached skill level 23 in Polearms
123159 | Zig:15   | Killed a juggernaut
123159 | Zig:15   | Killed a juggernaut
123160 | Zig:15   | Killed a juggernaut
123160 | Zig:15   | Noticed a juggernaut
123163 | Zig:15   | Noticed a juggernaut
123164 | Zig:15   | Killed a juggernaut
123165 | Zig:15   | Killed a juggernaut
123166 | Zig:15   | Reached skill level 20 in Slings
123167 | Zig:15   | Killed a juggernaut
123203 | Zig:15   | Reached skill level 24 in Maces & Flails
123214 | Zig:15   | Identified the ring "Bagorghigh" {rPois Str-3 Int+2 Dex+7
                  | SInv}
123316 | Zig:16   | Entered Level 16 of a ziggurat
123324 | Zig:16   | Reached skill level 24 in Polearms
123329 | Zig:16   | Noticed Hus Ytoq the pandemonium lord
123331 | Zig:16   | Reached skill level 21 in Slings
123332 | Zig:16   | Killed Hus Ytoq the pandemonium lord
123337 | Zig:16   | Gained mutation: You sometimes lose the ability to read
                  | scrolls when taking damage. [a cacodemon]
123344 | Zig:16   | Identified a +2 robe of the Archmagi
123346 | Zig:16   | Reached skill level 25 in Maces & Flails
123795 | Zig:17   | Entered Level 17 of a ziggurat
123805 | Zig:17   | Reached skill level 25 in Polearms
123807 | Zig:17   | Reached skill level 22 in Slings
123832 | Zig:17   | Noticed a dread lich
123836 | Zig:17   | Killed a dread lich
123837 | Zig:17   | Reached skill level 26 in Maces & Flails
123849 | Zig:17   | Found the +5 sword of Power {vorpal}
123858 | Zig:17   | Reached skill level 23 in Slings
123861 | Zig:17   | Identified the +7 dagger of Infinite Pain {distort, +Blink
                  | rF++ MP+9 Str-5}
123863 | Zig:17   | Reached skill level 26 in Polearms
123867 | Zig:17   | Identified the +6 trident of the Lusting Enemy {flame,
                  | Str+3}
123871 | Zig:17   | Identified the +1 leather armour "Alimp" {rN+}
123877 | Zig:17   | Identified the ring of Kitecs {Wiz rF+}
123923 | Zig:18   | Entered Level 18 of a ziggurat
123947 | Zig:18   | Reached skill level 27 in Maces & Flails
123948 | Zig:18   | Reached skill level 24 in Slings
123954 | Zig:18   | Reached skill level 27 in Polearms
123994 | Zig:18   | Identified the +0 ring mail of Asmut {Will+ Dex+3}
123999 | Zig:18   | Identified the +0 leather armour of the Armoured One {rC+
                  | rN+ Regen+}
124073 | Zig:18   | Lost mutation: You sometimes lose the ability to read
                  | scrolls when taking damage. [potion of mutation]
124073 | Zig:18   | Lost mutation: One of your tentacles bears a nasty spike.
                  | [potion of mutation]
124073 | Zig:18   | Gained mutation: You tend to lose your temper in combat.
                  | [potion of mutation]
124073 | Zig:18   | Gained mutation: You are frail. (-10% HP) [potion of
                  | mutation]
124073 | Zig:18   | Gained mutation: You are weak. (Str -2) [potion of
                  | mutation]
124073 | Zig:18   | Gained mutation: One of your tentacles bears a nasty spike.
                  | [potion of mutation]
124074 | Zig:18   | Lost mutation: You are weak. (Str -2) [potion of mutation]
124074 | Zig:18   | Lost mutation: You are frail. (-10% HP) [potion of
                  | mutation]
124075 | Zig:18   | Lost mutation: You occasionally shout uncontrollably at
                  | your foes. [potion of mutation]
124075 | Zig:18   | Lost mutation: You passively dampen the noise of your
                  | surroundings. [potion of mutation]
124075 | Zig:18   | Gained mutation: You are weak. (Str -2) [potion of
                  | mutation]
124075 | Zig:18   | Gained mutation: You are partially covered in large bone
                  | plates. (SH +4) [potion of mutation]
124076 | Zig:18   | Lost mutation: You tend to lose your temper in combat.
                  | [potion of mutation]
124076 | Zig:18   | Lost mutation: One of your tentacles bears a nasty spike.
                  | [potion of mutation]
124076 | Zig:18   | Lost mutation: You are occasionally teleported next to
                  | monsters. [potion of mutation]
124076 | Zig:18   | Gained mutation: You are frail. (-10% HP) [potion of
                  | mutation]
124076 | Zig:18   | Gained mutation: You are partially covered in iridescent
                  | scales. (AC +2) [potion of mutation]
124076 | Zig:18   | Gained mutation: One of your tentacles bears a nasty spike.
                  | [potion of mutation]
124077 | Zig:18   | Lost mutation: You are partially covered in iridescent
                  | scales. (AC +2) [potion of mutation]
124077 | Zig:18   | Lost mutation: You are partially covered in large bone
                  | plates. (SH +4) [potion of mutation]
124077 | Zig:18   | Lost mutation: You are weak. (Str -2) [potion of mutation]
124077 | Zig:18   | Gained mutation: You are partially covered in iridescent
                  | scales. (AC +2) [potion of mutation]
124078 | Zig:18   | Lost mutation: You are frail. (-10% HP) [potion of
                  | mutation]
124078 | Zig:18   | Lost mutation: One of your tentacles bears a nasty spike.
                  | [potion of mutation]
124078 | Zig:18   | Gained mutation: Your flesh is cold resistant. (rC+)
                  | [potion of mutation]
124079 | Zig:18   | Lost mutation: One of your tentacles bears a spike. [potion
                  | of mutation]
124079 | Zig:18   | Lost mutation: You are partially covered in iridescent
                  | scales. (AC +2) [potion of mutation]
124079 | Zig:18   | Lost mutation: Your flesh is cold resistant. (rC+) [potion
                  | of mutation]
124079 | Zig:18   | Gained mutation: You have hidden genetic potential. [potion
                  | of mutation]
124079 | Zig:18   | Gained mutation: Your mind is acute. (Int +2) [potion of
                  | mutation]
124079 | Zig:18   | Gained mutation: You are resistant to electric shocks.
                  | (rElec) [potion of mutation]
124130 | Zig:19   | Entered Level 19 of a ziggurat
124142 | Zig:19   | Reached skill level 25 in Slings
124150 | Zig:19   | Reached skill level 26 in Slings
124165 | Zig:19   | Reached skill level 27 in Slings
124209 | Zig:19   | Identified the +4 hunting sling "Ceaf" {vorpal, rElec rPois
                  | rF+ Str+3}
124222 | Zig:20   | Entered Level 20 of a ziggurat
124234 | Zig:20   | Killed a dread lich
124247 | Zig:20   | Noticed an ancient lich
124248 | Zig:20   | Killed an ancient lich
124250 | Zig:20   | Gained mutation: Your muscles are strong. (Str +2) [hidden
                  | potential]
124347 | Zig:21   | Entered Level 21 of a ziggurat
124372 | Zig:21   | Gained mutation: Your flesh is heat resistant. (rF+)
                  | [hidden potential]
124372 | Zig:21   | Lost mutation: You have hidden genetic potential. [hidden
                  | potential expressed]
124416 | Zig:21   | Identified the +12 fustibalus of Jarobaro {flame, Int+3}
124424 | Zig:21   | Identified the ring "Pielovee" {Fly Will+ Dex+6}
124425 | Zig:21   | Identified the +2 cloak of Loss {Drain rPois Dex+6}
124508 | Zig:22   | Entered Level 22 of a ziggurat
124593 | Zig:22   | Found the +6 arbalest "Damnation" {damnation}
124616 | Zig:22   | Identified the amulet "Nexioze" {rElec rC+ Regen+}
124625 | Zig:22   | Identified the amulet "Uhev" {Spirit Will- rCorr MP+9
                  | Str-5}
124751 | Zig:23   | Entered Level 23 of a ziggurat
124812 | Zig:23   | Found the +8 demon blade "Leech" {vamp, Harm Drain rN+}
124812 | Zig:23   | Found the +8 Wrath of Trog {antimagic, *Rage Rampage}
124827 | Zig:23   | Identified the ring of Jiypecwo {Ice rCorr Dex+4}
124828 | Zig:23   | Identified the +1 robe "Vaenowk" {rPois rN+ Stlth+}
124833 | Zig:23   | Identified the ring "Foeren Seucu" {Drain +Blink rElec rF+
                  | SInv}
124906 | Zig:24   | Entered Level 24 of a ziggurat
124915 | Zig:24   | Noticed an orb of fire
124917 | Zig:24   | Noticed an orb of fire
124918 | Zig:24   | Noticed an orb of fire
124918 | Zig:24   | Noticed an orb of fire
124919 | Zig:24   | Gained mutation: You are somewhat resistant to further
                  | mutation. [an orb of fire]
124919 | Zig:24   | Noticed an orb of fire
124920 | Zig:24   | Noticed an orb of fire
124920 | Zig:24   | Killed an orb of fire
124920 | Zig:24   | Killed an orb of fire
124920 | Zig:24   | Killed an orb of fire
124920 | Zig:24   | Noticed an orb of fire
124921 | Zig:24   | Noticed an orb of fire
124922 | Zig:24   | Noticed an orb of fire
124922 | Zig:24   | Noticed an orb of fire
124922 | Zig:24   | Noticed an orb of fire
124922 | Zig:24   | Noticed an orb of fire
124923 | Zig:24   | Killed an orb of fire
124924 | Zig:24   | Killed an orb of fire
124924 | Zig:24   | Killed an orb of fire
124924 | Zig:24   | Noticed an orb of fire
124924 | Zig:24   | Noticed an orb of fire
124925 | Zig:24   | Gained mutation: Your body sometimes deteriorates upon
                  | taking damage. [an orb of fire]
124925 | Zig:24   | Noticed an orb of fire
124926 | Zig:24   | Noticed an orb of fire
124926 | Zig:24   | Killed an orb of fire
124926 | Zig:24   | Killed an orb of fire
124926 | Zig:24   | Killed an orb of fire
124926 | Zig:24   | Killed an orb of fire
124926 | Zig:24   | Killed an orb of fire
124926 | Zig:24   | Killed an orb of fire
124926 | Zig:24   | Killed an orb of fire
124926 | Zig:24   | Lost mutation: Your mind is acute. (Int +2) [an orb of
                  | fire]
124926 | Zig:24   | Noticed an orb of fire
124926 | Zig:24   | Noticed an orb of fire
124926 | Zig:24   | Noticed an orb of fire
124926 | Zig:24   | Noticed an orb of fire
124927 | Zig:24   | Noticed an orb of fire
124927 | Zig:24   | Noticed an orb of fire
124928 | Zig:24   | Killed an orb of fire
124928 | Zig:24   | Noticed an orb of fire
124929 | Zig:24   | Gained mutation: One of your tentacles bears a spike. [an
                  | orb of fire]
124929 | Zig:24   | Noticed an orb of fire
124930 | Zig:24   | Killed an orb of fire
124930 | Zig:24   | Killed an orb of fire
124930 | Zig:24   | Killed an orb of fire
124930 | Zig:24   | Killed an orb of fire
124930 | Zig:24   | Killed an orb of fire
124930 | Zig:24   | Killed an orb of fire
124931 | Zig:24   | Killed an orb of fire
124931 | Zig:24   | Killed an orb of fire
124931 | Zig:24   | Noticed an orb of fire
124932 | Zig:24   | Killed an orb of fire
124932 | Zig:24   | Noticed an orb of fire
124933 | Zig:24   | Noticed an orb of fire
124933 | Zig:24   | Noticed an orb of fire
124933 | Zig:24   | Noticed an orb of fire
124934 | Zig:24   | Noticed an orb of fire
124934 | Zig:24   | Noticed an orb of fire
124934 | Zig:24   | Noticed an orb of fire
124934 | Zig:24   | Noticed an orb of fire
124934 | Zig:24   | Noticed an orb of fire
124934 | Zig:24   | Noticed an orb of fire
124934 | Zig:24   | Noticed an orb of fire
124934 | Zig:24   | Noticed an orb of fire
124934 | Zig:24   | Noticed an orb of fire
124934 | Zig:24   | Noticed an orb of fire
124934 | Zig:24   | Noticed an orb of fire
124936 | Zig:24   | Killed an orb of fire
124936 | Zig:24   | Killed an orb of fire
124936 | Zig:24   | Killed an orb of fire
124936 | Zig:24   | Killed an orb of fire
124936 | Zig:24   | Killed an orb of fire
124937 | Zig:24   | Killed an orb of fire
124937 | Zig:24   | Killed an orb of fire
124937 | Zig:24   | Killed an orb of fire
124937 | Zig:24   | Killed an orb of fire
124937 | Zig:24   | Killed an orb of fire
124937 | Zig:24   | Killed an orb of fire
124937 | Zig:24   | Killed an orb of fire
124937 | Zig:24   | Killed an orb of fire
124937 | Zig:24   | Killed an orb of fire
124937 | Zig:24   | Killed an orb of fire
124937 | Zig:24   | Gained mutation: You occasionally shout uncontrollably at
                  | your foes. [an orb of fire]
124938 | Zig:24   | Killed an orb of fire
124938 | Zig:24   | Killed an orb of fire
124938 | Zig:24   | Noticed an orb of fire
124942 | Zig:24   | Killed an orb of fire
125433 | Zig:24   | Identified the +3 scale mail of the Nexus {rF+ rN+}
125437 | Zig:24   | Acquired 556 gold pieces
125450 | Zig:25   | Entered Level 25 of a ziggurat
125953 | Zig:25   | Identified the ring "Noawn" {rElec rF- Str+6 Int+2}
125955 | Zig:25   | Identified the ring "Yshuiqust" {rC+ rCorr AC+4}
125977 | Zig:26   | Entered Level 26 of a ziggurat
125988 | Zig:26   | Noticed a curse skull
125990 | Zig:26   | Killed a curse skull
125992 | Zig:26   | Noticed a curse skull
125992 | Zig:26   | Noticed a curse skull
125993 | Zig:26   | Killed a curse skull
125993 | Zig:26   | Killed a curse skull
125993 | Zig:26   | Noticed a curse skull
125994 | Zig:26   | Killed a curse skull
125994 | Zig:26   | Noticed a curse skull
125995 | Zig:26   | Killed a curse skull
125998 | Zig:26   | Noticed a curse skull
126000 | Zig:26   | Killed a curse skull
126000 | Zig:26   | Noticed a curse skull
126000 | Zig:26   | Noticed a curse skull
126001 | Zig:26   | Noticed a curse skull
126002 | Zig:26   | Killed a curse skull
126002 | Zig:26   | Killed a curse skull
126002 | Zig:26   | Killed a curse skull
126002 | Zig:26   | Noticed a curse skull
126004 | Zig:26   | Killed a curse skull
126006 | Zig:26   | Noticed a curse skull
126006 | Zig:26   | Noticed a curse skull
126008 | Zig:26   | Noticed a dread lich
126008 | Zig:26   | Killed a curse skull
126008 | Zig:26   | Killed a curse skull
126008 | Zig:26   | Killed a dread lich
126011 | Zig:26   | Noticed an ancient lich
126012 | Zig:26   | Noticed an ancient lich
126012 | Zig:26   | Killed an ancient lich
126012 | Zig:26   | Killed an ancient lich
126012 | Zig:26   | Noticed a dread lich
126013 | Zig:26   | Noticed an ancient lich
126015 | Zig:26   | Killed an ancient lich
126015 | Zig:26   | Killed a dread lich
126015 | Zig:26   | Noticed an ancient lich
126017 | Zig:26   | Killed an ancient lich
126017 | Zig:26   | Noticed an ancient lich
126018 | Zig:26   | Noticed a dread lich
126018 | Zig:26   | Noticed a curse skull
126018 | Zig:26   | Noticed a dread lich
126019 | Zig:26   | Killed a dread lich
126019 | Zig:26   | Killed an ancient lich
126019 | Zig:26   | Killed a curse skull
126019 | Zig:26   | Noticed an ancient lich
126020 | Zig:26   | Killed a dread lich
126020 | Zig:26   | Noticed a curse skull
126021 | Zig:26   | Noticed a dread lich
126021 | Zig:26   | Noticed an ancient lich
126021 | Zig:26   | Killed an ancient lich
126023 | Zig:26   | Killed an ancient lich
126023 | Zig:26   | Killed a curse skull
126023 | Zig:26   | Noticed an ancient lich
126023 | Zig:26   | Noticed a curse skull
126024 | Zig:26   | Killed a dread lich
126024 | Zig:26   | Killed a curse skull
126025 | Zig:26   | Killed an ancient lich
126025 | Zig:26   | Noticed an ancient lich
126026 | Zig:26   | Noticed a curse skull
126026 | Zig:26   | Noticed an ancient lich
126027 | Zig:26   | Killed an ancient lich
126027 | Zig:26   | Killed a curse skull
126027 | Zig:26   | Noticed an ancient lich
126028 | Zig:26   | Killed an ancient lich
126028 | Zig:26   | Killed an ancient lich
126028 | Zig:26   | Noticed an ancient lich
126029 | Zig:26   | Killed an ancient lich
126030 | Zig:26   | Noticed a dread lich
126033 | Zig:26   | Killed a dread lich
126034 | Zig:26   | Noticed an ancient lich
126035 | Zig:26   | Killed an ancient lich
126038 | Zig:26   | Noticed a dread lich
126039 | Zig:26   | Killed a dread lich
126044 | Zig:26   | Noticed a curse skull
126045 | Zig:26   | Killed a curse skull
126074 | Zig:26   | Found the +7 sceptre of Torment {pain, torment}
126082 | Zig:26   | Identified a +1 crystal plate armour
126096 | Zig:26   | Identified the +12 long sword "Ofunness" {venom, Int+3}
126121 | Zig:26   | Identified the ring "Xaizxid" {rCorr Str+3}
126135 | Zig:27   | Entered Level 27 of a ziggurat
126177 | Zig:27   | Identified a +1 robe of the Archmagi
126323 | Zig:27   | Found the +9 sword of Zonguldrok {reap}
126360 | Zig:27   | Found the +7 Spriggan's Knife {stab, EV+4 Stlth+}
126362 | Zig:27   | Identified the ring of Rurygiut {rCorr Dex+4}
126379 | Zig:27   | Identified the +1 scale mail "Nunk" {rC+ rN+ SInv}
126381 | Zig:27   | Identified the ring of Iberyqi {rF+ rC+ MP-9 Str+2 Slay+6}
126400 | Zig:27   | Identified the +2 scale mail of Courage {rPois Regen+ MP+9
                  | Str+3}
126573 | Zig:1    | Entered Level 1 of a ziggurat
126581 | Zig:2    | Entered Level 2 of a ziggurat
126582 | Zig:2    | Noticed a royal mummy
126584 | Zig:2    | Killed a royal mummy
126812 | Zig:3    | Entered Level 3 of a ziggurat
126903 | Zig:4    | Entered Level 4 of a ziggurat
126905 | Zig:4    | Noticed a dread lich
126909 | Zig:4    | Killed a dread lich
126917 | Zig:4    | Identified the +7 whip "Jialala" {flame, Int+5}
126956 | Zig:5    | Entered Level 5 of a ziggurat
126973 | Zig:6    | Entered Level 6 of a ziggurat
126973 | Zig:6    | Noticed a curse skull
126973 | Zig:6    | Noticed an ancient lich
126974 | Zig:6    | Killed a curse skull
126974 | Zig:6    | Noticed a curse skull
126974 | Zig:6    | Noticed an ancient lich
126975 | Zig:6    | Killed an ancient lich
126975 | Zig:6    | Noticed a curse skull
126976 | Zig:6    | Killed a curse skull
126976 | Zig:6    | Killed a curse skull
126976 | Zig:6    | Killed an ancient lich
126976 | Zig:6    | Noticed a curse skull
126978 | Zig:6    | Killed a curse skull
126978 | Zig:6    | Noticed a curse skull
126979 | Zig:6    | Killed a curse skull
126980 | Zig:6    | Noticed an ancient lich
126982 | Zig:6    | Killed an ancient lich
126995 | Zig:6    | Identified the +9 fire dragon scales of the Vaults {rF++
                  | rC- Str+4}
127006 | Zig:7    | Entered Level 7 of a ziggurat
127029 | Zig:7    | Identified the ring of Vehopyryi {AC+4 Int+2}
127037 | Zig:7    | Identified the +8 great sword "Cukokhl Laza" {vorpal, rF+++
                  | rC+ Will- Dex-3}
127042 | Zig:7    | Identified the +4 quick blade "Iminuell" {holy, Str+3}
127047 | Zig:8    | Entered Level 8 of a ziggurat
127049 | Zig:8    | Noticed a caustic shrike
127049 | Zig:8    | Noticed a caustic shrike
127051 | Zig:8    | Noticed a caustic shrike
127052 | Zig:8    | Noticed a caustic shrike
127054 | Zig:8    | Killed a caustic shrike
127055 | Zig:8    | Killed a caustic shrike
127055 | Zig:8    | Killed a caustic shrike
127055 | Zig:8    | Killed a caustic shrike
127064 | Zig:8    | Found the ring of the Octopus King
127069 | Zig:8    | Identified the ring "Lauc" {Dex+4 SInv}
127072 | Zig:8    | Identified a ring of the Octopus King {rF+ AC+1 EV+1 Str+1
                  | Int+1 Dex+1}
127159 | Zig:9    | Entered Level 9 of a ziggurat
127163 | Zig:9    | Noticed a caustic shrike
127164 | Zig:9    | Noticed a caustic shrike
127165 | Zig:9    | Noticed a caustic shrike
127165 | Zig:9    | Noticed a caustic shrike
127168 | Zig:9    | Killed a caustic shrike
127168 | Zig:9    | Killed a caustic shrike
127168 | Zig:9    | Killed a caustic shrike
127169 | Zig:9    | Killed a caustic shrike
127188 | Zig:9    | Identified the ring of Hedonism {Ice rPois Slay+6}
127334 | Zig:10   | Entered Level 10 of a ziggurat
127349 | Zig:10   | Found the +8 lance "Wyrmbane" {slay drac, rPois rF+ rC+
                  | AC+3}
127374 | Zig:10   | Identified the ring "Tiassana" {rElec rN+ EV+4 Int-4}
127375 | Zig:10   | Identified the +7 short sword "Koyskuko" {venom, rElec
                  | Int-4 Dex+5}
127401 | Zig:11   | Entered Level 11 of a ziggurat
127415 | Zig:11   | Paralysed by a floating eye for 3 turns
127429 | Zig:11   | Identified the amulet "Seckargh" {Rampage Fragile Regen+
                  | rCorr}
127438 | Zig:11   | Identified the +0 pair of boots of Votioh {rC+}
127455 | Zig:12   | Entered Level 12 of a ziggurat
127457 | Zig:12   | Noticed a juggernaut
127457 | Zig:12   | Noticed a juggernaut
127457 | Zig:12   | Noticed a juggernaut
127459 | Zig:12   | Killed a juggernaut
127461 | Zig:12   | Killed a juggernaut
127463 | Zig:12   | Killed a juggernaut
127463 | Zig:12   | Noticed a juggernaut
127465 | Zig:12   | Killed a juggernaut
127465 | Zig:12   | Noticed a juggernaut
127467 | Zig:12   | Noticed a juggernaut
127469 | Zig:12   | Killed a juggernaut
127473 | Zig:12   | Killed a juggernaut
127505 | Zig:12   | Identified the +5 trident of Uncomfortable Rashes {flame,
                  | rF++ rC+}
127547 | Zig:13   | Entered Level 13 of a ziggurat
127610 | Zig:13   | Identified the ring "Fokeoma" {Str+3 Dex+6 Slay+6}
127611 | Zig:13   | Identified the amulet of the Visionary {Faith rC+ Dex+3
                  | Stlth-}
127633 | Zig:14   | Entered Level 14 of a ziggurat
127693 | Zig:14   | Identified the +3 buckler "Nudoum" {rC+ Regen+}
127915 | Zig:15   | Entered Level 15 of a ziggurat
127919 | Zig:15   | Noticed an electric golem
127919 | Zig:15   | Noticed an electric golem
127920 | Zig:15   | Noticed an electric golem
127920 | Zig:15   | Noticed an electric golem
127921 | Zig:15   | Noticed an electric golem
127921 | Zig:15   | Noticed an electric golem
127921 | Zig:15   | Noticed an electric golem
127922 | Zig:15   | Killed an electric golem
127922 | Zig:15   | Killed an electric golem
127922 | Zig:15   | Noticed an electric golem
127923 | Zig:15   | Killed an electric golem
127923 | Zig:15   | Killed an electric golem
127923 | Zig:15   | Noticed an electric golem
127924 | Zig:15   | Killed an electric golem
127924 | Zig:15   | Noticed an electric golem
127924 | Zig:15   | Noticed an electric golem
127924 | Zig:15   | Noticed an electric golem
127925 | Zig:15   | Killed an electric golem
127925 | Zig:15   | Killed an electric golem
127925 | Zig:15   | Noticed an electric golem
127925 | Zig:15   | Noticed an electric golem
127926 | Zig:15   | Killed an electric golem
127926 | Zig:15   | Noticed an electric golem
127927 | Zig:15   | Killed an electric golem
127929 | Zig:15   | Killed an electric golem
127929 | Zig:15   | Killed an electric golem
127929 | Zig:15   | Killed an electric golem
127929 | Zig:15   | Killed an electric golem
127929 | Zig:15   | Noticed an electric golem
127930 | Zig:15   | Killed an electric golem
127930 | Zig:15   | Killed an electric golem
127931 | Zig:15   | Noticed an electric golem
127932 | Zig:15   | Killed an electric golem
127933 | Zig:15   | Killed an electric golem
127946 | Zig:15   | Found the ring of the Octopus King
127953 | Zig:15   | Identified a ring of the Octopus King {AC+1 EV+1 Str+1
                  | Int+1 Dex+1 SInv}
128035 | Zig:16   | Entered Level 16 of a ziggurat
128159 | Zig:17   | Entered Level 17 of a ziggurat
128171 | Zig:17   | Noticed Pytiuduj the pandemonium lord
128171 | Zig:17   | Noticed Jotoczocke the pandemonium lord
128171 | Zig:17   | Noticed Ihui the pandemonium lord
128171 | Zig:17   | Noticed Tukiucl Soiq the pandemonium lord
128172 | Zig:17   | Noticed Diylos the pandemonium lord
128172 | Zig:17   | Noticed Efuibiad the pandemonium lord
128173 | Zig:17   | Killed Efuibiad the pandemonium lord
128173 | Zig:17   | Noticed Daggeqaw the pandemonium lord
128173 | Zig:17   | Noticed Gusuhoipn the pandemonium lord
128173 | Zig:17   | Noticed Juwonig the pandemonium lord
128174 | Zig:17   | Noticed Yhu Ibef the pandemonium lord
128175 | Zig:17   | Killed Diylos the pandemonium lord
128175 | Zig:17   | Killed Jotoczocke the pandemonium lord
128175 | Zig:17   | Killed Pytiuduj the pandemonium lord
128175 | Zig:17   | Killed Tukiucl Soiq the pandemonium lord
128175 | Zig:17   | Killed Ihui the pandemonium lord
128175 | Zig:17   | Noticed Pinoxopru the pandemonium lord
128175 | Zig:17   | Noticed Viomuk the pandemonium lord
128176 | Zig:17   | Noticed Femeempo the pandemonium lord
128176 | Zig:17   | Noticed Enkusam Lie the pandemonium lord
128176 | Zig:17   | Noticed Iboho the pandemonium lord
128176 | Zig:17   | Noticed Ricot the pandemonium lord
128176 | Zig:17   | Noticed Muharubi the pandemonium lord
128177 | Zig:17   | Noticed Raol the pandemonium lord
128177 | Zig:17   | Noticed Veah the pandemonium lord
128181 | Zig:17   | Noticed Miablem the pandemonium lord
128182 | Zig:17   | Killed Juwonig the pandemonium lord
128182 | Zig:17   | Killed Daggeqaw the pandemonium lord
128182 | Zig:17   | Killed Yhu Ibef the pandemonium lord
128183 | Zig:17   | Killed Raol the pandemonium lord
128183 | Zig:17   | Killed Enkusam Lie the pandemonium lord
128184 | Zig:17   | Killed Gusuhoipn the pandemonium lord
128184 | Zig:17   | Killed Veah the pandemonium lord
128184 | Zig:17   | Killed Ricot the pandemonium lord
128184 | Zig:17   | Noticed Unkec the pandemonium lord
128185 | Zig:17   | Killed Miablem the pandemonium lord
128185 | Zig:17   | Noticed Plog the pandemonium lord
128186 | Zig:17   | Killed Pinoxopru the pandemonium lord
128186 | Zig:17   | Killed Iboho the pandemonium lord
128188 | Zig:17   | Noticed Womox the pandemonium lord
128189 | Zig:17   | Killed Muharubi the pandemonium lord
128189 | Zig:17   | Killed Unkec the pandemonium lord
128189 | Zig:17   | Killed Femeempo the pandemonium lord
128189 | Zig:17   | Killed Plog the pandemonium lord
128189 | Zig:17   | Noticed Qozos the pandemonium lord
128190 | Zig:17   | Killed Womox the pandemonium lord
128190 | Zig:17   | Killed Viomuk the pandemonium lord
128190 | Zig:17   | Noticed Uwoilum the pandemonium lord
128191 | Zig:17   | Noticed Aricriv the pandemonium lord
128191 | Zig:17   | Noticed Maedotwo the pandemonium lord
128192 | Zig:17   | Noticed Kuekhuach the pandemonium lord
128192 | Zig:17   | Noticed Bifilol the pandemonium lord
128193 | Zig:17   | Noticed Bemosescho the pandemonium lord
128193 | Zig:17   | Noticed Juicydei the pandemonium lord
128193 | Zig:17   | Noticed Sethunil the pandemonium lord
128196 | Zig:17   | Killed Uwoilum the pandemonium lord
128197 | Zig:17   | Killed Sethunil the pandemonium lord
128197 | Zig:17   | Killed Qozos the pandemonium lord
128198 | Zig:17   | Killed Juicydei the pandemonium lord
128198 | Zig:17   | Killed Maedotwo the pandemonium lord
128200 | Zig:17   | Killed Aricriv the pandemonium lord
128201 | Zig:17   | Killed Kuekhuach the pandemonium lord
128202 | Zig:17   | Noticed Nad Duss the pandemonium lord
128203 | Zig:17   | Noticed Natues the pandemonium lord
128204 | Zig:17   | Killed Bemosescho the pandemonium lord
128204 | Zig:17   | Killed Nad Duss the pandemonium lord
128205 | Zig:17   | Noticed Iproxuck the pandemonium lord
128207 | Zig:17   | Noticed Kopoveu the pandemonium lord
128207 | Zig:17   | Noticed Ogho the pandemonium lord
128209 | Zig:17   | Killed Natues the pandemonium lord
128209 | Zig:17   | Killed Iproxuck the pandemonium lord
128209 | Zig:17   | Noticed Vabil the pandemonium lord
128212 | Zig:17   | Killed Bifilol the pandemonium lord
128212 | Zig:17   | Killed Ogho the pandemonium lord
128212 | Zig:17   | Noticed Curen the pandemonium lord
128213 | Zig:17   | Killed Kopoveu the pandemonium lord
128213 | Zig:17   | Killed Vabil the pandemonium lord
128215 | Zig:17   | Killed Curen the pandemonium lord
128215 | Zig:17   | Noticed Mopsah the pandemonium lord
128217 | Zig:17   | Noticed Ediaj the pandemonium lord
128218 | Zig:17   | Killed Mopsah the pandemonium lord
128219 | Zig:17   | Killed Ediaj the pandemonium lord
128219 | Zig:17   | Noticed Fydorro the pandemonium lord
128221 | Zig:17   | Killed Fydorro the pandemonium lord
128224 | Zig:17   | Paralysed by you for 5 turns
128404 | Zig:17   | Found the ring of the Octopus King
128433 | Zig:17   | Identified a ring of the Octopus King {rN+ AC+1 EV+1 Str+1
                  | Int+1 Dex+1}
128442 | Zig:18   | Entered Level 18 of a ziggurat
128961 | Zig:18   | Identified the ring of Qatamac {rC+ SInv}
128966 | Zig:18   | Identified the amulet of Joy {Faith rN+ Str+3}
128972 | Zig:18   | Acquired 765 gold pieces
128979 | Zig:19   | Entered Level 19 of a ziggurat
128983 | Zig:19   | Noticed Woneut Juso the pandemonium lord
128983 | Zig:19   | Noticed Huutho the pandemonium lord
128984 | Zig:19   | Noticed Kicom the pandemonium lord
128984 | Zig:19   | Noticed Custav the pandemonium lord
128984 | Zig:19   | Noticed Joneijy the pandemonium lord
128985 | Zig:19   | Noticed Icum the pandemonium lord
128986 | Zig:19   | Killed Huutho the pandemonium lord
128986 | Zig:19   | Killed Woneut Juso the pandemonium lord
128986 | Zig:19   | Noticed Iral Zoa the pandemonium lord
128986 | Zig:19   | Noticed Aboed the pandemonium lord
128987 | Zig:19   | Killed Iral Zoa the pandemonium lord
128987 | Zig:19   | Killed Icum the pandemonium lord
128987 | Zig:19   | Killed Joneijy the pandemonium lord
128987 | Zig:19   | Noticed Xokess the pandemonium lord
128987 | Zig:19   | Noticed Jairoi Biroa the pandemonium lord
128988 | Zig:19   | Killed Custav the pandemonium lord
128988 | Zig:19   | Noticed Regreen the pandemonium lord
128988 | Zig:19   | Noticed Qigegatt the pandemonium lord
128988 | Zig:19   | Noticed Bozaerotugg the pandemonium lord
128989 | Zig:19   | Killed Kicom the pandemonium lord
128991 | Zig:19   | Noticed Xitefuax the pandemonium lord
128991 | Zig:19   | Noticed Boulyas the pandemonium lord
128991 | Zig:19   | Noticed Qegipir the pandemonium lord
128991 | Zig:19   | Killed Xokess the pandemonium lord
128991 | Zig:19   | Noticed Ezoechasma the pandemonium lord
128992 | Zig:19   | Killed Jairoi Biroa the pandemonium lord
128992 | Zig:19   | Killed Regreen the pandemonium lord
128992 | Zig:19   | Killed Aboed the pandemonium lord
128992 | Zig:19   | Noticed Welaum the pandemonium lord
128993 | Zig:19   | Killed Bozaerotugg the pandemonium lord
128993 | Zig:19   | Killed Boulyas the pandemonium lord
128993 | Zig:19   | Killed Qegipir the pandemonium lord
128993 | Zig:19   | Killed Qigegatt the pandemonium lord
128993 | Zig:19   | Noticed Azxeuw the pandemonium lord
128994 | Zig:19   | Noticed Plog the pandemonium lord
128994 | Zig:19   | Noticed Hinep the pandemonium lord
128994 | Zig:19   | Noticed Mupiph the pandemonium lord
128994 | Zig:19   | Noticed Esauckegh the pandemonium lord
128994 | Zig:19   | Noticed Apyodgh the pandemonium lord
128994 | Zig:19   | Killed Ezoechasma the pandemonium lord
128995 | Zig:19   | Killed Xitefuax the pandemonium lord
128997 | Zig:19   | Killed Esauckegh the pandemonium lord
128997 | Zig:19   | Killed Apyodgh the pandemonium lord
128997 | Zig:19   | Killed Mupiph the pandemonium lord
128997 | Zig:19   | Killed Welaum the pandemonium lord
128997 | Zig:19   | Killed Azxeuw the pandemonium lord
129000 | Zig:19   | Killed Hinep the pandemonium lord
129000 | Zig:19   | Noticed Ithazevo the pandemonium lord
129000 | Zig:19   | Noticed Xoirerorug the pandemonium lord
129000 | Zig:19   | Noticed a caustic shrike
129001 | Zig:19   | Noticed Nekhlaf the pandemonium lord
129002 | Zig:19   | Killed a caustic shrike
129002 | Zig:19   | Noticed Gumir the pandemonium lord
129003 | Zig:19   | Noticed Nahosmos the pandemonium lord
129003 | Zig:19   | Noticed Xuxt the pandemonium lord
129003 | Zig:19   | Noticed Lear the pandemonium lord
129004 | Zig:19   | Noticed Koiceidd the pandemonium lord
129006 | Zig:19   | Noticed Cysew the pandemonium lord
129006 | Zig:19   | Noticed Moreamuelo the pandemonium lord
129006 | Zig:19   | Noticed Ywoydam the pandemonium lord
129007 | Zig:19   | Noticed Feiporeo the pandemonium lord
129007 | Zig:19   | Noticed Miareer the pandemonium lord
129008 | Zig:19   | Killed Xoirerorug the pandemonium lord
129009 | Zig:19   | Killed Xuxt the pandemonium lord
129009 | Zig:19   | Killed Plog the pandemonium lord
129009 | Zig:19   | Killed Gumir the pandemonium lord
129009 | Zig:19   | Killed Cysew the pandemonium lord
129009 | Zig:19   | Killed Lear the pandemonium lord
129009 | Zig:19   | Noticed Plog the pandemonium lord
129009 | Zig:19   | Noticed Jeifys the pandemonium lord
129010 | Zig:19   | Killed Koiceidd the pandemonium lord
129010 | Zig:19   | Killed Moreamuelo the pandemonium lord
129010 | Zig:19   | Killed Miareer the pandemonium lord
129010 | Zig:19   | Killed Ithazevo the pandemonium lord
129010 | Zig:19   | Killed Nahosmos the pandemonium lord
129010 | Zig:19   | Noticed Otzep the pandemonium lord
129010 | Zig:19   | Noticed Zoimaih the pandemonium lord
129011 | Zig:19   | Killed Nekhlaf the pandemonium lord
129011 | Zig:19   | Killed Ywoydam the pandemonium lord
129011 | Zig:19   | Killed Feiporeo the pandemonium lord
129011 | Zig:19   | Noticed Fizitup the pandemonium lord
129011 | Zig:19   | Noticed Ninkel the pandemonium lord
129011 | Zig:19   | Noticed Adghaim the pandemonium lord
129011 | Zig:19   | Noticed Ithrat the pandemonium lord
129011 | Zig:19   | Noticed Alaifo the pandemonium lord
129015 | Zig:19   | Killed Plog the pandemonium lord
129016 | Zig:19   | Killed Ninkel the pandemonium lord
129016 | Zig:19   | Killed Jeifys the pandemonium lord
129017 | Zig:19   | Killed Fizitup the pandemonium lord
129018 | Zig:19   | Noticed Zatirgh the pandemonium lord
129018 | Zig:19   | Killed Otzep the pandemonium lord
129018 | Zig:19   | Killed Alaifo the pandemonium lord
129019 | Zig:19   | Killed Zoimaih the pandemonium lord
129019 | Zig:19   | Noticed Letywonn the pandemonium lord
129021 | Zig:19   | Killed Ithrat the pandemonium lord
129022 | Zig:19   | Killed Zatirgh the pandemonium lord
129022 | Zig:19   | Noticed Amali the pandemonium lord
129023 | Zig:19   | Noticed Miatt the pandemonium lord
129023 | Zig:19   | Noticed Kezezugg the pandemonium lord
129024 | Zig:19   | Noticed Luus the pandemonium lord
129024 | Zig:19   | Noticed Gorut the pandemonium lord
129025 | Zig:19   | Noticed Mooruc the pandemonium lord
129025 | Zig:19   | Noticed Vudghez the pandemonium lord
129025 | Zig:19   | Noticed Xocoi the pandemonium lord
129025 | Zig:19   | Noticed Tuunlung the pandemonium lord
129025 | Zig:19   | Noticed Qilol the pandemonium lord
129025 | Zig:19   | Noticed Jaatret the pandemonium lord
129026 | Zig:19   | Killed Letywonn the pandemonium lord
129026 | Zig:19   | Killed Kezezugg the pandemonium lord
129026 | Zig:19   | Noticed Xearrow the pandemonium lord
129026 | Zig:19   | Noticed Cyteaf the pandemonium lord
129027 | Zig:19   | Killed Tuunlung the pandemonium lord
129027 | Zig:19   | Killed Xocoi the pandemonium lord
129027 | Zig:19   | Killed Jaatret the pandemonium lord
129027 | Zig:19   | Killed Miatt the pandemonium lord
129027 | Zig:19   | Noticed Qaigor the pandemonium lord
129027 | Zig:19   | Noticed Lieraom the pandemonium lord
129027 | Zig:19   | Noticed Muiquwyo the pandemonium lord
129027 | Zig:19   | Noticed Jyas the pandemonium lord
129031 | Zig:19   | Killed Mooruc the pandemonium lord
129031 | Zig:19   | Killed Vudghez the pandemonium lord
129031 | Zig:19   | Killed Amali the pandemonium lord
129031 | Zig:19   | Killed Cyteaf the pandemonium lord
129031 | Zig:19   | Killed Gorut the pandemonium lord
129031 | Zig:19   | Killed Qilol the pandemonium lord
129032 | Zig:19   | Killed Muiquwyo the pandemonium lord
129032 | Zig:19   | Killed Adghaim the pandemonium lord
129032 | Zig:19   | Killed Xearrow the pandemonium lord
129032 | Zig:19   | Killed Luus the pandemonium lord
129033 | Zig:19   | Killed Qaigor the pandemonium lord
129033 | Zig:19   | Killed Lieraom the pandemonium lord
129033 | Zig:19   | Killed Jyas the pandemonium lord
129034 | Zig:19   | Noticed Zeaqaony the pandemonium lord
129036 | Zig:19   | Killed Zeaqaony the pandemonium lord
129183 | Zig:19   | Identified the ring of Qoggyxipp {rElec rF+ Int+6}
129187 | Zig:19   | Identified the amulet "Inakk" {Spirit Rampage rElec Slay-6}
129199 | Zig:19   | Identified the +12 hunting sling of Capital Punishment
                  | {venom, rC+ rCorr Int+5}
129203 | Zig:20   | Entered Level 20 of a ziggurat
129208 | Zig:20   | Noticed Etruf the pandemonium lord
129211 | Zig:20   | Killed Etruf the pandemonium lord
129211 | Zig:20   | Noticed Dauvi the pandemonium lord
129212 | Zig:20   | Killed Dauvi the pandemonium lord
129212 | Zig:20   | Noticed Nonnog the pandemonium lord
129213 | Zig:20   | Killed Nonnog the pandemonium lord
129213 | Zig:20   | Noticed Fulad the pandemonium lord
129214 | Zig:20   | Noticed Ahuckod the pandemonium lord
129214 | Zig:20   | Noticed Pamool the pandemonium lord
129215 | Zig:20   | Noticed Civuv the pandemonium lord
129215 | Zig:20   | Noticed Keuruz the pandemonium lord
129215 | Zig:20   | Noticed Risatrocs the pandemonium lord
129215 | Zig:20   | Noticed Umodaysch the pandemonium lord
129215 | Zig:20   | Noticed Zampis the pandemonium lord
129215 | Zig:20   | Noticed Malut the pandemonium lord
129216 | Zig:20   | Noticed Wunkeunu the pandemonium lord
129217 | Zig:20   | Noticed Copriull the pandemonium lord
129217 | Zig:20   | Noticed Culofad the pandemonium lord
129217 | Zig:20   | Killed Copriull the pandemonium lord
129217 | Zig:20   | Killed Umodaysch the pandemonium lord
129217 | Zig:20   | Killed Malut the pandemonium lord
129217 | Zig:20   | Killed Fulad the pandemonium lord
129217 | Zig:20   | Killed Pamool the pandemonium lord
129217 | Zig:20   | Noticed Vewigg the pandemonium lord
129218 | Zig:20   | Noticed Nuleun the pandemonium lord
129218 | Zig:20   | Noticed Ommiph the pandemonium lord
129218 | Zig:20   | Noticed Ipriek the pandemonium lord
129218 | Zig:20   | Noticed Gearelup the pandemonium lord
129218 | Zig:20   | Killed Ahuckod the pandemonium lord
129218 | Zig:20   | Killed Ipriek the pandemonium lord
129218 | Zig:20   | Killed Keuruz the pandemonium lord
129218 | Zig:20   | Killed Gearelup the pandemonium lord
129218 | Zig:20   | Killed Risatrocs the pandemonium lord
129218 | Zig:20   | Killed Zampis the pandemonium lord
129218 | Zig:20   | Noticed Erchom the pandemonium lord
129218 | Zig:20   | Noticed Pauwk the pandemonium lord
129218 | Zig:20   | Noticed Piuhytt the pandemonium lord
129218 | Zig:20   | Noticed Sumeopaefa the pandemonium lord
129219 | Zig:20   | Killed Wunkeunu the pandemonium lord
129219 | Zig:20   | Noticed Jecapau the pandemonium lord
129219 | Zig:20   | Noticed Faesm the pandemonium lord
129219 | Zig:20   | Noticed Uhufrudookh the pandemonium lord
129220 | Zig:20   | Noticed Kuup Edo the pandemonium lord
129220 | Zig:20   | Killed Civuv the pandemonium lord
129220 | Zig:20   | Noticed Kaottisi the pandemonium lord
129221 | Zig:20   | Killed Nuleun the pandemonium lord
129221 | Zig:20   | Killed Culofad the pandemonium lord
129221 | Zig:20   | Killed Ommiph the pandemonium lord
129221 | Zig:20   | Noticed Ducsigoe the pandemonium lord
129221 | Zig:20   | Noticed Moit the pandemonium lord
129221 | Zig:20   | Noticed Tooxkiv the pandemonium lord
129221 | Zig:20   | Noticed Pyokh the pandemonium lord
129222 | Zig:20   | Killed Pauwk the pandemonium lord
129223 | Zig:20   | Killed Kuup Edo the pandemonium lord
129223 | Zig:20   | Killed Piuhytt the pandemonium lord
129223 | Zig:20   | Killed Faesm the pandemonium lord
129223 | Zig:20   | Killed Uhufrudookh the pandemonium lord
129223 | Zig:20   | Killed Erchom the pandemonium lord
129223 | Zig:20   | Killed Jecapau the pandemonium lord
129223 | Zig:20   | Killed Vewigg the pandemonium lord
129223 | Zig:20   | Killed Sumeopaefa the pandemonium lord
129223 | Zig:20   | Killed Pyokh the pandemonium lord
129223 | Zig:20   | Noticed Cuijinod the pandemonium lord
129224 | Zig:20   | Killed Moit the pandemonium lord
129224 | Zig:20   | Killed Cuijinod the pandemonium lord
129224 | Zig:20   | Killed Kaottisi the pandemonium lord
129225 | Zig:20   | Killed Ducsigoe the pandemonium lord
129225 | Zig:20   | Killed Tooxkiv the pandemonium lord
129225 | Zig:20   | Noticed Areate the pandemonium lord
129225 | Zig:20   | Noticed Noerew the pandemonium lord
129226 | Zig:20   | Noticed Redurphu the pandemonium lord
129227 | Zig:20   | Killed Noerew the pandemonium lord
129227 | Zig:20   | Noticed a caustic shrike
129227 | Zig:20   | Noticed Urupaenu the pandemonium lord
129228 | Zig:20   | Killed Redurphu the pandemonium lord
129228 | Zig:20   | Killed Epsougev the pandemonium lord
129229 | Zig:20   | Killed Areate the pandemonium lord
129229 | Zig:20   | Killed a caustic shrike
129230 | Zig:20   | Noticed Toc Xaho the pandemonium lord
129230 | Zig:20   | Noticed Ergharass the pandemonium lord
129230 | Zig:20   | Noticed Pomilo the pandemonium lord
129230 | Zig:20   | Noticed Ylinamur the pandemonium lord
129230 | Zig:20   | Noticed Seel the pandemonium lord
129231 | Zig:20   | Noticed Naegal the pandemonium lord
129231 | Zig:20   | Killed Ergharass the pandemonium lord
129232 | Zig:20   | Noticed Batruylucw the pandemonium lord
129232 | Zig:20   | Noticed Saedur the pandemonium lord
129232 | Zig:20   | Killed Pomilo the pandemonium lord
129232 | Zig:20   | Killed Seel the pandemonium lord
129232 | Zig:20   | Killed Urupaenu the pandemonium lord
129232 | Zig:20   | Noticed Henlil Ubo the pandemonium lord
129233 | Zig:20   | Noticed Yzoetiodi the pandemonium lord
129233 | Zig:20   | Killed Ylinamur the pandemonium lord
129233 | Zig:20   | Killed Batruylucw the pandemonium lord
129234 | Zig:20   | Killed Yzoetiodi the pandemonium lord
129234 | Zig:20   | Killed Saedur the pandemonium lord
129234 | Zig:20   | Noticed Buibunus the pandemonium lord
129234 | Zig:20   | Noticed Diynirham the pandemonium lord
129235 | Zig:20   | Killed Henlil Ubo the pandemonium lord
129236 | Zig:20   | Noticed Hiafin the pandemonium lord
129236 | Zig:20   | Noticed Bokloet the pandemonium lord
129237 | Zig:20   | Killed Diynirham the pandemonium lord
129237 | Zig:20   | Killed Naegal the pandemonium lord
129237 | Zig:20   | Killed Toc Xaho the pandemonium lord
129237 | Zig:20   | Noticed Kifyokku the pandemonium lord
129239 | Zig:20   | Killed Bokloet the pandemonium lord
129240 | Zig:20   | Killed Hiafin the pandemonium lord
129240 | Zig:20   | Killed Buibunus the pandemonium lord
129240 | Zig:20   | Noticed Poeh the pandemonium lord
129241 | Zig:20   | Killed Kifyokku the pandemonium lord
129241 | Zig:20   | Noticed Somul the pandemonium lord
129243 | Zig:20   | Killed Poeh the pandemonium lord
129243 | Zig:20   | Killed Somul the pandemonium lord
129252 | Zig:20   | Noticed Ridwask the pandemonium lord
129255 | Zig:20   | Killed Ridwask the pandemonium lord
129272 | Zig:20   | Found the +7 Kryia's mail coat {PotionHeal*2 rC+}
129304 | Zig:20   | Identified the +0 ring mail of Insurance {rCorr}
129306 | Zig:20   | Identified the ring "Azoisk" {Int+6 SInv Stlth+}
129308 | Zig:20   | Identified the +1 quarterstaff "Menec" {venom, rElec rC+
                  | MP+9 Str-5}
129592 | Zig:21   | Entered Level 21 of a ziggurat
129599 | Zig:21   | Noticed Josiho Ugaa the pandemonium lord
129600 | Zig:21   | Noticed Veusunto the pandemonium lord
129600 | Zig:21   | Noticed Iritsyd the pandemonium lord
129600 | Zig:21   | Noticed Gowais the pandemonium lord
129600 | Zig:21   | Noticed Igra the pandemonium lord
129601 | Zig:21   | Noticed Ocrawint the pandemonium lord
129601 | Zig:21   | Noticed Omeedar the pandemonium lord
129602 | Zig:21   | Killed Josiho Ugaa the pandemonium lord
129602 | Zig:21   | Noticed Lutig the pandemonium lord
129602 | Zig:21   | Noticed Pommetti the pandemonium lord
129603 | Zig:21   | Killed Veusunto the pandemonium lord
129603 | Zig:21   | Noticed Wurixowk the pandemonium lord
129604 | Zig:21   | Noticed Umagg the pandemonium lord
129605 | Zig:21   | Killed Igra the pandemonium lord
129607 | Zig:21   | Killed Ocrawint the pandemonium lord
129608 | Zig:21   | Killed Gowais the pandemonium lord
129608 | Zig:21   | Killed Omeedar the pandemonium lord
129609 | Zig:21   | Killed Iritsyd the pandemonium lord
129610 | Zig:21   | Killed Pommetti the pandemonium lord
129611 | Zig:21   | Killed Lutig the pandemonium lord
129611 | Zig:21   | Killed Umagg the pandemonium lord
129611 | Zig:21   | Killed Wurixowk the pandemonium lord
129611 | Zig:21   | Noticed Puitaamisa the pandemonium lord
129613 | Zig:21   | Noticed Omoduach the pandemonium lord
129614 | Zig:21   | Noticed Poxakoorr the pandemonium lord
129615 | Zig:21   | Killed Puitaamisa the pandemonium lord
129615 | Zig:21   | Noticed Penoa the pandemonium lord
129616 | Zig:21   | Noticed Manlelekk the pandemonium lord
129617 | Zig:21   | Noticed Dudigg the pandemonium lord
129617 | Zig:21   | Noticed Yrhud the pandemonium lord
129618 | Zig:21   | Noticed Wovvuil the pandemonium lord
129619 | Zig:21   | Killed Omoduach the pandemonium lord
129619 | Zig:21   | Noticed Xewoycu the pandemonium lord
129620 | Zig:21   | Noticed Zohophesk the pandemonium lord
129620 | Zig:21   | Noticed Noimuitt the pandemonium lord
129620 | Zig:21   | Noticed Jukon the pandemonium lord
129620 | Zig:21   | Noticed Uxuhuck the pandemonium lord
129620 | Zig:21   | Killed Penoa the pandemonium lord
129620 | Zig:21   | Killed Poxakoorr the pandemonium lord
129620 | Zig:21   | Killed Uxuhuck the pandemonium lord
129620 | Zig:21   | Killed Wovvuil the pandemonium lord
129620 | Zig:21   | Noticed Esiob the pandemonium lord
129620 | Zig:21   | Noticed Cofescheogg the pandemonium lord
129621 | Zig:21   | Killed Zohophesk the pandemonium lord
129621 | Zig:21   | Killed Yrhud the pandemonium lord
129621 | Zig:21   | Killed Jukon the pandemonium lord
129621 | Zig:21   | Killed Xewoycu the pandemonium lord
129621 | Zig:21   | Noticed Qiopsuc the pandemonium lord
129622 | Zig:21   | Killed Manlelekk the pandemonium lord
129622 | Zig:21   | Noticed Molian the pandemonium lord
129624 | Zig:21   | Noticed Fauptid the pandemonium lord
129624 | Zig:21   | Killed Dudigg the pandemonium lord
129624 | Zig:21   | Killed Esiob the pandemonium lord
129624 | Zig:21   | Killed Noimuitt the pandemonium lord
129624 | Zig:21   | Noticed Acho the pandemonium lord
129625 | Zig:21   | Killed Qiopsuc the pandemonium lord
129625 | Zig:21   | Killed Cofescheogg the pandemonium lord
129625 | Zig:21   | Noticed Ucetin the pandemonium lord
129625 | Zig:21   | Noticed Vostrym the pandemonium lord
129625 | Zig:21   | Noticed Teirrescha the pandemonium lord
129625 | Zig:21   | Noticed Tosudd the pandemonium lord
129626 | Zig:21   | Noticed Etwesat the pandemonium lord
129626 | Zig:21   | Killed Vostrym the pandemonium lord
129627 | Zig:21   | Noticed Gel Duetheem the pandemonium lord
129627 | Zig:21   | Killed Molian the pandemonium lord
129627 | Zig:21   | Noticed Pavungoh the pandemonium lord
129627 | Zig:21   | Noticed Rufasuwyu the pandemonium lord
129627 | Zig:21   | Noticed Buivaleg the pandemonium lord
129627 | Zig:21   | Noticed Lorikag the pandemonium lord
129628 | Zig:21   | Noticed Gigilyex the pandemonium lord
129628 | Zig:21   | Noticed Disk the pandemonium lord
129629 | Zig:21   | Killed Acho the pandemonium lord
129630 | Zig:21   | Killed Teirrescha the pandemonium lord
129630 | Zig:21   | Killed Pavungoh the pandemonium lord
129630 | Zig:21   | Killed Rufasuwyu the pandemonium lord
129630 | Zig:21   | Killed Gigilyex the pandemonium lord
129630 | Zig:21   | Killed Fauptid the pandemonium lord
129630 | Zig:21   | Killed Lorikag the pandemonium lord
129630 | Zig:21   | Killed Tosudd the pandemonium lord
129631 | Zig:21   | Killed Etwesat the pandemonium lord
129631 | Zig:21   | Killed Ucetin the pandemonium lord
129631 | Zig:21   | Killed Buivaleg the pandemonium lord
129643 | Zig:21   | Noticed Uppov the pandemonium lord
129644 | Zig:21   | Noticed Zashaoh the pandemonium lord
129645 | Zig:21   | Killed Uppov the pandemonium lord
129645 | Zig:21   | Noticed Bosmoked the pandemonium lord
129645 | Zig:21   | Noticed Wughekig the pandemonium lord
129645 | Zig:21   | Noticed Hygas the pandemonium lord
129646 | Zig:21   | Noticed Rynin the pandemonium lord
129647 | Zig:21   | Noticed Jiwir the pandemonium lord
129648 | Zig:21   | Killed Disk the pandemonium lord
129649 | Zig:21   | Noticed Voeteroviha the pandemonium lord
129649 | Zig:21   | Killed Rynin the pandemonium lord
129649 | Zig:21   | Killed Hygas the pandemonium lord
129649 | Zig:21   | Noticed Apikla the pandemonium lord
129649 | Zig:21   | Noticed Zuteloeca the pandemonium lord
129649 | Zig:21   | Noticed Kaar the pandemonium lord
129651 | Zig:21   | Noticed a caustic shrike
129651 | Zig:21   | Noticed Yreofinydo the pandemonium lord
129651 | Zig:21   | Noticed Dudgh the pandemonium lord
129651 | Zig:21   | Noticed Ysabreproe the pandemonium lord
129652 | Zig:21   | a caustic shrike changed into an iron dragon
129652 | Zig:21   | Noticed Ihem the pandemonium lord
129653 | Zig:21   | Killed Jiwir the pandemonium lord
129653 | Zig:21   | Killed Bosmoked the pandemonium lord
129653 | Zig:21   | Killed Wughekig the pandemonium lord
129653 | Zig:21   | Killed Yreofinydo the pandemonium lord
129654 | Zig:21   | Killed Voeteroviha the pandemonium lord
129654 | Zig:21   | Killed Ysabreproe the pandemonium lord
129655 | Zig:21   | Killed Dudgh the pandemonium lord
129655 | Zig:21   | Killed Gel Duetheem the pandemonium lord
129656 | Zig:21   | Noticed Jupt the pandemonium lord
129657 | Zig:21   | Noticed Vues the pandemonium lord
129659 | Zig:21   | Killed Jupt the pandemonium lord
129661 | Zig:21   | Killed Ihem the pandemonium lord
129661 | Zig:21   | Killed Vues the pandemonium lord
129668 | Zig:21   | Killed Apikla the pandemonium lord
129670 | Zig:21   | Killed Zuteloeca the pandemonium lord
129671 | Zig:21   | Killed Kaar the pandemonium lord
129673 | Zig:21   | Noticed Punoheuk the pandemonium lord
129674 | Zig:21   | Noticed Keruyqyc the pandemonium lord
129675 | Zig:21   | Noticed Symp the pandemonium lord
129675 | Zig:21   | Noticed Nuzan the pandemonium lord
129677 | Zig:21   | Killed Keruyqyc the pandemonium lord
129678 | Zig:21   | Killed Punoheuk the pandemonium lord
129678 | Zig:21   | Killed Nuzan the pandemonium lord
129681 | Zig:21   | Noticed Cexohyqu the pandemonium lord
129724 | Zig:21   | Noticed Esagy the pandemonium lord
129725 | Zig:21   | Killed Symp the pandemonium lord
129731 | Zig:21   | Killed Esagy the pandemonium lord
129734 | Zig:21   | Killed Cexohyqu the pandemonium lord
129752 | Zig:21   | Killed Zashaoh the pandemonium lord
130310 | Zig:21   | Identified the ring of Ufecau {rF+ Slay+3}
130313 | Zig:21   | Identified the ring "Gaghauq" {rElec MP+9 Int+2 Stlth-}
130345 | Zig:21   | Identified the +7 great sword of Dirchuec {flame, rElec}
130354 | Zig:21   | Identified the +3 great sword "Buresom" {vorpal, *Noise
                  | Will- Str+8 Int+8}
130403 | Zig:22   | Entered Level 22 of a ziggurat
130412 | Zig:22   | Noticed a juggernaut
130414 | Zig:22   | Noticed a juggernaut
130416 | Zig:22   | Noticed a juggernaut
130417 | Zig:22   | Killed a juggernaut
130417 | Zig:22   | Killed a juggernaut
130418 | Zig:22   | Noticed a juggernaut
130418 | Zig:22   | Killed a juggernaut
130419 | Zig:22   | Noticed a juggernaut
130419 | Zig:22   | Killed a juggernaut
130419 | Zig:22   | Noticed a juggernaut
130419 | Zig:22   | Noticed a juggernaut
130421 | Zig:22   | Killed a juggernaut
130422 | Zig:22   | Killed a juggernaut
130422 | Zig:22   | Killed a juggernaut
130423 | Zig:22   | Noticed a juggernaut
130423 | Zig:22   | Noticed a juggernaut
130423 | Zig:22   | Noticed a juggernaut
130424 | Zig:22   | Noticed a juggernaut
130424 | Zig:22   | Killed a juggernaut
130424 | Zig:22   | Noticed a juggernaut
130424 | Zig:22   | Noticed a juggernaut
130425 | Zig:22   | Noticed a juggernaut
130425 | Zig:22   | Killed a juggernaut
130425 | Zig:22   | Killed a juggernaut
130425 | Zig:22   | Noticed a juggernaut
130426 | Zig:22   | Killed a juggernaut
130426 | Zig:22   | Killed a juggernaut
130426 | Zig:22   | Noticed a juggernaut
130426 | Zig:22   | Noticed a juggernaut
130426 | Zig:22   | Noticed a juggernaut
130427 | Zig:22   | Killed a juggernaut
130427 | Zig:22   | Killed a juggernaut
130427 | Zig:22   | Noticed a juggernaut
130428 | Zig:22   | Killed a juggernaut
130428 | Zig:22   | Killed a juggernaut
130428 | Zig:22   | Killed a juggernaut
130428 | Zig:22   | Noticed a juggernaut
130428 | Zig:22   | Noticed a juggernaut
130429 | Zig:22   | Killed a juggernaut
130429 | Zig:22   | Killed a juggernaut
130429 | Zig:22   | Noticed a juggernaut
130430 | Zig:22   | Killed a juggernaut
130430 | Zig:22   | Killed a juggernaut
130433 | Zig:22   | Killed a juggernaut
130436 | Zig:22   | HP: 24/273 [iron giant (49)]
130900 | Zig:22   | Found the +7 captain's cutlass {speed, disarm}
130905 | Zig:22   | Identified the ring "Lyryph" {Fly rPois Dex+3 SInv Stlth+}
130927 | Zig:22   | Identified the +8 scimitar "Keybut" {freeze, *Rage rPois
                  | Will+++ Str-4 Int+3}
130936 | Zig:23   | Entered Level 23 of a ziggurat
130941 | Zig:23   | Noticed a royal mummy
130942 | Zig:23   | Noticed a royal mummy
130944 | Zig:23   | Killed a royal mummy
130946 | Zig:23   | Killed a royal mummy
130947 | Zig:23   | Noticed a royal mummy
130948 | Zig:23   | Noticed a royal mummy
130948 | Zig:23   | Noticed a royal mummy
130948 | Zig:23   | Noticed a royal mummy
130948 | Zig:23   | Noticed a royal mummy
130949 | Zig:23   | Noticed a royal mummy
130949 | Zig:23   | Noticed a royal mummy
130949 | Zig:23   | Noticed a royal mummy
130949 | Zig:23   | Noticed a royal mummy
130950 | Zig:23   | Killed a royal mummy
130950 | Zig:23   | Killed a royal mummy
130950 | Zig:23   | Noticed a royal mummy
130950 | Zig:23   | Noticed a royal mummy
130950 | Zig:23   | Noticed a royal mummy
130952 | Zig:23   | Killed a royal mummy
130952 | Zig:23   | Killed a royal mummy
130952 | Zig:23   | Killed a royal mummy
130952 | Zig:23   | Killed a royal mummy
130953 | Zig:23   | Killed a royal mummy
130953 | Zig:23   | Killed a royal mummy
130953 | Zig:23   | Killed a royal mummy
130953 | Zig:23   | Killed a royal mummy
130953 | Zig:23   | Killed a royal mummy
130953 | Zig:23   | Killed a royal mummy
130953 | Zig:23   | Noticed a royal mummy
130953 | Zig:23   | Noticed a royal mummy
130953 | Zig:23   | Noticed a royal mummy
130953 | Zig:23   | Noticed a royal mummy
130953 | Zig:23   | Noticed a royal mummy
130953 | Zig:23   | Noticed a royal mummy
130954 | Zig:23   | Killed a royal mummy
130954 | Zig:23   | Killed a royal mummy
130954 | Zig:23   | Noticed a royal mummy
130955 | Zig:23   | Killed a royal mummy
130955 | Zig:23   | Killed a royal mummy
130955 | Zig:23   | Killed a royal mummy
130955 | Zig:23   | Noticed a royal mummy
130955 | Zig:23   | Noticed a royal mummy
130956 | Zig:23   | Killed a royal mummy
130956 | Zig:23   | Killed a royal mummy
130956 | Zig:23   | Noticed a royal mummy
130956 | Zig:23   | Noticed a royal mummy
130956 | Zig:23   | Noticed a royal mummy
130957 | Zig:23   | Killed a royal mummy
130957 | Zig:23   | Killed a royal mummy
130957 | Zig:23   | Noticed a royal mummy
130957 | Zig:23   | Noticed a royal mummy
130958 | Zig:23   | Killed a royal mummy
130958 | Zig:23   | Killed a royal mummy
130958 | Zig:23   | Killed a royal mummy
130958 | Zig:23   | Killed a royal mummy
130958 | Zig:23   | Noticed a royal mummy
130959 | Zig:23   | Killed a royal mummy
130960 | Zig:23   | Noticed a royal mummy
130960 | Zig:23   | Noticed a royal mummy
130961 | Zig:23   | Killed a royal mummy
130961 | Zig:23   | Noticed a royal mummy
130961 | Zig:23   | Noticed a royal mummy
130962 | Zig:23   | Killed a royal mummy
130962 | Zig:23   | Noticed a royal mummy
130963 | Zig:23   | Killed a royal mummy
130963 | Zig:23   | Killed a royal mummy
130963 | Zig:23   | Killed a royal mummy
130963 | Zig:23   | Noticed a royal mummy
130963 | Zig:23   | Noticed a royal mummy
130965 | Zig:23   | Killed a royal mummy
130965 | Zig:23   | Killed a royal mummy
130965 | Zig:23   | Noticed a royal mummy
130965 | Zig:23   | Noticed a royal mummy
130966 | Zig:23   | Killed a royal mummy
130966 | Zig:23   | Noticed a royal mummy
130967 | Zig:23   | Killed a royal mummy
130967 | Zig:23   | Killed a royal mummy
130968 | Zig:23   | Noticed a royal mummy
130969 | Zig:23   | Killed a royal mummy
130970 | Zig:23   | Noticed a royal mummy
130970 | Zig:23   | Noticed a royal mummy
130971 | Zig:23   | Killed a royal mummy
130972 | Zig:23   | Killed a royal mummy
130972 | Zig:23   | Killed a royal mummy
130974 | Zig:23   | Noticed a royal mummy
130974 | Zig:23   | Noticed a royal mummy
130975 | Zig:23   | Killed a royal mummy
130975 | Zig:23   | Killed a royal mummy
130977 | Zig:23   | Noticed a royal mummy
130980 | Zig:23   | Killed a royal mummy
130980 | Zig:23   | Noticed a royal mummy
130980 | Zig:23   | Noticed a royal mummy
130982 | Zig:23   | Killed a royal mummy
130982 | Zig:23   | Killed a royal mummy
130989 | Zig:23   | Noticed a royal mummy
130991 | Zig:23   | Killed a royal mummy
130995 | Zig:23   | Noticed a royal mummy
130996 | Zig:23   | Killed a royal mummy
131218 | Zig:23   | Identified the +7 plate armour "Jiasatok" {rElec rF- Str+5
                  | Dex+4}
131221 | Zig:23   | Identified the +11 dagger of Disaster {vorpal, *Noise rCorr
                  | Dex-3 SInv}
131229 | Zig:23   | Identified the ring of Leaves {Fly Dex+7}
131319 | Zig:24   | Entered Level 24 of a ziggurat
131605 | Zig:24   | Found the ring of the Octopus King
131613 | Zig:24   | Identified the ring "Ejogud" {rPois Dex+2 SInv}
131616 | Zig:24   | Identified the ring of Gopsiam {rPois rN+ Dex+2}
131618 | Zig:24   | Identified the +2 ice dragon scales of Intuition {Harm
                  | rPois rF- rC++ Will+}
131619 | Zig:24   | Identified a ring of the Octopus King {rC+ AC+1 EV+1 Str+1
                  | Int+1 Dex+1}
131623 | Zig:24   | Identified the ring "Jomumios" {rPois rF+++ rC+ Int-3}
131624 | Zig:24   | Identified the +2 leather armour of the Blacksmith {Will+
                  | Dex+3 Stlth+}
131639 | Zig:24   | Identified the ring "Tafoinin" {rCorr Int+4 Dex+6}
131812 | Zig:24   | Identified the +7 quarterstaff "Oclor" {freeze, rF+ rC+
                  | Stlth+}
131864 | Zig:25   | Entered Level 25 of a ziggurat
131874 | Zig:25   | Noticed a caustic shrike
131874 | Zig:25   | Noticed a caustic shrike
131877 | Zig:25   | Killed a caustic shrike
131877 | Zig:25   | Noticed a caustic shrike
131877 | Zig:25   | Noticed a caustic shrike
131877 | Zig:25   | Noticed a caustic shrike
131878 | Zig:25   | Killed a caustic shrike
131878 | Zig:25   | Noticed a caustic shrike
131878 | Zig:25   | Noticed a caustic shrike
131880 | Zig:25   | Killed a caustic shrike
131880 | Zig:25   | Killed a caustic shrike
131880 | Zig:25   | Killed a caustic shrike
131880 | Zig:25   | Noticed a caustic shrike
131881 | Zig:25   | Killed a caustic shrike
131881 | Zig:25   | Killed a caustic shrike
131881 | Zig:25   | Noticed a caustic shrike
131882 | Zig:25   | Killed a caustic shrike
131882 | Zig:25   | Noticed a caustic shrike
131884 | Zig:25   | Killed a caustic shrike
131884 | Zig:25   | Noticed a caustic shrike
131885 | Zig:25   | Noticed a caustic shrike
131886 | Zig:25   | Noticed a caustic shrike
131887 | Zig:25   | Noticed a caustic shrike
131887 | Zig:25   | Noticed a caustic shrike
131887 | Zig:25   | Noticed a caustic shrike
131888 | Zig:25   | Killed a caustic shrike
131888 | Zig:25   | Killed a caustic shrike
131888 | Zig:25   | Noticed a caustic shrike
131889 | Zig:25   | Killed a caustic shrike
131890 | Zig:25   | Killed a caustic shrike
131890 | Zig:25   | Killed a caustic shrike
131891 | Zig:25   | Killed a caustic shrike
131891 | Zig:25   | Killed a caustic shrike
131891 | Zig:25   | Noticed a caustic shrike
131892 | Zig:25   | Killed a caustic shrike
131892 | Zig:25   | Noticed a caustic shrike
131893 | Zig:25   | Noticed an ancient lich
131894 | Zig:25   | Killed a caustic shrike
131894 | Zig:25   | Killed an ancient lich
131895 | Zig:25   | Noticed a caustic shrike
131896 | Zig:25   | Killed a caustic shrike
131901 | Zig:25   | Killed a caustic shrike
132450 | Zig:25   | Found the +4 dagger "Morg" {pain, Will+ Int+5}
132460 | Zig:25   | Identified the ring of the Eleven Allies {rN+ Will++ AC+4
                  | Slay-2 Stlth+}
132466 | Zig:25   | Identified the +1 whip of Unpleasantness {distort, rF+}
132475 | Zig:25   | Identified the ring of the Meadowlark {Fly rC- Str+6 Dex+4}
132612 | Zig:26   | Entered Level 26 of a ziggurat
133141 | Zig:26   | Paralysed by a floating eye for 3 turns
133146 | Zig:26   | Found the +8 woodcutter's axe {vorpal}
133211 | Zig:26   | Identified the ring "Qapniyt" {rN+ SInv}
133218 | Zig:26   | Identified the +8 hunting sling of the Exiled Beasts
                  | {venom, Fragile +Blink Str+2 Dex+5}
133222 | Zig:27   | Entered Level 27 of a ziggurat
133245 | Zig:27   | Identified a +2 robe of resistance
133254 | Zig:27   | Noticed Gumeixev the pandemonium lord
133257 | Zig:27   | Killed Gumeixev the pandemonium lord
133846 | Zig:27   | Found the ring of the Octopus King
133851 | Zig:27   | Found the +3 giant club "Skullcrusher" {speed, Str+7}
133864 | Zig:27   | Identified the +6 flail "X" {freeze, *Slow Int+4}
133866 | Zig:27   | Identified the +5 dagger of the Vestibule of Hell {venom,
                  | rC+ Will- Str+3}
133871 | Zig:27   | Identified a ring of the Octopus King {rCorr AC+1 EV+1
                  | Str+1 Int+1 Dex+1}
133974 | Depths:2 | Lost mutation: Your flesh is heat resistant. (rF+) [potion
                  | of mutation]
133974 | Depths:2 | Lost mutation: One of your tentacles bears a spike. [potion
                  | of mutation]
133974 | Depths:2 | Lost mutation: You are somewhat resistant to further
                  | mutation. [potion of mutation]
133974 | Depths:2 | Gained mutation: Your mind is acute. (Int +2) [potion of
                  | mutation]
133974 | Depths:2 | Lost mutation: You occasionally shout uncontrollably at
                  | your foes. [potion of mutation]
133974 | Depths:2 | Lost mutation: Your body sometimes deteriorates upon taking
                  | damage. [potion of mutation]
133974 | Depths:2 | Gained mutation: You passively map a small area around you.
                  | [potion of mutation]
133975 | Depths:2 | Lost mutation: You passively map a small area around you.
                  | [potion of mutation]
133975 | Depths:2 | Lost mutation: Your mind is acute. (Int +2) [potion of
                  | mutation]
133975 | Depths:2 | Gained mutation: You are frail. (-10% HP) [potion of
                  | mutation]
133975 | Depths:2 | Gained mutation: You have supernaturally acute eyesight.
                  | (SInv) [potion of mutation]
133975 | Depths:2 | Gained mutation: You possess an exceptional clarity of
                  | mind. [potion of mutation]
133976 | Depths:2 | Lost mutation: You are resistant to electric shocks.
                  | (rElec) [potion of mutation]
133976 | Depths:2 | Lost mutation: You possess an exceptional clarity of mind.
                  | [potion of mutation]
133976 | Depths:2 | Gained mutation: You have very sharp teeth. [potion of
                  | mutation]
133976 | Depths:2 | Gained mutation: Your muscles are very strong. (Str +4)
                  | [potion of mutation]
133976 | Depths:2 | Gained mutation: You passively dampen the noise of your
                  | surroundings. [potion of mutation]
133977 | Depths:2 | Lost mutation: You passively dampen the noise of your
                  | surroundings. [potion of mutation]
133977 | Depths:2 | Lost mutation: You have very sharp teeth. [potion of
                  | mutation]
133977 | Depths:2 | Gained mutation: You are very frail. (-20% HP) [potion of
                  | mutation]
133977 | Depths:2 | Gained mutation: You are resistant to electric shocks.
                  | (rElec) [potion of mutation]
133978 | Depths:2 | Lost mutation: You are resistant to electric shocks.
                  | (rElec) [potion of mutation]
133978 | Depths:2 | Lost mutation: You have supernaturally acute eyesight.
                  | (SInv) [potion of mutation]
133978 | Depths:2 | Lost mutation: You are very frail. (-20% HP) [potion of
                  | mutation]
133978 | Depths:2 | Lost mutation: You are frail. (-10% HP) [potion of
                  | mutation]
133978 | Depths:2 | Gained mutation: Your mind is acute. (Int +2) [potion of
                  | mutation]
133978 | Depths:2 | Lost mutation: Your muscles are very strong. (Str +4)
                  | [potion of mutation]
133978 | Depths:2 | Gained mutation: You are agile. (Dex +2) [potion of
                  | mutation]
133979 | Depths:2 | Lost mutation: Your muscles are strong. (Str +2) [potion of
                  | mutation]
133979 | Depths:2 | Lost mutation: You are agile. (Dex +2) [potion of mutation]
133979 | Depths:2 | Lost mutation: Your mind is acute. (Int +2) [potion of
                  | mutation]
133979 | Depths:2 | Gained mutation: You are partially covered in iridescent
                  | scales. (AC +2) [potion of mutation]
133979 | Depths:2 | Gained mutation: Your magical capacity is low. (-10% MP)
                  | [potion of mutation]
133980 | Depths:2 | Lost mutation: Your magical capacity is low. (-10% MP)
                  | [potion of mutation]
133980 | Depths:2 | Lost mutation: You are partially covered in iridescent
                  | scales. (AC +2) [potion of mutation]
133980 | Depths:2 | Gained mutation: You are clumsy. (Dex -2) [potion of
                  | mutation]
133980 | Depths:2 | Gained mutation: Your natural rate of healing is unusually
                  | fast. [potion of mutation]
133981 | Depths:2 | Lost mutation: Your natural rate of healing is unusually
                  | fast. [potion of mutation]
133981 | Depths:2 | Lost mutation: You are clumsy. (Dex -2) [potion of
                  | mutation]
133981 | Depths:2 | Gained mutation: You are robust. (+10% HP) [potion of
                  | mutation]
133981 | Depths:2 | Gained mutation: You sometimes lose the ability to read
                  | scrolls when taking damage. [potion of mutation]
133981 | Depths:2 | Gained mutation: Your spells are a little harder to cast,
                  | but a little more powerful. [potion of mutation]
133981 | Depths:2 | Gained mutation: You are agile. (Dex +2) [potion of
                  | mutation]
133982 | Depths:2 | Lost mutation: You sometimes lose the ability to read
                  | scrolls when taking damage. [potion of mutation]
133982 | Depths:2 | Lost mutation: You are agile. (Dex +2) [potion of mutation]
133982 | Depths:2 | Lost mutation: Your spells are a little harder to cast, but
                  | a little more powerful. [potion of mutation]
133982 | Depths:2 | Gained mutation: Your muscles are strong. (Str +2) [potion
                  | of mutation]
133982 | Depths:2 | Gained mutation: You have a beak for a mouth. [potion of
                  | mutation]
133982 | Depths:2 | Gained mutation: Your body sometimes deteriorates upon
                  | taking damage. [potion of mutation]
133982 | Depths:2 | Gained mutation: One of your tentacles bears a spike.
                  | [potion of mutation]
133983 | Depths:2 | Lost mutation: You have a beak for a mouth. [potion of
                  | mutation]
133983 | Depths:2 | Lost mutation: You are robust. (+10% HP) [potion of
                  | mutation]
133983 | Depths:2 | Lost mutation: Your muscles are strong. (Str +2) [potion of
                  | mutation]
133983 | Depths:2 | Gained mutation: You have hidden genetic potential. [potion
                  | of mutation]
133983 | Depths:2 | Gained mutation: You have a pair of small antennae on your
                  | head. [potion of mutation]
133984 | Depths:2 | Lost mutation: One of your tentacles bears a spike. [potion
                  | of mutation]
133984 | Depths:2 | Lost mutation: You have a pair of small antennae on your
                  | head. [potion of mutation]
133984 | Depths:2 | Gained mutation: Your flesh is heat resistant. (rF+)
                  | [potion of mutation]
133984 | Depths:2 | Gained mutation: You are partially covered in iridescent
                  | scales. (AC +2) [potion of mutation]
133984 | Depths:2 | Gained mutation: Your mind is acute. (Int +2) [potion of
                  | mutation]
133985 | Depths:2 | Lost mutation: Your mind is acute. (Int +2) [potion of
                  | mutation]
133985 | Depths:2 | Lost mutation: Your flesh is heat resistant. (rF+) [potion
                  | of mutation]
133985 | Depths:2 | Gained mutation: Your spells are a little harder to cast,
                  | but a little more powerful. [potion of mutation]
133985 | Depths:2 | Gained mutation: Your body often deteriorates upon taking
                  | damage. [potion of mutation]
133986 | Depths:2 | Lost mutation: Your spells are a little harder to cast, but
                  | a little more powerful. [potion of mutation]
133986 | Depths:2 | Lost mutation: Your body often deteriorates upon taking
                  | damage. [potion of mutation]
133986 | Depths:2 | Gained mutation: Your muscles are strong. (Str +2) [potion
                  | of mutation]
133987 | Depths:2 | Lost mutation: You are partially covered in iridescent
                  | scales. (AC +2) [potion of mutation]
133987 | Depths:2 | Lost mutation: You have hidden genetic potential. [potion
                  | of mutation]
133987 | Depths:2 | Gained mutation: Your flesh is cold resistant. (rC+)
                  | [potion of mutation]
133987 | Depths:2 | Gained mutation: Your flesh is very cold resistant. (rC++)
                  | [potion of mutation]
133987 | Depths:2 | Gained mutation: You are somewhat resistant to further
                  | mutation. [potion of mutation]
133988 | Depths:2 | Lost mutation: You are somewhat resistant to further
                  | mutation. [potion of mutation]
133988 | Depths:2 | Lost mutation: Your flesh is very cold resistant. (rC++)
                  | [potion of mutation]
133988 | Depths:2 | Lost mutation: Your flesh is cold resistant. (rC+) [potion
                  | of mutation]
133988 | Depths:2 | Gained mutation: You are robust. (+10% HP) [potion of
                  | mutation]
133988 | Depths:2 | Lost mutation: You are robust. (+10% HP) [potion of
                  | mutation]
133989 | Depths:2 | Lost mutation: Your muscles are strong. (Str +2) [potion of
                  | mutation]
133989 | Depths:2 | Lost mutation: Your body sometimes deteriorates upon taking
                  | damage. [potion of mutation]
133989 | Depths:2 | Gained mutation: You are weak. (Str -2) [potion of
                  | mutation]
133989 | Depths:2 | Gained mutation: Your body sometimes deteriorates upon
                  | taking damage. [potion of mutation]
133990 | Depths:2 | Lost mutation: You are weak. (Str -2) [potion of mutation]
133990 | Depths:2 | Lost mutation: Your body sometimes deteriorates upon taking
                  | damage. [potion of mutation]
133990 | Depths:2 | Gained mutation: You are robust. (+10% HP) [potion of
                  | mutation]
133990 | Depths:2 | Gained mutation: Your magical capacity is low. (-10% MP)
                  | [potion of mutation]
133990 | Depths:2 | Gained mutation: One of your tentacles bears a spike.
                  | [potion of mutation]
133991 | Depths:2 | Lost mutation: One of your tentacles bears a spike. [potion
                  | of mutation]
133991 | Depths:2 | Lost mutation: Your magical capacity is low. (-10% MP)
                  | [potion of mutation]
133991 | Depths:2 | Gained mutation: Your muscles are strong. (Str +2) [potion
                  | of mutation]
133991 | Depths:2 | Gained mutation: Your spells are a little harder to cast,
                  | but a little more powerful. [potion of mutation]
134122 | Zig:1    | Entered Level 1 of a ziggurat
134129 | Zig:2    | Entered Level 2 of a ziggurat
134138 | Zig:3    | Entered Level 3 of a ziggurat
134138 | Zig:3    | Noticed an orb of fire
134138 | Zig:3    | Noticed an orb of fire
134138 | Zig:3    | Noticed an orb of fire
134138 | Zig:3    | Noticed an orb of fire
134138 | Zig:3    | Noticed an orb of fire
134141 | Zig:3    | Killed an orb of fire
134141 | Zig:3    | Killed an orb of fire
134141 | Zig:3    | Killed an orb of fire
134142 | Zig:3    | Killed an orb of fire
134143 | Zig:3    | Killed an orb of fire
134246 | Zig:4    | Entered Level 4 of a ziggurat
134373 | Zig:5    | Entered Level 5 of a ziggurat
134403 | Zig:6    | Entered Level 6 of a ziggurat
134412 | Zig:6    | Gained mutation: You sometimes lose the ability to read
                  | scrolls when taking damage. [a shining eye]
134412 | Zig:6    | Lost mutation: You are robust. (+10% HP) [a shining eye]
134412 | Zig:6    | Gained mutation: Your body sometimes deteriorates upon
                  | taking damage. [a shining eye]
134428 | Zig:6    | Identified the +2 war axe of Yredelemnul's Regard {venom,
                  | *Slow rElec Str-2 Int+9}
134544 | Zig:7    | Entered Level 7 of a ziggurat
134544 | Zig:7    | Noticed a caustic shrike
134544 | Zig:7    | Noticed a caustic shrike
134545 | Zig:7    | Noticed a dread lich
134545 | Zig:7    | Noticed a caustic shrike
134546 | Zig:7    | Noticed a caustic shrike
134547 | Zig:7    | Killed a caustic shrike
134547 | Zig:7    | Killed a dread lich
134549 | Zig:7    | Killed a caustic shrike
134549 | Zig:7    | Killed a caustic shrike
134550 | Zig:7    | Killed a caustic shrike
134595 | Zig:8    | Entered Level 8 of a ziggurat
134595 | Zig:8    | Noticed Obyaz the pandemonium lord
134596 | Zig:8    | Noticed Nibra Losku the pandemonium lord
134597 | Zig:8    | Noticed Jykut the pandemonium lord
134598 | Zig:8    | Noticed Waunestri the pandemonium lord
134599 | Zig:8    | Noticed Beazav Koen the pandemonium lord
134599 | Zig:8    | Noticed Astoryuf the pandemonium lord
134599 | Zig:8    | Noticed Qotoyrgh the pandemonium lord
134600 | Zig:8    | Paralysed by you for 6 turns
134600 | Zig:8    | Killed Nibra Losku the pandemonium lord
134600 | Zig:8    | Killed Obyaz the pandemonium lord
134600 | Zig:8    | Noticed a caustic shrike
134601 | Zig:8    | Noticed Wiurgh the pandemonium lord
134601 | Zig:8    | Noticed Nibyn the pandemonium lord
134601 | Zig:8    | Noticed Tyugroned the pandemonium lord
134603 | Zig:8    | Noticed Watz the pandemonium lord
134604 | Zig:8    | Noticed Naedas the pandemonium lord
134605 | Zig:8    | HP: 12/210 [Astoryuf the pandemonium lord (34)]
134605 | Zig:8    | Slain by Astoryuf the pandemonium lord

Vanquished Creatures
  The ghost of SevenDeadlySins the Archmage, a legendary DrCj of Vehumet (Zig:7)
  the Royal Jelly (Slime:5)
  59 dread liches
  64 ancient liches
  52 orbs of fire
  The ghost of Hacvoq the Conqueror, a legendary HOFi of Zin (Zig:7)
  The ghost of GlasyaLabolas the Conqueror, a legendary MiFi of Dithmenos (Zig:7)
  120 juggernauts
  The ghost of runemage the Impregnable, a legendary GnFi of Gozag (Zig:7)
  Mara (Spider:4)
  114 Killer Klowns
  172 royal mummies
  The ghost of Piginabag the Drop of Water, a veteran GnMo of Ru (Zig:7)
  304 pandemonium lords
  136 shard shrikes
  2 caustic shrikes (shapeshifter)
  134 caustic shrikes
  5 curse toes
  Geryon (Hell)
  A golden dragon (shapeshifter) (Zig:19)
  29 profane servitors
  162 golden dragons
  The ghost of Rocah the Hoplite, a veteran GrFi of the Shining One (Zig:7)
  Jory (Vaults:3)
  74 pearl dragons
  71 bone dragons
  Arachne (Spider:2)
  48 Tzitzimimeh
  36 hellephants
  31 electric golems
  31 doom hounds
  144 iron giants
  40 Brimstone Fiends
  5 iron giants (shapeshifter)
  Rupert (D:12)
  159 tentacled monstrosities
  174 Ice Fiends
  23 tainted leviathans
  229 Hell Sentinels
  63 liches
  24 Orb Guardians
  110 titans
  3 searing wretches (Depths:4)
  144 deep elf master archers
  7 quicksilver dragons (shapeshifter)
  66 Executioners
  95 deep elf blademasters
  59 quicksilver dragons
  3 krakens
  347 acid blobs
  54 tentacled starspawn
  4 acid blobs (shapeshifter)
  2 eldritch tentacles
  36 sphinxes
  3 walking divine tomes
  8 death cobs
  7 sphinxes (shapeshifter)
  73 ancient champions
  77 storm dragons
  8 fenstrider witches (shapeshifter)
  Polyphemus (Shoals:3)
  2 storm dragons (shapeshifter)
  53 shadow dragons
  28 tengu reavers
  12 thorn hunters
  64 daevas
  6 shadow dragons (shapeshifter)
  16 deep elf sorcerers
  An emperor scorpion (shapeshifter) (Zig:10)
  170 nagarajas
  112 rockslimes
  128 draconian monks
  225 draconian knights
  10 azure jellies (shapeshifter)
  75 revenants
  9 frost giants (shapeshifter)
  84 narguns
  15 fenstrider witches
  106 quicksilver elementals
  93 iron dragons
  8 fire giants (shapeshifter)
  92 azure jellies
  The ghost of PerfectTommy the Peltast, a journeyman MiBe of Trog (Spider:1)
  54 emperor scorpions
  58 vault wardens
  70 fire giants
  113 frost giants
  383 orc warlords
  100 balrugs
  Aizul (Spider:1)
  48 cacodemons
  5 ghost moths (shapeshifter)
  144 draconian scorchers
  2 spectral juggernauts
  102 ghost moths
  2 iron dragons (shapeshifter)
  A spectral caustic shrike (Crypt:3)
  43 demonspawn warmongers
  5 imperial myrmidons (Desolation)
  55 curse skulls
  Louise (Spider:2)
  113 war gargoyles
  14 ghouls
  128 draconian shifters
  6 juggernaut zombies
  16 deep elf elementalists
  5 quicksilver oozes (shapeshifter)
  81 demonspawn corrupters
  35 angels
  11 caustic shrike skeletons
  132 draconian stormcallers
  2 spriggan defenders
  11 caustic shrike zombies
  113 draconian annihilators
  13 broodmothers
  41 ironbound preservers
  4 stone giants (shapeshifter)
  7 juggernaut skeletons
  39 ophanim
  50 demonspawn blood saints
  40 apis
  82 quicksilver oozes
  285 stone giants
  94 very ugly things
  108 deep elf demonologists
  9 ironbound thunderhulks
  26 putrid mouths
  65 reapers
  49 vampire knights
  44 lorocyprocas
  93 entropy weavers
  64 demonspawn black suns
  A halazid warlock (Desolation)
  5 eleionomae (shapeshifter)
  83 wendigos
  56 eleionomae
  67 green draconians
  62 black draconians
  54 bennus
  An entropy weaver (shapeshifter) (Zig:12)
  81 yellow draconians
  26 dire elephants
  5 dire elephants (shapeshifter)
  70 red draconians
  92 deep elf annihilators
  33 bunyips
  74 purple draconians
  42 spark wasps
  A bunyip (shapeshifter) (Zig:20)
  A spark wasp (shapeshifter) (Zig:21)
  A minotaur (Gauntlet)
  59 white draconians
  37 deep elf death magi
  34 crystal guardians
  44 eidola
  58 ettins
  155 iron golems
  2 spectral quicksilver dragons
  147 blizzard demons
  An ettin (shapeshifter) (Zig:19)
  152 mummy priests
  161 green deaths
  26 merfolk impalers
  3 quicksilver dragon zombies
  87 merfolk javelineers
  Josephine (Orc:1)
  71 fire dragons
  94 shambling mangroves
  A spectral golden dragon (Zig:15)
  107 deep elf high priests
  7 ragged hierophants (Desolation)
  17 jiangshi
  An ice dragon (shapeshifter) (Zig:17)
  60 great orbs of eyes
  62 yaktaur captains
  109 ice dragons
  47 boulder beetles
  39 hell beasts
  A spectral shadow dragon (Zig:19)
  196 hydras
  8 spriggan zombies
  13 rakshasas
  131 salamander tyrants
  2 spectral tengu
  32 vault guards
  5 peacekeepers (Desolation)
  A stoker (Hell)
  6 quicksilver dragon skeletons
  37 spriggan air magi
  3 boulder beetles (shapeshifter)
  10 ironbound frosthearts
  6 merfolk avatars
  19 naga warriors
  17 anacondas
  A radroach (shapeshifter) (Zig:19)
  3 catoblepae (shapeshifter)
  9 alligator snapping turtles
  4 caustic shrike simulacra
  6 anacondas (shapeshifter)
  5 juggernaut simulacra
  20 ogre magi
  A hydra (shapeshifter) (Zig:20)
  68 merfolk aquamancers
  5 servants of whispers
  16 radroaches
  7 death knights
  3 jorogumos (shapeshifter)
  6 spriggan skeletons
  Erica (Orc:1)
  A spectral sphinx (Zig:14)
  12 jorogumos
  28 centaur warriors
  29 ghost crabs
  A two-headed ogre (shapeshifter) (Zig:11)
  8 alligator snapping turtles (shapeshifter)
  14 hell hogs
  93 death scarabs
  24 two-headed ogres
  A death yak (shapeshifter) (Zig:23)
  21 catoblepae
  8 tengu warriors
  200 dancing weapons
  9 death yaks
  52 alligators
  22 satyrs
  A satyr (shapeshifter) (Zig:23)
  4 titan zombies
  3 deep troll shamans
  11 deep troll earth magi
  10 spriggan berserkers
  68 naga sharpshooters
  392 orc high priests
  47 thrashing horrors
  58 vampire magi
  19 hell knights
  Nergalle (Lair:1)
  51 shock serpents
  9 titan skeletons
  108 deep elf knights
  7 shock serpents (shapeshifter)
  42 soul eaters
  78 crystal echidnas
  83 sun demons
  29 skeletal warriors
  138 iron trolls
  19 fire crabs
  33 pharaoh ants
  28 sea snakes
  3 storm dragon zombies
  31 goliath frogs
  9 salamander mystics
  4 fire crabs (shapeshifter)
  7 golden dragon zombies
  2 goliath frogs (shapeshifter)
  5 sun moths
  4 iron trolls (shapeshifter)
  92 wretched stars
  35 shadow wraiths
  128 death drakes
  50 sixfirhies
  4 sea snakes (shapeshifter)
  2 anaconda zombies
  A bunyip zombie (Crypt:3)
  A spark wasp zombie (Zig:3)
  22 steelbarb worms
  56 deep trolls
  3 glowing orange brains (shapeshifter)
  35 cherubim
  3 death drakes (shapeshifter)
  101 deep elf archers
  6 deep trolls (shapeshifter)
  63 spriggan druids
  71 orb spiders
  142 starcursed masses
  21 spatial maelstroms
  8 shadow dragon zombies
  7 storm dragon skeletons
  22 wizards
  28 glowing orange brains
  35 shadow demons
  19 naga ritualists
  3 steelbarb worms (shapeshifter)
  14 obsidian statues
  57 phantasmal warriors
  23 orange crystal statues
  3 quicksilver dragon simulacra
  4 golden dragon skeletons
  33 flayed ghosts
  195 deep elf zephyrmancers
  25 bog bodies
  7 tengu zombies
  145 swamp dragons
  6 orb spiders (shapeshifter)
  An anaconda skeleton (Crypt:3)
  Pikel (D:5)
  2 swamp dragons (shapeshifter)
  75 orc knights
  6 lindwurms (shapeshifter)
  74 ugly things
  2 mana vipers (shapeshifter)
  24 necromancers
  10 lindwurms
  39 harpies
  2 fire giant zombies
  204 deep elf pyromancers
  19 mana vipers
  8 wolf spiders (shapeshifter)
  3 salamanders (shapeshifter)
  12 iron dragon zombies
  39 ironbound convokers
  16 salamanders
  34 fauns
  43 will-o-the-wisps
  4 sphinx zombies
  2 fauns (shapeshifter)
  196 orc sorcerers
  211 moths of wrath
  6 shadow dragon skeletons
  5 tengu skeletons
  4 shining eyes (shapeshifter)
  56 wolf spiders
  6 moths of wrath (shapeshifter)
  24 worldbinders
  52 cyclopes
  3 cyclopes (shapeshifter)
  80 shining eyes
  A glowing shapeshifter (Depths:3)
  3 frost giant zombies
  3 black mambas (shapeshifter)
  35 manticores
  4 iron dragon skeletons
  A manticore (shapeshifter) (Zig:23)
  3 elephants (shapeshifter)
  5 sphinx skeletons
  68 apocalypse crabs
  6 elephants
  42 vault sentinels
  65 water nymphs
  5 guardian serpents (shapeshifter)
  2 stone giant skeletons (Vaults:3)
  19 merfolk sirens
  21 ice statues
  73 black mambas
  15 titan simulacra
  51 guardian serpents
  12 rust devils
  Maurice (D:11)
  A fire giant skeleton (Zig:11)
  3 frost giant skeletons
  86 smoke demons
  37 eyes of devastation
  2 torpor snails (shapeshifter)
  3 centaur skeletons (D:13)
  108 torpor snails
  3 eyes of devastation (shapeshifter)
  3 water nymphs (shapeshifter)
  45 naga magi
  4 cane toads (shapeshifter)
  35 cane toads
  39 orange demons
  8 unseen horrors
  2 molten gargoyles (Desolation)
  6 storm dragon simulacra
  4 unseen horrors (shapeshifter)
  2 dire elephant skeletons (Hell)
  A komodo dragon (shapeshifter) (Zig:19)
  36 efreet
  72 hellions
  22 gargoyles
  The ghost of croobank the Conjurer, a novice DsFE of Hepliaklqana (D:5)
  27 freezing wraiths
  4 golden dragon simulacra
  55 ice devils
  2 kobold demonologists
  102 tormentors
  An alligator snapping turtle skeleton (Crypt:1)
  38 hellwings
  2 rime drakes (shapeshifter)
  26 komodo dragons
  3 yaktaurs (shapeshifter)
  52 demonic crawlers
  2 tengu conjurers
  48 yaktaurs
  An entropy weaver simulacrum (IceCv)
  A white draconian skeleton (Crypt:3)
  A queen bee (Gauntlet)
  3 yaktaur skeletons (Vaults:3)
  A redback zombie (Crypt:2)
  A harpy zombie (Hell)
  77 rime drakes
  61 ancient zymes
  13 red devils
  2 silent spectres
  233 guardian mummies
  24 meliai
  111 merfolk
  A queen bee (shapeshifter) (Depths:3)
  21 bloated husks
  2 merfolk (shapeshifter) (Zig:10)
  2 trolls (shapeshifter)
  33 tyrant leeches
  8 meliai (shapeshifter)
  11 shadow dragon simulacra
  6 tengu simulacra
  3 wind drakes (shapeshifter)
  36 wind drakes
  80 trolls
  5 polar bears
  38 blink frogs
  A stone giant simulacrum (Zig:4)
  9 iron dragon simulacra
  4 sphinx simulacra
  56 saltlings
  7 tarantellas (shapeshifter)
  4 hornets (shapeshifter)
  157 hornets
  A slime creature (shapeshifter) (Zig:12)
  57 tarantellas
  A blink frog (shapeshifter) (Depths:3)
  2 harpy skeletons
  A raiju (shapeshifter) (Depths:3)
  336 slime creatures
  A dream sheep (shapeshifter) (Zig:19)
  80 raiju
  2 snapping turtles (shapeshifter)
  A fire giant simulacrum (Zig:11)
  12 dream sheep
  32 snapping turtles
  73 water elementals
  45 jumping spiders
  4 jumping spiders (shapeshifter)
  29 spriggans
  66 air elementals
  138 flying skulls
  An alligator skeleton (Crypt:2)
  3 vampires
  20 shadows
  43 culicivoras
  16 wyverns
  A black mamba zombie (Crypt:3)
  An elf skeleton (Vaults:3)
  18 wraiths
  2 spriggans (shapeshifter) (Zig:18)
  2 ettin skeletons
  75 ynoxinuls
  A human (shapeshifter) (Zig:14)
  95 ushabtiu
  61 yaks
  3 yaks (shapeshifter)
  A wyvern (shapeshifter) (Zig:27)
  A dire elephant simulacrum (IceCv)
  5 fire bats
  3 fire bats (shapeshifter)
  49 fire elementals
  46 golden eyes
  11 basilisks
  6 hogs (shapeshifter)
  2 golden eyes (shapeshifter)
  3 basilisks (shapeshifter)
  212 large abominations
  13 steam dragons
  7 vampire mosquitoes
  64 neqoxecs
  70 redbacks
  102 chaos spawn
  5 harpy simulacra
  4 spatial vortices
  6 redbacks (shapeshifter)
  6 death yak simulacra (IceCv)
  A two-headed ogre zombie (D:11)
  31 nagas
  7 swamp worms (shapeshifter)
  20 acid dragons
  83 wargs
  A human zombie (Zig:11)
  An acid dragon (shapeshifter) (Zig:21)
  3 floating eyes (shapeshifter)
  28 hell hounds
  4 human skeletons
  3 water moccasins (shapeshifter)
  52 water moccasins
  24 floating eyes
  3 black bears
  A sky beast (D:5)
  32 swamp drakes
  43 ice beasts
  A hornet zombie (D:7)
  387 orc warriors
  An ettin simulacrum (Hell)
  2 snapping turtle zombies
  A black bear (shapeshifter) (Zig:24)
  174 ogres
  A necrophage (D:3)
  A tengu (shapeshifter) (Zig:26)
  30 centaurs
  7 boggarts
  81 small abominations
  25 wolves
  A dream sheep skeleton (Crypt:2)
  2 lemures (D:5)
  A rime drake skeleton (Crypt:2)
  14 bullfrogs
  8 glowing shapeshifter simulacra
  2 gnoll sergeants
  63 earth elementals
  A wyvern zombie (D:8)
  3 cane toad simulacra (IceCv)
  2 scorpions
  A scorpion (shapeshifter) (Zig:19)
  2 water moccasin zombies (D:6)
  A komodo dragon skeleton (Crypt:1)
  A two-headed ogre simulacrum (IceCv)
  A hornet simulacrum (D:14)
  A palentonga skeleton (Crypt:1)
  15 killer bees
  2 elephant simulacra (IceCv)
  A troll zombie (D:11)
  A killer bee (shapeshifter) (Depths:3)
  2 howler monkeys
  A troll skeleton (Crypt:1)
  8 wights
  6 electric eels
  4 crimson imps (Zig:24)
  5 centaur zombies
  5 jellies
  4 hounds
  2 quasits
  2 bullfrog skeletons (D:4)
  60 orc priests
  A gnoll shaman (Zig:22)
  An iron imp (Abyss:2)
  Ijyb (D:5)
  A scorpion zombie (D:5)
  5 iguanas
  62 orc wizards
  3 hell rats
  11 lightning spires
  4 polar bear simulacra (IceCv)
  11 spriggan simulacra
  5 wolf simulacra (IceCv)
  2 troll simulacra (IceCv)
  6 ogre zombies (D:11)
  A dwarf skeleton (Crypt:2)
  2 hound skeletons
  Robin (D:3)
  2 howler monkey zombies
  431 mummies
  10 gnolls
  7 adders
  A river rat (D:3)
  A shadow imp (D:6)
  2 white imps
  5 ufetubi
  2 adder zombies (D:3)
  A lava snake skeleton (Crypt:3)
  4 worms
  A barachi skeleton (Crypt:1)
  2 barachi zombies
  2 dart slugs
  116 orcs
  7 ball pythons
  5 endoplasms
  3 giant cockroaches
  8 hobgoblins
  4 jackals (D:1)
  6 kobolds
  2 quokkas (D:1)
  4 ball python zombies (D:3)
  3 bats
  4 frilled lizards
  3 giant cockroach zombies
  13 goblins
  3 goblin skeletons (D:11)
  A goblin zombie (D:11)
  A hobgoblin skeleton (D:11)
  A hobgoblin zombie (D:11)
  A kobold zombie (Crypt:2)
  2 orc skeletons (D:11)
  17 orc zombies (D:11)
  A quokka zombie (Crypt:2)
  A rat (shapeshifter) (Zig:19)
  11 rats
  17 ball lightnings
  14 briar patches (Zig:16)
  A creeping inferno (Hell)
  810 fire vortices
  A lurking horror (Abyss:5)
  22 starspawn tentacles
  4 tentacles
22557 creatures vanquished.

Vanquished Creatures (collateral kills)
  A dread lich (Zig:3)
  A shard shrike (Zig:4)
  A golden dragon (Zig:16)
  2 pearl dragons (Zig:21)
  A Tzitzimitl (Zig:13)
  A bone dragon (Zig:11)
  2 hellephants
  A Brimstone Fiend (Pan)
  A lich (Zig:23)
  2 Hell Sentinels (Pan)
  A titan (Zig:27)
  An acid blob (Zig:19)
  A pandemonium lord (Zig:25)
  A storm dragon (shapeshifter) (Zig:10)
  A tentacled starspawn (Zig:23)
  Donald (Orc:1)
  A shadow dragon (Zig:10)
  2 daevas
  2 draconian knights
  A rockslime (Zig:5)
  A demonspawn warmonger (Zig:16)
  3 frost giants
  An emperor scorpion (Zig:8)
  2 cacodemons
  A curse skull (Zig:15)
  A demonspawn corrupter (Zig:16)
  4 very ugly things
  A stone giant (Vaults:5)
  2 ophanim
  An apis (Zig:21)
  A black draconian (Depths:4)
  A dire elephant (Zig:24)
  An eidolon (Zig:7)
  3 blizzard demons
  A green death (Zig:25)
  An ettin (Vaults:2)
  An ice dragon (Zig:20)
  A great orb of eyes (Zig:19)
  A caustic shrike simulacrum (Zig:24)
  A hydra (Zig:17)
  A catoblepas (Zig:24)
  A radroach (Zig:20)
  A death scarab (Zig:8)
  A wretched star (Zig:25)
  2 sun demons (Pan)
  A cherub (Zig:21)
  An orb spider (Zig:20)
  A quicksilver dragon simulacrum (Zig:13)
  A spatial maelstrom (Zig:24)
  A steelbarb worm (Zig:11)
  A spriggan simulacrum (Zig:21)
  2 ugly things
  A frost giant skeleton (Zig:3)
  A black mamba (Lair:2)
  An iron dragon skeleton (Zig:8)
  An apocalypse crab (Zig:25)
  An eye of devastation (Zig:19)
  2 torpor snails
  A komodo dragon (Zig:24)
  An unseen horror (Zig:23)
  A queen bee (shapeshifter) (Zig:25)
  A hornet (Zig:25)
  2 slime creatures
  2 dream sheep (Lair:2)
  A spriggan (Zig:25)
  A water elemental (Zig:5)
  2 chaos spawn
  2 large abominations
  A floating eye (Zig:6)
  A water moccasin (Lair:2)
  An ice beast (Zig:20)
  A small abomination (Zig:24)
  A bullfrog (Lair:2)
  2 starcursed masses
  4 mummies
  A starspawn tentacle (Zig:25)
101 creatures vanquished.

Vanquished Creatures (others)
  A dread lich (Vaults:5)
  10 pandemonium lords
  5 Killer Klowns
  5 golden dragons
  A Tzitzimitl (Zig:27)
  3 tentacled monstrosities
  A lich (Abyss:5)
  A deep elf blademaster (Zig:16)
  5 eldritch tentacles
  An Executioner (Zig:24)
  A shadow dragon (shapeshifter) (Zig:19)
  A fire giant (Zig:24)
  A ghost moth (Zot:4)
  2 cacodemons
  2 demonspawn blood saints (Pan)
  A reaper (Zig:13)
  A very ugly thing (Zig:20)
  A war gargoyle (Vaults:5)
  A stone giant (Depths:1)
  A quicksilver ooze (shapeshifter) (Zig:25)
  A demonspawn black sun (Zig:10)
  A dire elephant (shapeshifter) (Zig:8)
  A lorocyproca (Zig:13)
  2 eidola
  An ettin (Vaults:5)
  A bunyip (Zig:12)
  2 fire dragons (Zig:24)
  2 green deaths
  A deep elf high priest (Zig:19)
  A hydra (Zig:26)
  A juggernaut simulacrum (Zig:20)
  2 alligators (Zig:12)
  2 merfolk aquamancers (Shoals:2)
  A dancing weapon (Zig:18)
  A sun demon (Pan)
  A wretched star (Abyss:5)
  A sixfirhy (Zig:13)
  A deep elf knight (Elf:2)
  2 pharaoh ants
  A goliath frog (Zig:12)
  An orb spider (Zig:20)
  A deep troll (Depths:1)
  2 death drakes
  2 swamp dragons
  A spriggan druid (Zig:22)
  A harpy (Shoals:4)
  2 bog bodies
  A lindwurm (shapeshifter) (Zig:26)
  A necromancer (Abyss:4)
  A deep elf pyromancer (Elf:1)
  A wolf spider (Spider:2)
  3 ugly things
  A manticore (Shoals:4)
  5 apocalypse crabs
  A naga mage (Zig:22)
  A smoke demon (Pan)
  A storm dragon simulacrum (Zig:21)
  A rime drake (Zig:24)
  4 hellwings
  3 hornets (Zig:18)
  An air elemental (Zig:18)
  3 water elementals
  2 ynoxinuls
  A wyvern (Zig:16)
  6 chaos spawn
  2 small abominations
  3 large abominations
  A warg (shapeshifter) (Depths:3)
  A floating eye (shapeshifter) (Zig:14)
  11 ball lightnings
  37 bushes (Depths:4)
  1838 fire vortices
  28 foxfires
  16 fungi
  2 lurking horrors
  A pillar of salt (Desolation)
  193 plants
  63 starspawn tentacles
  23 tentacles
2337 creatures vanquished.

Grand Total: 24995 creatures vanquished

Table legend: (Time is in decaauts)
 A = Elapsed time spent in this place.
 B = Non-inter-level travel time spent in this place.
 C = Inter-level travel time spent in this place.
 D = Time resting spent in this place.
 E = Time spent auto-exploring this place.
 F = Levels seen in this place.
 G = Mean time per level.
                   A        B        C        D        E       F      G
               +--------+--------+--------+--------+--------+-----+--------+
         Total | 156054 | 146663 |   9391 |  29147 |  63828 | 297 |  525.4 |
       Dungeon |  26568 |  23154 |   3414 |   5812 |  12262 |  15 | 1771.2 |
          Lair |   8695 |   7222 |   1473 |   1471 |   4445 |   6 | 1449.2 |
        Shoals |   7321 |   7017 |    304 |   1067 |   4173 |   4 | 1830.2 |
   Spider Nest |   5938 |   5534 |    404 |    835 |   2797 |   4 | 1484.5 |
    Slime Pits |   4589 |   4339 |    250 |    977 |   2229 |   5 |  917.8 |
  Orcish Mines |   3022 |   2809 |    213 |    715 |   1239 |   2 | 1511.0 |
   Elven Halls |   6693 |   6312 |    381 |    685 |   4163 |   3 | 2231.0 |
        Vaults |  12137 |  10688 |   1449 |    842 |   6436 |   5 | 2427.4 |
         Crypt |   6823 |   6421 |    402 |    308 |   4702 |   3 | 2274.3 |
        Depths |   8801 |   8072 |    729 |   1426 |   4834 |   4 | 2200.2 |
          Hell |   1503 |   1486 |     17 |     55 |    847 |   1 | 1503.0 |
           Zot |   8451 |   8099 |    352 |   1273 |   5111 |   5 | 1690.2 |
         Abyss |   3544 |   3544 |      0 |     64 |     96 |   6 |  590.7 |
   Pandemonium |  10664 |  10664 |      0 |   1171 |   4687 |   7 | 1523.4 |
      Ziggurat |  37416 |  37416 |      0 |  11692 |   4461 | 224 |  167.0 |
      Ice Cave |   1734 |   1734 |      0 |    334 |    762 |   1 | 1734.0 |
    Desolation |   1500 |   1500 |      0 |    179 |    572 |   1 | 1500.0 |
      Gauntlet |    646 |    646 |      0 |    238 |      8 |   1 |  646.0 |
               +--------+--------+--------+--------+--------+-----+--------+

Top non-repeatable levels by time:
Vaults:5: 3042 daAuts
     D:6: 2914 daAuts
  Zig:25: 2805 daAuts
 Crypt:2: 2756 daAuts
Depths:4: 2700 daAuts
   Zot:5: 2658 daAuts
     D:5: 2624 daAuts
    D:13: 2597 daAuts
 Crypt:3: 2538 daAuts
Vaults:3: 2530 daAuts
     D:3: 2418 daAuts
Vaults:4: 2398 daAuts
   Elf:1: 2365 daAuts
   Elf:3: 2344 daAuts
Vaults:1: 2291 daAuts

Table legend:
 A = Non-vault XP
 B = Vault XP
 C = Vault XP percentage of total XP
 D = Non-vault monster count
 E = Vault monster count
 F = Vault count percentage of total count
                 A         B        C        D         E       F
            +---------+---------+-------+---------+---------+-------
      Total | 8137432 |  866632 |   9.6 |   20559 |    1286 |   5.9
            +---------+---------+-------+---------+---------+-------
        D:1 |      62 |       0 |   0.0 |      29 |       0 |   0.0
        D:2 |      55 |       0 |   0.0 |      15 |       0 |   0.0
        D:3 |     260 |      94 |  26.6 |      18 |      27 |  60.0
        D:4 |     699 |       0 |   0.0 |      15 |       0 |   0.0
        D:5 |     579 |    1157 |  66.6 |      14 |       7 |  33.3
        D:6 |    1353 |      81 |   5.6 |      25 |       1 |   3.8
        D:7 |    1861 |       0 |   0.0 |      28 |       0 |   0.0
        D:8 |    1770 |     649 |  26.8 |      21 |       9 |  30.0
        D:9 |    1951 |       0 |   0.0 |      18 |       0 |   0.0
       D:10 |    5099 |    3303 |  39.3 |      21 |      12 |  36.4
       D:11 |    4767 |    2964 |  38.3 |      14 |      43 |  75.4
       D:12 |    7852 |    2620 |  25.0 |      27 |       2 |   6.9
       D:13 |   10112 |    4856 |  32.4 |      19 |      18 |  48.6
       D:14 |    5765 |       0 |   0.0 |      23 |       0 |   0.0
       D:15 |    9624 |    4489 |  31.8 |      21 |       6 |  22.2
     Lair:1 |     791 |     779 |  49.6 |       5 |       1 |  16.7
     Lair:2 |    5963 |       0 |   0.0 |      27 |       0 |   0.0
     Lair:3 |    6043 |    2365 |  28.1 |      31 |      13 |  29.5
     Lair:4 |    1826 |       0 |   0.0 |      13 |       0 |   0.0
     Lair:5 |    3986 |       0 |   0.0 |      16 |       0 |   0.0
     Lair:6 |    3639 |    9618 |  72.6 |      13 |      25 |  65.8
   Shoals:1 |   20413 |       0 |   0.0 |      41 |       0 |   0.0
   Shoals:2 |   29207 |    4328 |  12.9 |      66 |       7 |   9.6
   Shoals:3 |    7587 |    5541 |  42.2 |      19 |       6 |  24.0
   Shoals:4 |   11402 |   16189 |  58.7 |      23 |      27 |  54.0
   Spider:1 |    9525 |   12490 |  56.7 |      28 |      19 |  40.4
   Spider:2 |   14085 |    3339 |  19.2 |      40 |       2 |   4.8
   Spider:3 |   14208 |       0 |   0.0 |      32 |       0 |   0.0
   Spider:4 |   16491 |   25889 |  61.1 |      45 |      36 |  44.4
    Slime:1 |    8787 |       0 |   0.0 |      22 |       0 |   0.0
    Slime:2 |    7766 |       0 |   0.0 |      12 |       0 |   0.0
    Slime:3 |   14163 |       0 |   0.0 |      24 |       0 |   0.0
    Slime:4 |   21640 |       0 |   0.0 |      45 |       0 |   0.0
    Slime:5 |   13854 |   24201 |  63.6 |      17 |      18 |  51.4
      Orc:1 |    2384 |    6502 |  73.2 |      29 |      24 |  45.3
      Orc:2 |    4555 |    8037 |  63.8 |      34 |      57 |  62.6
      Elf:1 |   14731 |   14483 |  49.6 |      31 |      27 |  46.6
      Elf:2 |   11124 |   22637 |  67.1 |      23 |      29 |  55.8
      Elf:3 |    8259 |   24489 |  74.8 |      16 |      21 |  56.8
   Vaults:1 |   21677 |   18930 |  46.6 |      35 |      25 |  41.7
   Vaults:2 |   17110 |   21052 |  55.2 |      25 |      28 |  52.8
   Vaults:3 |   27642 |   40392 |  59.4 |      37 |      62 |  62.6
   Vaults:4 |   19166 |   24063 |  55.7 |      31 |      29 |  48.3
   Vaults:5 |   27397 |  124169 |  81.9 |      41 |      99 |  70.7
    Crypt:1 |   22976 |    1762 |   7.1 |      46 |       3 |   6.1
    Crypt:2 |   26001 |     331 |   1.3 |      39 |       1 |   2.5
    Crypt:3 |   27051 |   43009 |  61.4 |      36 |      69 |  65.7
   Depths:1 |   28531 |       0 |   0.0 |      38 |       0 |   0.0
   Depths:2 |   25242 |   32278 |  56.1 |      33 |      23 |  41.1
   Depths:3 |   22895 |   31908 |  58.2 |      15 |      41 |  73.2
   Depths:4 |   37095 |   26901 |  42.0 |      37 |      23 |  38.3
       Hell |   37115 |   26316 |  41.5 |      55 |      31 |  36.0
      Zot:1 |   24883 |       0 |   0.0 |      20 |       0 |   0.0
      Zot:2 |   49267 |       0 |   0.0 |      38 |       0 |   0.0
      Zot:3 |   40652 |       0 |   0.0 |      32 |       0 |   0.0
      Zot:4 |   24325 |    1713 |   6.6 |      20 |       1 |   4.8
      Zot:5 |   18937 |   91365 |  82.8 |      12 |      39 |  76.5
    Abyss:1 |       0 |       0 |   N/A |      28 |       0 |   0.0
    Abyss:2 |       0 |       0 |   N/A |      46 |       0 |   0.0
    Abyss:4 |       0 |       0 |   N/A |      72 |       0 |   0.0
    Abyss:5 |       0 |       0 |   N/A |     106 |      31 |  22.6
        Pan |  223162 |   88339 |  28.4 |     345 |      86 |  20.0
      Zig:1 |   13294 |       0 |   0.0 |      51 |       4 |   7.3
      Zig:2 |   30584 |       0 |   0.0 |      99 |       0 |   0.0
      Zig:3 |   41728 |       0 |   0.0 |     146 |       0 |   0.0
      Zig:4 |   56980 |    2241 |   3.8 |     195 |       8 |   3.9
      Zig:5 |   67507 |       0 |   0.0 |     252 |       0 |   0.0
      Zig:6 |   94162 |       0 |   0.0 |     278 |       4 |   1.4
      Zig:7 |  126358 |    2315 |   1.8 |     313 |       4 |   1.3
      Zig:8 |  124634 |    2657 |   2.1 |     372 |       4 |   1.1
      Zig:9 |  174374 |       0 |   0.0 |     357 |       0 |   0.0
     Zig:10 |  171403 |       0 |   0.0 |     369 |       0 |   0.0
     Zig:11 |  179639 |       0 |   0.0 |     495 |       0 |   0.0
     Zig:12 |  190737 |       0 |   0.0 |     600 |       0 |   0.0
     Zig:13 |  243192 |       0 |   0.0 |     499 |       0 |   0.0
     Zig:14 |  301248 |    4363 |   1.4 |     605 |       8 |   1.3
     Zig:15 |  290707 |    4082 |   1.4 |     732 |       4 |   0.5
     Zig:16 |  287729 |       0 |   0.0 |     725 |       0 |   0.0
     Zig:17 |  355589 |   10751 |   2.9 |     796 |      16 |   2.0
     Zig:18 |  338354 |       0 |   0.0 |     893 |       8 |   0.9
     Zig:19 |  366135 |       0 |   0.0 |     912 |       4 |   0.4
     Zig:20 |  389797 |    4967 |   1.3 |     940 |       8 |   0.8
     Zig:21 |  442907 |    2398 |   0.5 |     909 |       4 |   0.4
     Zig:22 |  460376 |       0 |   0.0 |    1047 |       4 |   0.4
     Zig:23 |  592917 |       0 |   0.0 |    1544 |       0 |   0.0
     Zig:24 |  381734 |       0 |   0.0 |    1342 |       4 |   0.3
     Zig:25 |  448161 |       0 |   0.0 |    1212 |       4 |   0.3
     Zig:26 |  445999 |    3175 |   0.7 |    1277 |      12 |   0.9
     Zig:27 |  495825 |       0 |   0.0 |    1452 |       7 |   0.5
      IceCv |       0 |   10359 | 100.0 |       0 |      51 | 100.0
 Desolation |       0 |   42091 | 100.0 |       0 |      87 | 100.0
   Gauntlet |       0 |    3605 | 100.0 |       0 |      13 | 100.0
            +---------+---------+-------+---------+---------+-------
